Workbook

Sheet Смета 12 гр. по ФЕР
A1: =Source!B1 -> Smeta.RU (495) 974-1589 | H1: ПРИЛОЖЕНИЕ 1 к ФОРМЕ 6
B11: СМЕТА
B12: =IF(Source!G20<>"Новая локальная смета", Source!G20, "")
B14: =IF(Source!G12<>"Новый объект", Source!G12, "") -> Монтаж комплекса систем пожарной безопасности согласно рабочей документации № 001/05-2018-ПС в здании общежития Димитровградского инженерно-технологического института - филиала НИЯУ МИФИ (ДИТИ НИЯУ МИФИ) по адресу: Ульяновская обл., г. Димитровград, ул. Куйбышева, д. 302
G17: базовая цена | I17: текущая цена
C18: Сметная стоимость | G18: =SUM(O29:O217)/1000 -> 202.50379 | I18: =(Source!F109/1000) -> 1581.8785 | K18: тыс. руб.
C19: Строительные работы | G19: =SUM(W29:W217)/1000 -> 0 | I19: =(Source!F96)/1000 -> 0 | K19: тыс. руб.
C20: Монтажные работы | G20: =SUM(X29:X217)/1000 -> 202.50379 | I20: =(Source!F97)/1000 -> 1340.575 | K20: тыс. руб.
C21: Оборудование | G21: =SUM(Y29:Y217)/1000 -> 0 | I21: =(Source!F88)/1000 -> 0 | K21: тыс. руб.
C22: Прочие работы | G22: =SUM(Z29:Z217)/1000 -> 0 | I22: =(Source!F98+Source!F99)/1000 -> 0 | K22: тыс. руб.
C23: Нормативная трудоемкость | G23: =I23 -> 2121.1714 | I23: =(Source!F101+Source!F102) -> 2121.1714 | K23: чел. -ч.
C24: Средства на оплату труда | G24: =SUM(R29:R217)/1000 -> 21.8246 | I24: =(Source!F94+ Source!F93)/1000 -> 144.47884 | K24: тыс. руб.
A26: Составлена в ценах I квартал 2018 года
A27: № п/п | B27: Шифр расценки и коды ресурсов | C27: Наименование работ и затрат | D27: Ед. изм. | E27: Кол-во единиц | F27: Цена на ед. изм. | G27: Попра-вочные коэфф. | H27: Стоимость в ценах 2001г. | I27: Пункт коэфф. пересчета | J27: Коэфф. пересчета | K27: Стоимость в текущих ценах | L27: ЗТР всего чел.-час
A28: 1 | B28: 2 | C28: 3 | D28: 4 | E28: 5 | F28: 6 | G28: 7 | H28: 8 | I28: 9 | J28: 10 | K28: 11 | L28: 12
A29: =Source!E24 -> 1 | B29: =Source!F24 -> м10-04-077-15 | C29: =Source!G24 -> Пульт служебной связи и контроля | D29: =Source!H24 -> ШТ | E29: =Source!I24 -> 1 | F29: =Source!AL24+Source!AM24+Source!AO24 -> 1170.69 | I29: =Source!BO24 | S29: =ROUND((Source!FX24/100)*((ROUND(Source!AF24*Source!I24, 2)+ROUND(Source!AE24*Source!I24, 2))), 2) -> 690.15 | T29: =Source!X24 -> 4568.78 | U29: =ROUND((Source!FY24/100)*((ROUND(Source!AF24*Source!I24, 2)+ROUND(Source!AE24*Source!I24, 2))), 2) -> 487.6 | V29: =Source!Y24 -> 3227.94
C30: Зарплата | F30: =Source!AO24 -> 712.84 | G30: =Source!DG24 | H30: =ROUND(Source!AF24*Source!I24, 2) -> 712.84 | J30: =IF(Source!BA24<> 0, Source!BA24, 1) -> 6.62 | K30: =Source!S24 -> 4719 | R30: =H30 -> 712.84
C31: Эксплуатация машин | F31: =Source!AM24 -> 333.86 | G31: =Source!DE24 | H31: =ROUND(Source!AD24*Source!I24, 2) -> 333.86 | J31: =IF(Source!BB24<> 0, Source!BB24, 1) -> 6.62 | K31: =Source!Q24 -> 2210.15
C32: в т.ч. зарплата машинистов | F32: =Source!AN24 -> 37.32 | G32: =Source!DF24 | H32: =ROUND(Source!AE24*Source!I24, 2) -> 37.32 | J32: =IF(Source!BS24<> 0, Source!BS24, 1) -> 6.62 | K32: =Source!R24 -> 247.06 | R32: =H32 -> 37.32
C33: Материальные ресурсы | F33: =Source!AL24 -> 123.99 | G33: =Source!DD24 | H33: =ROUND(Source!AC24*Source!I24, 2) -> 123.99 | J33: =IF(Source!BC24<> 0, Source!BC24, 1) -> 6.62 | K33: =Source!P24 -> 820.81
C34: НР от ФОТ | D34: % | E34: =Source!BZ24 -> 92 | H34: =SUM(S29:S37) -> 690.15 | J34: =Source!AT24 -> 92 | K34: =SUM(T29:T37) -> 4568.78
C35: СП от ФОТ | D35: % | E35: =Source!CA24 -> 65 | H35: =SUM(U29:U37) -> 487.6 | J35: =Source!AU24 -> 65 | K35: =SUM(V29:V37) -> 3227.94
C36: Затраты труда | D36: чел-ч | E36: =Source!AQ24 -> 74.1 | G36: =Source!DI24 | L36: =Source!U24 -> 74.1
A37: =Source!E25 -> 1,1 | B37: =Source!F25 -> 61.2.04.10-0004 | C37: =Source!G25 -> Пульт контроля и управления охранно-пожарный, марка "С2000- М" | D37: =Source!H25 -> шт. | E37: =Source!I25 -> 1 | F37: =Source!AL25+Source!AM25+Source!AO25 -> 627.51 | H37: =ROUND(Source!AC25*Source!I25, 2)+ROUND(Source!AD25*Source!I25, 2)+ROUND(Source!AF25*Source!I25, 2) -> 627.51 | J37: =IF(Source!BC25<> 0, Source!BC25, 1) -> 6.62 | K37: =Source!O25 -> 4154.12 | S37: =ROUND((Source!FX25/100)*((ROUND(Source!AF25*Source!I25, 2)+ROUND(Source!AE25*Source!I25, 2))), 2) -> 0 | T37: =Source!X25 -> 0 | U37: =ROUND((Source!FY25/100)*((ROUND(Source!AF25*Source!I25, 2)+ROUND(Source!AE25*Source!I25, 2))), 2) -> 0 | V37: =Source!Y25 -> 0 | W37: =IF(Source!BI25<=1,H37, 0) -> 0 | X37: =IF(Source!BI25=2,H37, 0) -> 627.51 | Y37: =IF(Source!BI25=3,H37, 0) -> 0 | Z37: =IF(Source!BI25=4,H37, 0) -> 0
G38: =H30+H31+H33+H34+H35+SUM(H37:H37) -> 2975.95 | J38: =K30+K31+K33+K34+K35+SUM(K37:K37) -> 19700.8 | L38: =Source!U24 -> 74.1 | O38: =G38 -> 2975.95 | P38: =J38 -> 19700.8 | Q38: =L38 -> 74.1 | W38: =IF(Source!BI24<=1,H30+H31+H33+H34+H35, 0) -> 0 | X38: =IF(Source!BI24=2,H30+H31+H33+H34+H35, 0) -> 2348.44 | Y38: =IF(Source!BI24=3,H30+H31+H33+H34+H35, 0) -> 0 | Z38: =IF(Source!BI24=4,H30+H31+H33+H34+H35, 0) -> 0
A39: =Source!E26 -> 2 | B39: =Source!F26 -> м10-04-066-01прим. | C39: =Source!G26 -> Блок коммутации телевизионных камерных кабелей на количество разъемов 3 (Блок защитный коммутационный) | D39: =Source!H26 -> ШТ | E39: =Source!I26 -> 1 | F39: =Source!AL26+Source!AM26+Source!AO26 -> 334.72 | I39: =Source!BO26 | S39: =ROUND((Source!FX26/100)*((ROUND(Source!AF26*Source!I26, 2)+ROUND(Source!AE26*Source!I26, 2))), 2) -> 152.35 | T39: =Source!X26 -> 1008.57 | U39: =ROUND((Source!FY26/100)*((ROUND(Source!AF26*Source!I26, 2)+ROUND(Source!AE26*Source!I26, 2))), 2) -> 107.64 | V39: =Source!Y26 -> 712.58
C40: Зарплата | F40: =Source!AO26 -> 165.6 | G40: =Source!DG26 | H40: =ROUND(Source!AF26*Source!I26, 2) -> 165.6 | J40: =IF(Source!BA26<> 0, Source!BA26, 1) -> 6.62 | K40: =Source!S26 -> 1096.27 | R40: =H40 -> 165.6
C41: Материальные ресурсы | F41: =Source!AL26 -> 169.12 | G41: =Source!DD26 | H41: =ROUND(Source!AC26*Source!I26, 2) -> 169.12 | J41: =IF(Source!BC26<> 0, Source!BC26, 1) -> 6.62 | K41: =Source!P26 -> 1119.57
C42: НР от ФОТ | D42: % | E42: =Source!BZ26 -> 92 | H42: =SUM(S39:S45) -> 152.35 | J42: =Source!AT26 -> 92 | K42: =SUM(T39:T45) -> 1008.57
C43: СП от ФОТ | D43: % | E43: =Source!CA26 -> 65 | H43: =SUM(U39:U45) -> 107.64 | J43: =Source!AU26 -> 65 | K43: =SUM(V39:V45) -> 712.58
C44: Затраты труда | D44: чел-ч | E44: =Source!AQ26 -> 16 | G44: =Source!DI26 | L44: =Source!U26 -> 16
A45: =Source!E27 -> 2,1 | B45: =Source!F27 -> 61.2.07.11-0181 | C45: =Source!G27 -> Блок защитный коммутационный (БЗК исп.02) прим. | D45: =Source!H27 -> 10 шт. | E45: =Source!I27 -> 0.1 | F45: =Source!AL27+Source!AM27+Source!AO27 -> 1329.1 | H45: =ROUND(Source!AC27*Source!I27, 2)+ROUND(Source!AD27*Source!I27, 2)+ROUND(Source!AF27*Source!I27, 2) -> 132.91 | J45: =IF(Source!BC27<> 0, Source!BC27, 1) -> 6.62 | K45: =Source!O27 -> 879.86 | S45: =ROUND((Source!FX27/100)*((ROUND(Source!AF27*Source!I27, 2)+ROUND(Source!AE27*Source!I27, 2))), 2) -> 0 | T45: =Source!X27 -> 0 | U45: =ROUND((Source!FY27/100)*((ROUND(Source!AF27*Source!I27, 2)+ROUND(Source!AE27*Source!I27, 2))), 2) -> 0 | V45: =Source!Y27 -> 0 | W45: =IF(Source!BI27<=1,H45, 0) -> 0 | X45: =IF(Source!BI27=2,H45, 0) -> 132.91 | Y45: =IF(Source!BI27=3,H45, 0) -> 0 | Z45: =IF(Source!BI27=4,H45, 0) -> 0
G46: =H40+H41+H42+H43+SUM(H45:H45) -> 727.62 | J46: =K40+K41+K42+K43+SUM(K45:K45) -> 4816.85 | L46: =Source!U26 -> 16 | O46: =G46 -> 727.62 | P46: =J46 -> 4816.85 | Q46: =L46 -> 16 | W46: =IF(Source!BI26<=1,H40+H41+H42+H43, 0) -> 0 | X46: =IF(Source!BI26=2,H40+H41+H42+H43, 0) -> 594.71 | Y46: =IF(Source!BI26=3,H40+H41+H42+H43, 0) -> 0 | Z46: =IF(Source!BI26=4,H40+H41+H42+H43, 0) -> 0
A47: =Source!E28 -> 3 | B47: =Source!F28 -> м10-08-001-02 | C47: =Source!G28 -> Приборы ПС приемно-контрольные, пусковые, концентратор блок базовый на 20 лучей | D47: =Source!H28 -> ШТ | E47: =Source!I28 -> 4 | F47: =Source!AL28+Source!AM28+Source!AO28 -> 130.23 | I47: =Source!BO28 | S47: =ROUND((Source!FX28/100)*((ROUND(Source!AF28*Source!I28, 2)+ROUND(Source!AE28*Source!I28, 2))), 2) -> 376.64 | T47: =Source!X28 -> 2493.36 | U47: =ROUND((Source!FY28/100)*((ROUND(Source!AF28*Source!I28, 2)+ROUND(Source!AE28*Source!I28, 2))), 2) -> 282.48 | V47: =Source!Y28 -> 1870.02
C48: Зарплата | F48: =Source!AO28 -> 117.7 | G48: =Source!DG28 | H48: =ROUND(Source!AF28*Source!I28, 2) -> 470.8 | J48: =IF(Source!BA28<> 0, Source!BA28, 1) -> 6.62 | K48: =Source!S28 -> 3116.7 | R48: =H48 -> 470.8
C49: Материальные ресурсы | F49: =Source!AL28 -> 12.53 | G49: =Source!DD28 | H49: =ROUND(Source!AC28*Source!I28, 2) -> 50.12 | J49: =IF(Source!BC28<> 0, Source!BC28, 1) -> 6.62 | K49: =Source!P28 -> 331.79
C50: НР от ФОТ | D50: % | E50: =Source!BZ28 -> 80 | H50: =SUM(S47:S53) -> 376.64 | J50: =Source!AT28 -> 80 | K50: =SUM(T47:T53) -> 2493.36
C51: СП от ФОТ | D51: % | E51: =Source!CA28 -> 60 | H51: =SUM(U47:U53) -> 282.48 | J51: =Source!AU28 -> 60 | K51: =SUM(V47:V53) -> 1870.02
C52: Затраты труда | D52: чел-ч | E52: =Source!AQ28 -> 11.7 | G52: =Source!DI28 | L52: =Source!U28 -> 46.8
A53: =Source!E29 -> 3,1 | B53: =Source!F29 -> 61.2.07.04-0002 | C53: =Source!G29 -> Контроллер двухпроводной линии связи, марка "С2000-КДЛ" | D53: =Source!H29 -> шт. | E53: =Source!I29 -> 4 | F53: =Source!AL29+Source!AM29+Source!AO29 -> 175.63 | H53: =ROUND(Source!AC29*Source!I29, 2)+ROUND(Source!AD29*Source!I29, 2)+ROUND(Source!AF29*Source!I29, 2) -> 702.52 | J53: =IF(Source!BC29<> 0, Source!BC29, 1) -> 6.62 | K53: =Source!O29 -> 4650.68 | S53: =ROUND((Source!FX29/100)*((ROUND(Source!AF29*Source!I29, 2)+ROUND(Source!AE29*Source!I29, 2))), 2) -> 0 | T53: =Source!X29 -> 0 | U53: =ROUND((Source!FY29/100)*((ROUND(Source!AF29*Source!I29, 2)+ROUND(Source!AE29*Source!I29, 2))), 2) -> 0 | V53: =Source!Y29 -> 0 | W53: =IF(Source!BI29<=1,H53, 0) -> 0 | X53: =IF(Source!BI29=2,H53, 0) -> 702.52 | Y53: =IF(Source!BI29=3,H53, 0) -> 0 | Z53: =IF(Source!BI29=4,H53, 0) -> 0
G54: =H48+H49+H50+H51+SUM(H53:H53) -> 1882.56 | J54: =K48+K49+K50+K51+SUM(K53:K53) -> 12462.55 | L54: =Source!U28 -> 46.8 | O54: =G54 -> 1882.56 | P54: =J54 -> 12462.55 | Q54: =L54 -> 46.8 | W54: =IF(Source!BI28<=1,H48+H49+H50+H51, 0) -> 0 | X54: =IF(Source!BI28=2,H48+H49+H50+H51, 0) -> 1180.04 | Y54: =IF(Source!BI28=3,H48+H49+H50+H51, 0) -> 0 | Z54: =IF(Source!BI28=4,H48+H49+H50+H51, 0) -> 0
A55: =Source!E30 -> 4 | B55: =Source!F30 -> м10-01-003-06 | C55: =Source!G30 -> Блок релейный | D55: =Source!H30 -> 10 ШТ | E55: =Source!I30 -> 0.2 | F55: =Source!AL30+Source!AM30+Source!AO30 -> 23.61 | I55: =Source!BO30 | S55: =ROUND((Source!FX30/100)*((ROUND(Source!AF30*Source!I30, 2)+ROUND(Source!AE30*Source!I30, 2))), 2) -> 2.82 | T55: =Source!X30 -> 18.72 | U55: =ROUND((Source!FY30/100)*((ROUND(Source!AF30*Source!I30, 2)+ROUND(Source!AE30*Source!I30, 2))), 2) -> 2.12 | V55: =Source!Y30 -> 14.04
C56: ="Объем: "&Source!I30&"=2/"&"10" -> Объем: 0,2=2/10
C57: Зарплата | F57: =Source!AO30 -> 16.97 | G57: =Source!DG30 | H57: =ROUND(Source!AF30*Source!I30, 2) -> 3.39 | J57: =IF(Source!BA30<> 0, Source!BA30, 1) -> 6.62 | K57: =Source!S30 -> 22.47 | R57: =H57 -> 3.39
C58: Эксплуатация машин | F58: =Source!AM30 -> 6.3 | G58: =Source!DE30 | H58: =ROUND(Source!AD30*Source!I30, 2) -> 1.26 | J58: =IF(Source!BB30<> 0, Source!BB30, 1) -> 6.62 | K58: =Source!Q30 -> 8.34
C59: в т.ч. зарплата машинистов | F59: =Source!AN30 -> 0.7 | G59: =Source!DF30 | H59: =ROUND(Source!AE30*Source!I30, 2) -> 0.14 | J59: =IF(Source!BS30<> 0, Source!BS30, 1) -> 6.62 | K59: =Source!R30 -> 0.93 | R59: =H59 -> 0.14
C60: Материальные ресурсы | F60: =Source!AL30 -> 0.34 | G60: =Source!DD30 | H60: =ROUND(Source!AC30*Source!I30, 2) -> 0.07 | J60: =IF(Source!BC30<> 0, Source!BC30, 1) -> 6.62 | K60: =Source!P30 -> 0.45
C61: НР от ФОТ | D61: % | E61: =Source!BZ30 -> 80 | H61: =SUM(S55:S65) -> 2.82 | J61: =Source!AT30 -> 80 | K61: =SUM(T55:T65) -> 18.72
C62: СП от ФОТ | D62: % | E62: =Source!CA30 -> 60 | H62: =SUM(U55:U65) -> 2.12 | J62: =Source!AU30 -> 60 | K62: =SUM(V55:V65) -> 14.04
C63: Затраты труда | D63: чел-ч | E63: =Source!AQ30 -> 1.64 | G63: =Source!DI30 | L63: =Source!U30 -> 0.328
A64: =Source!E31 -> 4,1 | B64: =Source!F31 -> 61.2.07.02-0080 | C64: =Source!G31 -> Блок сигнально-пусковой (релейный блок), марка "С2000-СП2" | D64: =Source!H31 -> шт. | E64: =Source!I31 -> 1 | F64: =Source!AL31+Source!AM31+Source!AO31 -> 97.47 | H64: =ROUND(Source!AC31*Source!I31, 2)+ROUND(Source!AD31*Source!I31, 2)+ROUND(Source!AF31*Source!I31, 2) -> 97.47 | J64: =IF(Source!BC31<> 0, Source!BC31, 1) -> 6.62 | K64: =Source!O31 -> 645.25 | S64: =ROUND((Source!FX31/100)*((ROUND(Source!AF31*Source!I31, 2)+ROUND(Source!AE31*Source!I31, 2))), 2) -> 0 | T64: =Source!X31 -> 0 | U64: =ROUND((Source!FY31/100)*((ROUND(Source!AF31*Source!I31, 2)+ROUND(Source!AE31*Source!I31, 2))), 2) -> 0 | V64: =Source!Y31 -> 0 | W64: =IF(Source!BI31<=1,H64, 0) -> 0 | X64: =IF(Source!BI31=2,H64, 0) -> 97.47 | Y64: =IF(Source!BI31=3,H64, 0) -> 0 | Z64: =IF(Source!BI31=4,H64, 0) -> 0
A65: =Source!E32 -> 4,2 | B65: =Source!F32 -> 61.2.07.02-0081 | C65: =Source!G32 -> Блок сигнально-пусковой, марка "С2000-СП1" исп. 01 | D65: =Source!H32 -> шт. | E65: =Source!I32 -> 1 | F65: =Source!AL32+Source!AM32+Source!AO32 -> 175.97 | H65: =ROUND(Source!AC32*Source!I32, 2)+ROUND(Source!AD32*Source!I32, 2)+ROUND(Source!AF32*Source!I32, 2) -> 175.97 | J65: =IF(Source!BC32<> 0, Source!BC32, 1) -> 6.62 | K65: =Source!O32 -> 1164.92 | S65: =ROUND((Source!FX32/100)*((ROUND(Source!AF32*Source!I32, 2)+ROUND(Source!AE32*Source!I32, 2))), 2) -> 0 | T65: =Source!X32 -> 0 | U65: =ROUND((Source!FY32/100)*((ROUND(Source!AF32*Source!I32, 2)+ROUND(Source!AE32*Source!I32, 2))), 2) -> 0 | V65: =Source!Y32 -> 0 | W65: =IF(Source!BI32<=1,H65, 0) -> 0 | X65: =IF(Source!BI32=2,H65, 0) -> 175.97 | Y65: =IF(Source!BI32=3,H65, 0) -> 0 | Z65: =IF(Source!BI32=4,H65, 0) -> 0
G66: =H57+H58+H60+H61+H62+SUM(H64:H65) -> 283.1 | J66: =K57+K58+K60+K61+K62+SUM(K64:K65) -> 1874.19 | L66: =Source!U30 -> 0.328 | O66: =G66 -> 283.1 | P66: =J66 -> 1874.19 | Q66: =L66 -> 0.328 | W66: =IF(Source!BI30<=1,H57+H58+H60+H61+H62, 0) -> 0 | X66: =IF(Source!BI30=2,H57+H58+H60+H61+H62, 0) -> 9.66 | Y66: =IF(Source!BI30=3,H57+H58+H60+H61+H62, 0) -> 0 | Z66: =IF(Source!BI30=4,H57+H58+H60+H61+H62, 0) -> 0
A67: =Source!E33 -> 5 | B67: =Source!F33 -> м10-08-003-03 | C67: =Source!G33 -> Устройство ультразвуковое, блок питания и контроля | D67: =Source!H33 -> ШТ | E67: =Source!I33 -> 1 | F67: =Source!AL33+Source!AM33+Source!AO33 -> 41.09 | I67: =Source!BO33 | S67: =ROUND((Source!FX33/100)*((ROUND(Source!AF33*Source!I33, 2)+ROUND(Source!AE33*Source!I33, 2))), 2) -> 29.41 | T67: =Source!X33 -> 194.68 | U67: =ROUND((Source!FY33/100)*((ROUND(Source!AF33*Source!I33, 2)+ROUND(Source!AE33*Source!I33, 2))), 2) -> 22.06 | V67: =Source!Y33 -> 146.01
C68: Зарплата | F68: =Source!AO33 -> 36.76 | G68: =Source!DG33 | H68: =ROUND(Source!AF33*Source!I33, 2) -> 36.76 | J68: =IF(Source!BA33<> 0, Source!BA33, 1) -> 6.62 | K68: =Source!S33 -> 243.35 | R68: =H68 -> 36.76
C69: Материальные ресурсы | F69: =Source!AL33 -> 4.33 | G69: =Source!DD33 | H69: =ROUND(Source!AC33*Source!I33, 2) -> 4.33 | J69: =IF(Source!BC33<> 0, Source!BC33, 1) -> 6.62 | K69: =Source!P33 -> 28.66
C70: НР от ФОТ | D70: % | E70: =Source!BZ33 -> 80 | H70: =SUM(S67:S73) -> 29.41 | J70: =Source!AT33 -> 80 | K70: =SUM(T67:T73) -> 194.68
C71: СП от ФОТ | D71: % | E71: =Source!CA33 -> 60 | H71: =SUM(U67:U73) -> 22.06 | J71: =Source!AU33 -> 60 | K71: =SUM(V67:V73) -> 146.01
C72: Затраты труда | D72: чел-ч | E72: =Source!AQ33 -> 3.6 | G72: =Source!DI33 | L72: =Source!U33 -> 3.6
A73: =Source!E34 -> 5,1 | B73: =Source!F34 -> 61.2.07.02-0035 | C73: =Source!G34 -> Блок контроля и индикации, марка "С2000-БКИ" | D73: =Source!H34 -> шт. | E73: =Source!I34 -> 1 | F73: =Source!AL34+Source!AM34+Source!AO34 -> 396.74 | H73: =ROUND(Source!AC34*Source!I34, 2)+ROUND(Source!AD34*Source!I34, 2)+ROUND(Source!AF34*Source!I34, 2) -> 396.74 | J73: =IF(Source!BC34<> 0, Source!BC34, 1) -> 6.62 | K73: =Source!O34 -> 2626.42 | S73: =ROUND((Source!FX34/100)*((ROUND(Source!AF34*Source!I34, 2)+ROUND(Source!AE34*Source!I34, 2))), 2) -> 0 | T73: =Source!X34 -> 0 | U73: =ROUND((Source!FY34/100)*((ROUND(Source!AF34*Source!I34, 2)+ROUND(Source!AE34*Source!I34, 2))), 2) -> 0 | V73: =Source!Y34 -> 0 | W73: =IF(Source!BI34<=1,H73, 0) -> 0 | X73: =IF(Source!BI34=2,H73, 0) -> 396.74 | Y73: =IF(Source!BI34=3,H73, 0) -> 0 | Z73: =IF(Source!BI34=4,H73, 0) -> 0
G74: =H68+H69+H70+H71+SUM(H73:H73) -> 489.3 | J74: =K68+K69+K70+K71+SUM(K73:K73) -> 3239.12 | L74: =Source!U33 -> 3.6 | O74: =G74 -> 489.3 | P74: =J74 -> 3239.12 | Q74: =L74 -> 3.6 | W74: =IF(Source!BI33<=1,H68+H69+H70+H71, 0) -> 0 | X74: =IF(Source!BI33=2,H68+H69+H70+H71, 0) -> 92.56 | Y74: =IF(Source!BI33=3,H68+H69+H70+H71, 0) -> 0 | Z74: =IF(Source!BI33=4,H68+H69+H70+H71, 0) -> 0
A75: =Source!E35 -> 6 | B75: =Source!F35 -> м10-08-002-03 | C75: =Source!G35 -> Извещатель ПС автоматический тепловой, дымовой, световой во взрывозащищенном исполнении | D75: =Source!H35 -> ШТ | E75: =Source!I35 -> 399 | F75: =Source!AL35+Source!AM35+Source!AO35 -> 23.03 | I75: =Source!BO35 | S75: =ROUND((Source!FX35/100)*((ROUND(Source!AF35*Source!I35, 2)+ROUND(Source!AE35*Source!I35, 2))), 2) -> 6339.31 | T75: =Source!X35 -> 41966.25 | U75: =ROUND((Source!FY35/100)*((ROUND(Source!AF35*Source!I35, 2)+ROUND(Source!AE35*Source!I35, 2))), 2) -> 4754.48 | V75: =Source!Y35 -> 31474.69
C76: Зарплата | F76: =Source!AO35 -> 19.86 | G76: =Source!DG35 | H76: =ROUND(Source!AF35*Source!I35, 2) -> 7924.14 | J76: =IF(Source!BA35<> 0, Source!BA35, 1) -> 6.62 | K76: =Source!S35 -> 52457.81 | R76: =H76 -> 7924.14
C77: Материальные ресурсы | F77: =Source!AL35 -> 3.17 | G77: =Source!DD35 | H77: =ROUND(Source!AC35*Source!I35, 2) -> 1264.83 | J77: =IF(Source!BC35<> 0, Source!BC35, 1) -> 6.62 | K77: =Source!P35 -> 8373.17
C78: НР от ФОТ | D78: % | E78: =Source!BZ35 -> 80 | H78: =SUM(S75:S82) -> 6339.31 | J78: =Source!AT35 -> 80 | K78: =SUM(T75:T82) -> 41966.25
C79: СП от ФОТ | D79: % | E79: =Source!CA35 -> 60 | H79: =SUM(U75:U82) -> 4754.48 | J79: =Source!AU35 -> 60 | K79: =SUM(V75:V82) -> 31474.69
C80: Затраты труда | D80: чел-ч | E80: =Source!AQ35 -> 1.68 | G80: =Source!DI35 | L80: =Source!U35 -> 670.32
A81: =Source!E36 -> 6,1 | B81: =Source!F36 -> 61.2.02.01-0055 | C81: =Source!G36 -> Извещатель пожарный дымовой ИП-212-7М1А оптико–электронный адресно-аналоговый (ДИП-34А-03) прим | D81: =Source!H36 -> 10 шт. | E81: =Source!I36 -> 36.7 | F81: =Source!AL36+Source!AM36+Source!AO36 -> 1579.33 | H81: =ROUND(Source!AC36*Source!I36, 2)+ROUND(Source!AD36*Source!I36, 2)+ROUND(Source!AF36*Source!I36, 2) -> 57961.41 | J81: =IF(Source!BC36<> 0, Source!BC36, 1) -> 6.62 | K81: =Source!O36 -> 383704.54 | S81: =ROUND((Source!FX36/100)*((ROUND(Source!AF36*Source!I36, 2)+ROUND(Source!AE36*Source!I36, 2))), 2) -> 0 | T81: =Source!X36 -> 0 | U81: =ROUND((Source!FY36/100)*((ROUND(Source!AF36*Source!I36, 2)+ROUND(Source!AE36*Source!I36, 2))), 2) -> 0 | V81: =Source!Y36 -> 0 | W81: =IF(Source!BI36<=1,H81, 0) -> 0 | X81: =IF(Source!BI36=2,H81, 0) -> 57961.41 | Y81: =IF(Source!BI36=3,H81, 0) -> 0 | Z81: =IF(Source!BI36=4,H81, 0) -> 0
A82: =Source!E37 -> 6,2 | B82: =Source!F37 -> 61.2.02.02-0051 | C82: =Source!G37 -> Извещатель пожарный тепловой максимально- дифференциальный адресно-аналоговый, марка "С2000-ИП" | D82: =Source!H37 -> шт. | E82: =Source!I37 -> 32 | F82: =Source!AL37+Source!AM37+Source!AO37 -> 137.34 | H82: =ROUND(Source!AC37*Source!I37, 2)+ROUND(Source!AD37*Source!I37, 2)+ROUND(Source!AF37*Source!I37, 2) -> 4394.88 | J82: =IF(Source!BC37<> 0, Source!BC37, 1) -> 6.62 | K82: =Source!O37 -> 29094.11 | S82: =ROUND((Source!FX37/100)*((ROUND(Source!AF37*Source!I37, 2)+ROUND(Source!AE37*Source!I37, 2))), 2) -> 0 | T82: =Source!X37 -> 0 | U82: =ROUND((Source!FY37/100)*((ROUND(Source!AF37*Source!I37, 2)+ROUND(Source!AE37*Source!I37, 2))), 2) -> 0 | V82: =Source!Y37 -> 0 | W82: =IF(Source!BI37<=1,H82, 0) -> 0 | X82: =IF(Source!BI37=2,H82, 0) -> 4394.88 | Y82: =IF(Source!BI37=3,H82, 0) -> 0 | Z82: =IF(Source!BI37=4,H82, 0) -> 0
G83: =H76+H77+H78+H79+SUM(H81:H82) -> 82639.05 | J83: =K76+K77+K78+K79+SUM(K81:K82) -> 547070.57 | L83: =Source!U35 -> 670.32 | O83: =G83 -> 82639.05 | P83: =J83 -> 547070.57 | Q83: =L83 -> 670.32 | W83: =IF(Source!BI35<=1,H76+H77+H78+H79, 0) -> 0 | X83: =IF(Source!BI35=2,H76+H77+H78+H79, 0) -> 20282.76 | Y83: =IF(Source!BI35=3,H76+H77+H78+H79, 0) -> 0 | Z83: =IF(Source!BI35=4,H76+H77+H78+H79, 0) -> 0
A84: =Source!E38 -> 7 | B84: =Source!F38 -> м10-08-001-01 прим. | C84: =Source!G38 -> Приборы ПС приемно-контрольные, пусковые, концентратор блок базовый на 10 лучей | D84: =Source!H38 -> ШТ | E84: =Source!I38 -> 18 | F84: =Source!AL38+Source!AM38+Source!AO38 -> 81.04 | I84: =Source!BO38 | S84: =ROUND((Source!FX38/100)*((ROUND(Source!AF38*Source!I38, 2)+ROUND(Source!AE38*Source!I38, 2))), 2) -> 1042.99 | T84: =Source!X38 -> 6904.61 | U84: =ROUND((Source!FY38/100)*((ROUND(Source!AF38*Source!I38, 2)+ROUND(Source!AE38*Source!I38, 2))), 2) -> 782.24 | V84: =Source!Y38 -> 5178.46
C85: Зарплата | F85: =Source!AO38 -> 72.43 | G85: =Source!DG38 | H85: =ROUND(Source!AF38*Source!I38, 2) -> 1303.74 | J85: =IF(Source!BA38<> 0, Source!BA38, 1) -> 6.62 | K85: =Source!S38 -> 8630.76 | R85: =H85 -> 1303.74
C86: Материальные ресурсы | F86: =Source!AL38 -> 8.61 | G86: =Source!DD38 | H86: =ROUND(Source!AC38*Source!I38, 2) -> 154.98 | J86: =IF(Source!BC38<> 0, Source!BC38, 1) -> 6.62 | K86: =Source!P38 -> 1025.97
C87: НР от ФОТ | D87: % | E87: =Source!BZ38 -> 80 | H87: =SUM(S84:S90) -> 1042.99 | J87: =Source!AT38 -> 80 | K87: =SUM(T84:T90) -> 6904.61
C88: СП от ФОТ | D88: % | E88: =Source!CA38 -> 60 | H88: =SUM(U84:U90) -> 782.24 | J88: =Source!AU38 -> 60 | K88: =SUM(V84:V90) -> 5178.46
C89: Затраты труда | D89: чел-ч | E89: =Source!AQ38 -> 7.2 | G89: =Source!DI38 | L89: =Source!U38 -> 129.6
A90: =Source!E39 -> 7,1 | B90: =Source!F39 -> 61.2.07.02-0051 | C90: =Source!G39 -> Блок разветвительно-изолирующий, марка "БРИЗ", размер 50x30x25 мм | D90: =Source!H39 -> 10 шт. | E90: =Source!I39 -> 1.8 | F90: =Source!AL39+Source!AM39+Source!AO39 -> 688.2 | H90: =ROUND(Source!AC39*Source!I39, 2)+ROUND(Source!AD39*Source!I39, 2)+ROUND(Source!AF39*Source!I39, 2) -> 1238.76 | J90: =IF(Source!BC39<> 0, Source!BC39, 1) -> 6.62 | K90: =Source!O39 -> 8200.59 | S90: =ROUND((Source!FX39/100)*((ROUND(Source!AF39*Source!I39, 2)+ROUND(Source!AE39*Source!I39, 2))), 2) -> 0 | T90: =Source!X39 -> 0 | U90: =ROUND((Source!FY39/100)*((ROUND(Source!AF39*Source!I39, 2)+ROUND(Source!AE39*Source!I39, 2))), 2) -> 0 | V90: =Source!Y39 -> 0 | W90: =IF(Source!BI39<=1,H90, 0) -> 0 | X90: =IF(Source!BI39=2,H90, 0) -> 1238.76 | Y90: =IF(Source!BI39=3,H90, 0) -> 0 | Z90: =IF(Source!BI39=4,H90, 0) -> 0
G91: =H85+H86+H87+H88+SUM(H90:H90) -> 4522.71 | J91: =K85+K86+K87+K88+SUM(K90:K90) -> 29940.39 | L91: =Source!U38 -> 129.6 | O91: =G91 -> 4522.71 | P91: =J91 -> 29940.39 | Q91: =L91 -> 129.6 | W91: =IF(Source!BI38<=1,H85+H86+H87+H88, 0) -> 0 | X91: =IF(Source!BI38=2,H85+H86+H87+H88, 0) -> 3283.95 | Y91: =IF(Source!BI38=3,H85+H86+H87+H88, 0) -> 0 | Z91: =IF(Source!BI38=4,H85+H86+H87+H88, 0) -> 0
A92: =Source!E40 -> 8 | B92: =Source!F40 -> м10-01-039-06 прим. | C92: =Source!G40 -> Реле, ключ, кнопка и др. с подготовкой места установки | D92: =Source!H40 -> ШТ | E92: =Source!I40 -> 11 | F92: =Source!AL40+Source!AM40+Source!AO40 -> 17.4 | I92: =Source!BO40 | S92: =ROUND((Source!FX40/100)*((ROUND(Source!AF40*Source!I40, 2)+ROUND(Source!AE40*Source!I40, 2))), 2) -> 150.13 | T92: =Source!X40 -> 993.85 | U92: =ROUND((Source!FY40/100)*((ROUND(Source!AF40*Source!I40, 2)+ROUND(Source!AE40*Source!I40, 2))), 2) -> 112.6 | V92: =Source!Y40 -> 745.39
C93: Зарплата | F93: =Source!AO40 -> 17.06 | G93: =Source!DG40 | H93: =ROUND(Source!AF40*Source!I40, 2) -> 187.66 | J93: =IF(Source!BA40<> 0, Source!BA40, 1) -> 6.62 | K93: =Source!S40 -> 1242.31 | R93: =H93 -> 187.66
C94: Материальные ресурсы | F94: =Source!AL40 -> 0.34 | G94: =Source!DD40 | H94: =ROUND(Source!AC40*Source!I40, 2) -> 3.74 | J94: =IF(Source!BC40<> 0, Source!BC40, 1) -> 6.62 | K94: =Source!P40 -> 24.76
C95: НР от ФОТ | D95: % | E95: =Source!BZ40 -> 80 | H95: =SUM(S92:S98) -> 150.13 | J95: =Source!AT40 -> 80 | K95: =SUM(T92:T98) -> 993.85
C96: СП от ФОТ | D96: % | E96: =Source!CA40 -> 60 | H96: =SUM(U92:U98) -> 112.6 | J96: =Source!AU40 -> 60 | K96: =SUM(V92:V98) -> 745.39
C97: Затраты труда | D97: чел-ч | E97: =Source!AQ40 -> 2 | G97: =Source!DI40 | L97: =Source!U40 -> 22
A98: =Source!E41 -> 8,1 | B98: =Source!F41 -> 61.2.02.03-0026 | C98: =Source!G41 -> Извещатель пожарный ручной ИПР-513-3АМ прим. | D98: =Source!H41 -> 10 шт. | E98: =Source!I41 -> 1.1 | F98: =Source!AL41+Source!AM41+Source!AO41 -> 1454.24 | H98: =ROUND(Source!AC41*Source!I41, 2)+ROUND(Source!AD41*Source!I41, 2)+ROUND(Source!AF41*Source!I41, 2) -> 1599.66 | J98: =IF(Source!BC41<> 0, Source!BC41, 1) -> 6.62 | K98: =Source!O41 -> 10589.78 | S98: =ROUND((Source!FX41/100)*((ROUND(Source!AF41*Source!I41, 2)+ROUND(Source!AE41*Source!I41, 2))), 2) -> 0 | T98: =Source!X41 -> 0 | U98: =ROUND((Source!FY41/100)*((ROUND(Source!AF41*Source!I41, 2)+ROUND(Source!AE41*Source!I41, 2))), 2) -> 0 | V98: =Source!Y41 -> 0 | W98: =IF(Source!BI41<=1,H98, 0) -> 0 | X98: =IF(Source!BI41=2,H98, 0) -> 1599.66 | Y98: =IF(Source!BI41=3,H98, 0) -> 0 | Z98: =IF(Source!BI41=4,H98, 0) -> 0
G99: =H93+H94+H95+H96+SUM(H98:H98) -> 2053.79 | J99: =K93+K94+K95+K96+SUM(K98:K98) -> 13596.09 | L99: =Source!U40 -> 22 | O99: =G99 -> 2053.79 | P99: =J99 -> 13596.09 | Q99: =L99 -> 22 | W99: =IF(Source!BI40<=1,H93+H94+H95+H96, 0) -> 0 | X99: =IF(Source!BI40=2,H93+H94+H95+H96, 0) -> 454.13 | Y99: =IF(Source!BI40=3,H93+H94+H95+H96, 0) -> 0 | Z99: =IF(Source!BI40=4,H93+H94+H95+H96, 0) -> 0
A100: =Source!E42 -> 9 | B100: =Source!F42 -> м10-02-016-06 | C100: =Source!G42 -> Отдельно устанавливаемый преобразователь или блок питания | D100: =Source!H42 -> ШТ | E100: =Source!I42 -> 2 | F100: =Source!AL42+Source!AM42+Source!AO42 -> 199.95 | I100: =Source!BO42 | S100: =ROUND((Source!FX42/100)*((ROUND(Source!AF42*Source!I42, 2)+ROUND(Source!AE42*Source!I42, 2))), 2) -> 186.3 | T100: =Source!X42 -> 1233.33 | U100: =ROUND((Source!FY42/100)*((ROUND(Source!AF42*Source!I42, 2)+ROUND(Source!AE42*Source!I42, 2))), 2) -> 139.73 | V100: =Source!Y42 -> 925
C101: Зарплата | F101: =Source!AO42 -> 112.01 | G101: =Source!DG42 | H101: =ROUND(Source!AF42*Source!I42, 2) -> 224.02 | J101: =IF(Source!BA42<> 0, Source!BA42, 1) -> 6.62 | K101: =Source!S42 -> 1483.01 | R101: =H101 -> 224.02
C102: Эксплуатация машин | F102: =Source!AM42 -> 39.6 | G102: =Source!DE42 | H102: =ROUND(Source!AD42*Source!I42, 2) -> 79.2 | J102: =IF(Source!BB42<> 0, Source!BB42, 1) -> 6.62 | K102: =Source!Q42 -> 524.3
C103: в т.ч. зарплата машинистов | F103: =Source!AN42 -> 4.43 | G103: =Source!DF42 | H103: =ROUND(Source!AE42*Source!I42, 2) -> 8.86 | J103: =IF(Source!BS42<> 0, Source!BS42, 1) -> 6.62 | K103: =Source!R42 -> 58.65 | R103: =H103 -> 8.86
C104: Материальные ресурсы | F104: =Source!AL42 -> 48.34 | G104: =Source!DD42 | H104: =ROUND(Source!AC42*Source!I42, 2) -> 96.68 | J104: =IF(Source!BC42<> 0, Source!BC42, 1) -> 6.62 | K104: =Source!P42 -> 640.02
C105: НР от ФОТ | D105: % | E105: =Source!BZ42 -> 80 | H105: =SUM(S100:S109) -> 186.3 | J105: =Source!AT42 -> 80 | K105: =SUM(T100:T109) -> 1233.33
C106: СП от ФОТ | D106: % | E106: =Source!CA42 -> 60 | H106: =SUM(U100:U109) -> 139.73 | J106: =Source!AU42 -> 60 | K106: =SUM(V100:V109) -> 925
C107: Затраты труда | D107: чел-ч | E107: =Source!AQ42 -> 10.1 | G107: =Source!DI42 | L107: =Source!U42 -> 20.2
A108: =Source!E43 -> 9,1 | B108: =Source!F43 -> 62.4.02.02-0038 | C108: =Source!G43 -> Источник резервного питания, марка "РИП 12" исп. 15 прим. | D108: =Source!H43 -> шт. | E108: =Source!I43 -> 1 | F108: =Source!AL43+Source!AM43+Source!AO43 -> 286.64 | H108: =ROUND(Source!AC43*Source!I43, 2)+ROUND(Source!AD43*Source!I43, 2)+ROUND(Source!AF43*Source!I43, 2) -> 286.64 | J108: =IF(Source!BC43<> 0, Source!BC43, 1) -> 6.62 | K108: =Source!O43 -> 1897.56 | S108: =ROUND((Source!FX43/100)*((ROUND(Source!AF43*Source!I43, 2)+ROUND(Source!AE43*Source!I43, 2))), 2) -> 0 | T108: =Source!X43 -> 0 | U108: =ROUND((Source!FY43/100)*((ROUND(Source!AF43*Source!I43, 2)+ROUND(Source!AE43*Source!I43, 2))), 2) -> 0 | V108: =Source!Y43 -> 0 | W108: =IF(Source!BI43<=1,H108, 0) -> 0 | X108: =IF(Source!BI43=2,H108, 0) -> 286.64 | Y108: =IF(Source!BI43=3,H108, 0) -> 0 | Z108: =IF(Source!BI43=4,H108, 0) -> 0
A109: =Source!E44 -> 9,2 | B109: =Source!F44 -> 62.4.02.01-0061 | C109: =Source!G44 -> Источник бесперебойного питания СКАТ- UPS1000 (24V), без аккумулятора прим. | D109: =Source!H44 -> шт. | E109: =Source!I44 -> 1 | F109: =Source!AL44+Source!AM44+Source!AO44 -> 473.37 | H109: =ROUND(Source!AC44*Source!I44, 2)+ROUND(Source!AD44*Source!I44, 2)+ROUND(Source!AF44*Source!I44, 2) -> 473.37 | J109: =IF(Source!BC44<> 0, Source!BC44, 1) -> 6.62 | K109: =Source!O44 -> 3133.71 | S109: =ROUND((Source!FX44/100)*((ROUND(Source!AF44*Source!I44, 2)+ROUND(Source!AE44*Source!I44, 2))), 2) -> 0 | T109: =Source!X44 -> 0 | U109: =ROUND((Source!FY44/100)*((ROUND(Source!AF44*Source!I44, 2)+ROUND(Source!AE44*Source!I44, 2))), 2) -> 0 | V109: =Source!Y44 -> 0 | W109: =IF(Source!BI44<=1,H109, 0) -> 0 | X109: =IF(Source!BI44=2,H109, 0) -> 473.37 | Y109: =IF(Source!BI44=3,H109, 0) -> 0 | Z109: =IF(Source!BI44=4,H109, 0) -> 0
G110: =H101+H102+H104+H105+H106+SUM(H108:H109) -> 1485.94 | J110: =K101+K102+K104+K105+K106+SUM(K108:K109) -> 9836.93 | L110: =Source!U42 -> 20.2 | O110: =G110 -> 1485.94 | P110: =J110 -> 9836.93 | Q110: =L110 -> 20.2 | W110: =IF(Source!BI42<=1,H101+H102+H104+H105+H106, 0) -> 0 | X110: =IF(Source!BI42=2,H101+H102+H104+H105+H106, 0) -> 725.93 | Y110: =IF(Source!BI42=3,H101+H102+H104+H105+H106, 0) -> 0 | Z110: =IF(Source!BI42=4,H101+H102+H104+H105+H106, 0) -> 0
A111: =Source!E45 -> 10 | B111: =Source!F45 -> м10-02-016-07 | C111: =Source!G45 -> Отдельно устанавливаемый усилитель дуплексный или абонентский | D111: =Source!H45 -> ШТ | E111: =Source!I45 -> 2 | F111: =Source!AL45+Source!AM45+Source!AO45 -> 210.04 | I111: =Source!BO45 | S111: =ROUND((Source!FX45/100)*((ROUND(Source!AF45*Source!I45, 2)+ROUND(Source!AE45*Source!I45, 2))), 2) -> 248.4 | T111: =Source!X45 -> 1644.41 | U111: =ROUND((Source!FY45/100)*((ROUND(Source!AF45*Source!I45, 2)+ROUND(Source!AE45*Source!I45, 2))), 2) -> 186.3 | V111: =Source!Y45 -> 1233.31
C112: Зарплата | F112: =Source!AO45 -> 149.72 | G112: =Source!DG45 | H112: =ROUND(Source!AF45*Source!I45, 2) -> 299.44 | J112: =IF(Source!BA45<> 0, Source!BA45, 1) -> 6.62 | K112: =Source!S45 -> 1982.29 | R112: =H112 -> 299.44
C113: Эксплуатация машин | F113: =Source!AM45 -> 49.49 | G113: =Source!DE45 | H113: =ROUND(Source!AD45*Source!I45, 2) -> 98.98 | J113: =IF(Source!BB45<> 0, Source!BB45, 1) -> 6.62 | K113: =Source!Q45 -> 655.25
...

Sheet Source
A1: 0 | B1: Smeta.RU (495) 974-1589 | D1: _PS_ | F1: 0 | G1: 0 | H1: 0 | I1: Smeta.RU | K1: 0 | L1: 13277 | M1: 10
A12: 1 | B12: 169 | C12: 0 | D12: =ROW(A111) -> 111 | E12: 0 | F12: Новый объект | G12: Монтаж комплекса систем пожарной безопасности согласно рабочей документации № 001/05-2018-ПС в здании общежития Димитровградского инженерно-технологического института - филиала НИЯУ МИФИ (ДИТИ НИЯУ МИФИ) по адресу: Ульяновская обл., г. Димитровград, ул. Куйбышева, д. 302 | I12: 0 | K12: 0 | O12: 0 | P12: 0 | Q12: 0 | R12: 0 | V12: 0 | BH12: Сметные нормы списания | BI12: Коды ценников | BJ12: 1 | BK12: 1 | BL12: 0 | BM12: 0 | BN12: 1 | BO12: 0 | BP12: 2 | BQ12: 2 | BR12: 1 | BS12: 1 | BT12: 0 | BU12: 0 | BV12: 0 | BW12: 0 | BX12: 0 | BY12: ФЕР-2017 | BZ12: ТР для Версии 10: Центральные регионы (с учетом п-ма 2536-ИП/12/ГС от 22.03.2017 г | CA12: ФЕР-2017 | CB12: ФЕР-2017 | CC12: ФЕР-2017 | CD12: ФЕР-2017 | CE12: Поправки для ГСН 2017 от 31.03.2017 г | CF12: 0 | CG12: 0 | CH12: 524296 | CK12: 4 | EC12: 0
A15: 15 | B15: 1
A18: 52 | B18: =B111 -> 169 | C18: =C111 -> 1 | D18: =D111 -> 12 | E18: =E111 -> 0 | F18: =F111 -> Новый объект | G18: =G111 -> Монтаж комплекса систем пожарной безопасности согласно рабочей документации № 001/05-2018-ПС в здании общежития Димитровградского инженерно-технологического института - филиала НИЯУ МИФИ (ДИТИ НИЯУ МИФИ) по адресу: Ульяновская обл., г. Димитровград, ул. Куйбышева, д. 302 | O18: =O111 -> 1126858.6 | P18: =P111 -> 978692.91 | Q18: =Q111 -> 4162.84 | R18: =R111 -> 475.95 | S18: =S111 -> 144002.89 | T18: =T111 -> 0 | U18: =U111 -> 2114.3583 | V18: =V111 -> 6.8131 | ... GX18: =GX111 -> 0
A20: 3 | B20: 1 | D20: =ROW(A79) -> 79 | F20: Новая локальная смета | G20: Новая локальная смета | I20: 0 | K20: 0 | V20: 0 | BX20: 0 | CF20: 0 | CG20: 0
A22: 52 | B22: =B79 -> 1 | C22: =C79 -> 3 | D22: =D79 -> 20 | E22: =E79 -> 0 | F22: =F79 -> Новая локальная смета | G22: =G79 -> Новая локальная смета | O22: =O79 -> 1126858.6 | P22: =P79 -> 978692.91 | Q22: =Q79 -> 4162.84 | R22: =R79 -> 475.95 | S22: =S79 -> 144002.89 | T22: =T79 -> 0 | U22: =U79 -> 2114.3583 | V22: =V79 -> 6.8131 | ... GX22: =GX79 -> 0
A24: 17 | B24: 1 | C24: =ROW(SmtRes!A10) -> 10 | D24: =ROW(EtalonRes!A10) -> 10 | E24: 1 | F24: м10-04-077-15 | G24: Пульт служебной связи и контроля | H24: ШТ | I24: 1 | J24: 0 | O24: =ROUND(CP24,2) -> 7749.96 | P24: =ROUND(CQ24*I24,2) -> 820.81 | Q24: =ROUND(CR24*I24,2) -> 2210.15 | R24: =ROUND(CS24*I24,2) -> 247.06 | S24: =ROUND(CT24*I24,2) -> 4719 | T24: =ROUND(CU24*I24,2) -> 0 | U24: =CV24*I24 -> 74.1 | V24: =CW24*I24 -> 3.71 | W24: =ROUND(CX24*I24,2) -> 0 | X24: =ROUND(CY24,2) -> 4568.78 | Y24: =ROUND(CZ24,2) -> 3227.94 | AA24: 39507101 | AB24: =ROUND((AC24+AD24+AF24),2) -> 1170.69 | AC24: =ROUND((ES24),2) -> 123.99 | AD24: =ROUND((((ET24)-(EU24))+AE24),2) -> 333.86 | AE24: =ROUND((EU24),2) -> 37.32 | AF24: =ROUND((EV24),2) -> 712.84 | AG24: =ROUND((AP24),2) -> 0 | AH24: =(EW24) -> 74.1 | AI24: =(EX24) -> 3.71 | AJ24: =ROUND((AS24),2) -> 0 | AK24: 1170.69 | AL24: 123.99 | AM24: 333.86 | AN24: 37.32 | AO24: 712.84 | AP24: 0 | AQ24: 74.1 | AR24: 3.71 | AS24: 0 | AT24: 92 | AU24: 65 | AV24: 1 | AW24: 1 | AZ24: 6.62 | BA24: 6.62 | BB24: 6.62 | BC24: 6.62 | BH24: 0 | BI24: 2 | BJ24: ФЕРм-2001, м10-04-077-15, приказ Минстроя России №1039/пр от 30.12.2016г. | BM24: 110004 | BN24: 0 | BP24: 0 | BQ24: 3 | BR24: 0 | BS24: 6.62 | BT24: 1 | BU24: 1 | BV24: 1 | BW24: 1 | BX24: 1 | BZ24: 92 | CA24: 65 | CF24: 0 | CG24: 0 | CM24: 0 | CO24: 0 | CP24: =(P24+Q24+S24) -> 7749.96 | CQ24: =AC24*BC24 -> 820.8138 | CR24: =AD24*BB24 -> 2210.1532 | CS24: =AE24*BS24 -> 247.0584 | CT24: =AF24*BA24 -> 4719.0008 | CU24: =AG24 -> 0 | CV24: =AH24 -> 74.1 | CW24: =AI24 -> 3.71 | CX24: =AJ24 -> 0 | CY24: =(((S24+R24)*AT24)/100) -> 4568.7752 | CZ24: =(((S24+R24)*AU24)/100) -> 3227.939 | DN24: 0 | DO24: 0 | DP24: 1 | DQ24: 1 | DU24: 1013 | DV24: ШТ | DW24: ШТ | DX24: 1 | EE24: 39174390 | EF24: 3 | EG24: Монтажные работы | EH24: 0 | EJ24: 2 | EK24: 110004 | EL24: Связь: монтаж теле- радио оборудования ( отдел 4 и 5 ) - (при устройстве средств посадки самолетов : НР=95%, СП=55% - {АВИА}=1) | EM24: мФЕР-10 | EQ24: 0 | ER24: 1170.69 | ES24: 123.99 | ET24: 333.86 | EU24: 37.32 | EV24: 712.84 | EW24: 74.1 | EX24: 3.71 | EY24: 0 | FQ24: 0 | FR24: =ROUND(IF(AND(BH24=3,BI24=3),P24,0),2) -> 0 | FS24: 0 | FX24: 92 | FY24: 65 | GD24: 0 | GF24: 321368565 | GG24: 1 | GH24: 1 | GI24: 4 | GJ24: 0 | GK24: =ROUND(R24*(R12)/100,2) -> 0 | GL24: =ROUND(IF(AND(BH24=3,BI24=3,FS24<>0),P24,0),2) -> 0 | GM24: =ROUND(O24+X24+Y24+GK24,2)+GX24 -> 15546.68 | GN24: =IF(OR(BI24=0,BI24=1),ROUND(O24+X24+Y24+GK24,2),0) -> 0 | GO24: =IF(BI24=2,ROUND(O24+X24+Y24+GK24,2),0) -> 15546.68 | GP24: =IF(BI24=4,ROUND(O24+X24+Y24+GK24,2)+GX24,0) -> 0 | GR24: 0 | GS24: 3 | GT24: 0 | GV24: =ROUND(GT24,2) -> 0 | GW24: 1 | GX24: =ROUND(GV24*GW24*I24,2) -> 0 | HA24: 0 | HB24: 0 | IK24: 0
A25: 18 | B25: 1 | C25: 9 | E25: 1,1 | F25: 61.2.04.10-0004 | G25: Пульт контроля и управления охранно-пожарный, марка "С2000- М" | H25: шт. | I25: =I24*J25 -> 1 | J25: 1 | O25: =ROUND(CP25,2) -> 4154.12 | P25: =ROUND(CQ25*I25,2) -> 4154.12 | Q25: =ROUND(CR25*I25,2) -> 0 | R25: =ROUND(CS25*I25,2) -> 0 | S25: =ROUND(CT25*I25,2) -> 0 | T25: =ROUND(CU25*I25,2) -> 0 | U25: =CV25*I25 -> 0 | V25: =CW25*I25 -> 0 | W25: =ROUND(CX25*I25,2) -> 0 | X25: =ROUND(CY25,2) -> 0 | Y25: =ROUND(CZ25,2) -> 0 | AA25: 39507101 | AB25: =ROUND((AC25+AD25+AF25),2) -> 627.51 | AC25: =ROUND((ES25),2) -> 627.51 | AD25: =ROUND((((ET25)-(EU25))+AE25),2) -> 0 | AE25: =ROUND((EU25),2) -> 0 | AF25: =ROUND((EV25),2) -> 0 | AG25: =ROUND((AP25),2) -> 0 | AH25: =(EW25) -> 0 | AI25: =(EX25) -> 0 | AJ25: =ROUND((AS25),2) -> 0 | AK25: 627.51 | AL25: 627.51 | AM25: 0 | AN25: 0 | AO25: 0 | AP25: 0 | AQ25: 0 | AR25: 0 | AS25: 0 | AT25: 92 | AU25: 65 | AV25: 1 | AW25: 1 | AZ25: 6.62 | BA25: 1 | BB25: 1 | BC25: 6.62 | BH25: 3 | BI25: 2 | BJ25: ФССЦ-2001, 61.2.04.10-0004, приказ Минстроя России №1039/пр от 30.12.2016г. | BM25: 110004 | BN25: 0 | BP25: 0 | BQ25: 3 | BR25: 0 | BS25: 1 | BT25: 1 | BU25: 1 | BV25: 1 | BW25: 1 | BX25: 1 | BZ25: 92 | CA25: 65 | CF25: 0 | CG25: 0 | CM25: 0 | CO25: 0 | CP25: =(P25+Q25+S25) -> 4154.12 | CQ25: =AC25*BC25 -> 4154.1162 | CR25: =AD25*BB25 -> 0 | CS25: =AE25*BS25 -> 0 | CT25: =AF25*BA25 -> 0 | CU25: =AG25 -> 0 | CV25: =AH25 -> 0 | CW25: =AI25 -> 0 | CX25: =AJ25 -> 0 | CY25: =(((S25+R25)*AT25)/100) -> 0 | CZ25: =(((S25+R25)*AU25)/100) -> 0 | DN25: 0 | DO25: 0 | DP25: 1 | DQ25: 1 | DU25: 1010 | DV25: шт. | DW25: шт. | DX25: 1 | EE25: 39174390 | EF25: 3 | EG25: Монтажные работы | EH25: 0 | EJ25: 2 | EK25: 110004 | EL25: Связь: монтаж теле- радио оборудования ( отдел 4 и 5 ) - (при устройстве средств посадки самолетов : НР=95%, СП=55% - {АВИА}=1) | EM25: мФЕР-10 | EQ25: 0 | ER25: 627.51 | ES25: 627.51 | ET25: 0 | EU25: 0 | EV25: 0 | EW25: 0 | EX25: 0 | FQ25: 0 | FR25: =ROUND(IF(AND(BH25=3,BI25=3),P25,0),2) -> 0 | FS25: 0 | FX25: 92 | FY25: 65 | GD25: 0 | GF25: -688371732 | GG25: 1 | GH25: 1 | GI25: 4 | GJ25: 0 | GK25: =ROUND(R25*(R12)/100,2) -> 0 | GL25: =ROUND(IF(AND(BH25=3,BI25=3,FS25<>0),P25,0),2) -> 0 | GM25: =ROUND(O25+X25+Y25+GK25,2)+GX25 -> 4154.12 | GN25: =IF(OR(BI25=0,BI25=1),ROUND(O25+X25+Y25+GK25,2),0) -> 0 | GO25: =IF(BI25=2,ROUND(O25+X25+Y25+GK25,2),0) -> 4154.12 | GP25: =IF(BI25=4,ROUND(O25+X25+Y25+GK25,2)+GX25,0) -> 0 | GR25: 0 | GS25: 3 | GT25: 0 | GV25: =ROUND(GT25,2) -> 0 | GW25: 1 | GX25: =ROUND(GV25*GW25*I25,2) -> 0 | HA25: 0 | HB25: 0 | IK25: 0
A26: 17 | B26: 1 | C26: =ROW(SmtRes!A18) -> 18 | D26: =ROW(EtalonRes!A18) -> 18 | E26: 2 | F26: м10-04-066-01прим. | G26: Блок коммутации телевизионных камерных кабелей на количество разъемов 3 (Блок защитный коммутационный) | H26: ШТ | I26: 1 | J26: 0 | O26: =ROUND(CP26,2) -> 2215.84 | P26: =ROUND(CQ26*I26,2) -> 1119.57 | Q26: =ROUND(CR26*I26,2) -> 0 | R26: =ROUND(CS26*I26,2) -> 0 | S26: =ROUND(CT26*I26,2) -> 1096.27 | T26: =ROUND(CU26*I26,2) -> 0 | U26: =CV26*I26 -> 16 | V26: =CW26*I26 -> 0 | W26: =ROUND(CX26*I26,2) -> 0 | X26: =ROUND(CY26,2) -> 1008.57 | Y26: =ROUND(CZ26,2) -> 712.58 | AA26: 39507101 | AB26: =ROUND((AC26+AD26+AF26),2) -> 334.72 | AC26: =ROUND((ES26),2) -> 169.12 | AD26: =ROUND((((ET26)-(EU26))+AE26),2) -> 0 | AE26: =ROUND((EU26),2) -> 0 | AF26: =ROUND((EV26),2) -> 165.6 | AG26: =ROUND((AP26),2) -> 0 | AH26: =(EW26) -> 16 | AI26: =(EX26) -> 0 | AJ26: =ROUND((AS26),2) -> 0 | AK26: 334.72 | AL26: 169.12 | AM26: 0 | AN26: 0 | AO26: 165.6 | AP26: 0 | AQ26: 16 | AR26: 0 | AS26: 0 | AT26: 92 | AU26: 65 | AV26: 1 | AW26: 1 | AZ26: 6.62 | BA26: 6.62 | BB26: 6.62 | BC26: 6.62 | BH26: 0 | BI26: 2 | BJ26: ФЕРм-2001, м10-04-066-01, приказ Минстроя России №1039/пр от 30.12.2016г. | BM26: 110004 | BN26: 0 | BP26: 0 | BQ26: 3 | BR26: 0 | BS26: 6.62 | BT26: 1 | BU26: 1 | BV26: 1 | BW26: 1 | BX26: 1 | BZ26: 92 | CA26: 65 | CF26: 0 | CG26: 0 | CM26: 0 | CO26: 0 | CP26: =(P26+Q26+S26) -> 2215.84 | CQ26: =AC26*BC26 -> 1119.5744 | CR26: =AD26*BB26 -> 0 | CS26: =AE26*BS26 -> 0 | CT26: =AF26*BA26 -> 1096.272 | CU26: =AG26 -> 0 | CV26: =AH26 -> 16 | CW26: =AI26 -> 0 | CX26: =AJ26 -> 0 | CY26: =(((S26+R26)*AT26)/100) -> 1008.5684 | CZ26: =(((S26+R26)*AU26)/100) -> 712.5755 | DN26: 0 | DO26: 0 | DP26: 1 | DQ26: 1 | DU26: 1013 | DV26: ШТ | DW26: ШТ | DX26: 1 | EE26: 39174390 | EF26: 3 | EG26: Монтажные работы | EH26: 0 | EJ26: 2 | EK26: 110004 | EL26: Связь: монтаж теле- радио оборудования ( отдел 4 и 5 ) - (при устройстве средств посадки самолетов : НР=95%, СП=55% - {АВИА}=1) | EM26: мФЕР-10 | EQ26: 0 | ER26: 334.72 | ES26: 169.12 | ET26: 0 | EU26: 0 | EV26: 165.6 | EW26: 16 | EX26: 0 | EY26: 0 | FQ26: 0 | FR26: =ROUND(IF(AND(BH26=3,BI26=3),P26,0),2) -> 0 | FS26: 0 | FX26: 92 | FY26: 65 | GD26: 0 | GF26: 1367117332 | GG26: 1 | GH26: 1 | GI26: 4 | GJ26: 0 | GK26: =ROUND(R26*(R12)/100,2) -> 0 | GL26: =ROUND(IF(AND(BH26=3,BI26=3,FS26<>0),P26,0),2) -> 0 | GM26: =ROUND(O26+X26+Y26+GK26,2)+GX26 -> 3936.99 | GN26: =IF(OR(BI26=0,BI26=1),ROUND(O26+X26+Y26+GK26,2),0) -> 0 | GO26: =IF(BI26=2,ROUND(O26+X26+Y26+GK26,2),0) -> 3936.99 | GP26: =IF(BI26=4,ROUND(O26+X26+Y26+GK26,2)+GX26,0) -> 0 | GR26: 0 | GS26: 3 | GT26: 0 | GV26: =ROUND(GT26,2) -> 0 | GW26: 1 | GX26: =ROUND(GV26*GW26*I26,2) -> 0 | HA26: 0 | HB26: 0 | IK26: 0
A27: 18 | B27: 1 | C27: 17 | E27: 2,1 | F27: 61.2.07.11-0181 | G27: Блок защитный коммутационный (БЗК исп.02) прим. | H27: 10 шт. | I27: =I26*J27 -> 0.1 | J27: 0.1 | O27: =ROUND(CP27,2) -> 879.86 | P27: =ROUND(CQ27*I27,2) -> 879.86 | Q27: =ROUND(CR27*I27,2) -> 0 | R27: =ROUND(CS27*I27,2) -> 0 | S27: =ROUND(CT27*I27,2) -> 0 | T27: =ROUND(CU27*I27,2) -> 0 | U27: =CV27*I27 -> 0 | V27: =CW27*I27 -> 0 | W27: =ROUND(CX27*I27,2) -> 0 | X27: =ROUND(CY27,2) -> 0 | Y27: =ROUND(CZ27,2) -> 0 | AA27: 39507101 | AB27: =ROUND((AC27+AD27+AF27),2) -> 1329.1 | AC27: =ROUND((ES27),2) -> 1329.1 | AD27: =ROUND((((ET27)-(EU27))+AE27),2) -> 0 | AE27: =ROUND((EU27),2) -> 0 | AF27: =ROUND((EV27),2) -> 0 | AG27: =ROUND((AP27),2) -> 0 | AH27: =(EW27) -> 0 | AI27: =(EX27) -> 0 | AJ27: =ROUND((AS27),2) -> 0 | AK27: 1329.1 | AL27: 1329.1 | AM27: 0 | AN27: 0 | AO27: 0 | AP27: 0 | AQ27: 0 | AR27: 0 | AS27: 0 | AT27: 92 | AU27: 65 | AV27: 1 | AW27: 1 | AZ27: 6.62 | BA27: 1 | BB27: 1 | BC27: 6.62 | BH27: 3 | BI27: 2 | BJ27: ФССЦ-2001, 61.2.07.11-0181, приказ Минстроя России №1039/пр от 30.12.2016г. | BM27: 110004 | BN27: 0 | BP27: 0 | BQ27: 3 | BR27: 0 | BS27: 1 | BT27: 1 | BU27: 1 | BV27: 1 | BW27: 1 | BX27: 1 | BZ27: 92 | CA27: 65 | CF27: 0 | CG27: 0 | CM27: 0 | CO27: 0 | CP27: =(P27+Q27+S27) -> 879.86 | CQ27: =AC27*BC27 -> 8798.642 | CR27: =AD27*BB27 -> 0 | CS27: =AE27*BS27 -> 0 | CT27: =AF27*BA27 -> 0 | CU27: =AG27 -> 0 | CV27: =AH27 -> 0 | CW27: =AI27 -> 0 | CX27: =AJ27 -> 0 | CY27: =(((S27+R27)*AT27)/100) -> 0 | CZ27: =(((S27+R27)*AU27)/100) -> 0 | DN27: 0 | DO27: 0 | DP27: 1 | DQ27: 1 | DU27: 1010 | DV27: 10 шт. | DW27: 10 шт. | DX27: 10 | EE27: 39174390 | EF27: 3 | EG27: Монтажные работы | EH27: 0 | EJ27: 2 | EK27: 110004 | EL27: Связь: монтаж теле- радио оборудования ( отдел 4 и 5 ) - (при устройстве средств посадки самолетов : НР=95%, СП=55% - {АВИА}=1) | EM27: мФЕР-10 | EQ27: 0 | ER27: 1329.1 | ES27: 1329.1 | ET27: 0 | EU27: 0 | EV27: 0 | EW27: 0 | EX27: 0 | FQ27: 0 | FR27: =ROUND(IF(AND(BH27=3,BI27=3),P27,0),2) -> 0 | FS27: 0 | FX27: 92 | FY27: 65 | GD27: 0 | GF27: -1402303173 | GG27: 1 | GH27: 1 | GI27: 4 | GJ27: 0 | GK27: =ROUND(R27*(R12)/100,2) -> 0 | GL27: =ROUND(IF(AND(BH27=3,BI27=3,FS27<>0),P27,0),2) -> 0 | GM27: =ROUND(O27+X27+Y27+GK27,2)+GX27 -> 879.86 | GN27: =IF(OR(BI27=0,BI27=1),ROUND(O27+X27+Y27+GK27,2),0) -> 0 | GO27: =IF(BI27=2,ROUND(O27+X27+Y27+GK27,2),0) -> 879.86 | GP27: =IF(BI27=4,ROUND(O27+X27+Y27+GK27,2)+GX27,0) -> 0 | GR27: 0 | GS27: 3 | GT27: 0 | GV27: =ROUND(GT27,2) -> 0 | GW27: 1 | GX27: =ROUND(GV27*GW27*I27,2) -> 0 | HA27: 0 | HB27: 0 | IK27: 0
A28: 17 | B28: 1 | C28: =ROW(SmtRes!A24) -> 24 | D28: =ROW(EtalonRes!A23) -> 23 | E28: 3 | F28: м10-08-001-02 | G28: Приборы ПС приемно-контрольные, пусковые, концентратор блок базовый на 20 лучей | H28: ШТ | I28: 4 | J28: 0 | O28: =ROUND(CP28,2) -> 3448.49 | P28: =ROUND(CQ28*I28,2) -> 331.79 | Q28: =ROUND(CR28*I28,2) -> 0 | R28: =ROUND(CS28*I28,2) -> 0 | S28: =ROUND(CT28*I28,2) -> 3116.7 | T28: =ROUND(CU28*I28,2) -> 0 | U28: =CV28*I28 -> 46.8 | V28: =CW28*I28 -> 0 | W28: =ROUND(CX28*I28,2) -> 0 | X28: =ROUND(CY28,2) -> 2493.36 | Y28: =ROUND(CZ28,2) -> 1870.02 | AA28: 39507101 | AB28: =ROUND((AC28+AD28+AF28),2) -> 130.23 | AC28: =ROUND((ES28),2) -> 12.53 | AD28: =ROUND((((ET28)-(EU28))+AE28),2) -> 0 | AE28: =ROUND((EU28),2) -> 0 | AF28: =ROUND((EV28),2) -> 117.7 | AG28: =ROUND((AP28),2) -> 0 | AH28: =(EW28) -> 11.7 | AI28: =(EX28) -> 0 | AJ28: =ROUND((AS28),2) -> 0 | AK28: 130.23 | AL28: 12.53 | AM28: 0 | AN28: 0 | AO28: 117.7 | AP28: 0 | AQ28: 11.7 | AR28: 0 | AS28: 0 | AT28: 80 | AU28: 60 | AV28: 1 | AW28: 1 | AZ28: 6.62 | BA28: 6.62 | BB28: 6.62 | BC28: 6.62 | BH28: 0 | BI28: 2 | BJ28: ФЕРм-2001, м10-08-001-02, приказ Минстроя России №1039/пр от 30.12.2016г. | BM28: 110011 | BN28: 0 | BP28: 0 | BQ28: 3 | BR28: 0 | BS28: 6.62 | BT28: 1 | BU28: 1 | BV28: 1 | BW28: 1 | BX28: 1 | BZ28: 80 | CA28: 60 | CF28: 0 | CG28: 0 | CM28: 0 | CO28: 0 | CP28: =(P28+Q28+S28) -> 3448.49 | CQ28: =AC28*BC28 -> 82.9486 | CR28: =AD28*BB28 -> 0 | CS28: =AE28*BS28 -> 0 | CT28: =AF28*BA28 -> 779.174 | CU28: =AG28 -> 0 | CV28: =AH28 -> 11.7 | CW28: =AI28 -> 0 | CX28: =AJ28 -> 0 | CY28: =(((S28+R28)*AT28)/100) -> 2493.36 | CZ28: =(((S28+R28)*AU28)/100) -> 1870.02 | DN28: 0 | DO28: 0 | DP28: 1 | DQ28: 1 | DU28: 1013 | DV28: ШТ | DW28: ШТ | DX28: 1 | EE28: 39174433 | EF28: 3 | EG28: Монтажные работы | EH28: 0 | EJ28: 2 | EK28: 110011 | EL28: Связь: пожарно-охранная сигнализация и пром. телевиз. установки ( отделы 8 и 9 ) (при устройстве средств посадки самолетов : НР=95%, СП=55% - {АВИА}=1) | EM28: мФЕР-10 | EQ28: 0 | ER28: 130.23 | ES28: 12.53 | ET28: 0 | EU28: 0 | EV28: 117.7 | EW28: 11.7 | EX28: 0 | EY28: 0 | FQ28: 0 | FR28: =ROUND(IF(AND(BH28=3,BI28=3),P28,0),2) -> 0 | FS28: 0 | FX28: 80 | FY28: 60 | GD28: 0 | GF28: -749346172 | GG28: 1 | GH28: 1 | GI28: 4 | GJ28: 0 | GK28: =ROUND(R28*(R12)/100,2) -> 0 | GL28: =ROUND(IF(AND(BH28=3,BI28=3,FS28<>0),P28,0),2) -> 0 | GM28: =ROUND(O28+X28+Y28+GK28,2)+GX28 -> 7811.87 | GN28: =IF(OR(BI28=0,BI28=1),ROUND(O28+X28+Y28+GK28,2),0) -> 0 | GO28: =IF(BI28=2,ROUND(O28+X28+Y28+GK28,2),0) -> 7811.87 | GP28: =IF(BI28=4,ROUND(O28+X28+Y28+GK28,2)+GX28,0) -> 0 | GR28: 0 | GS28: 3 | GT28: 0 | GV28: =ROUND(GT28,2) -> 0 | GW28: 1 | GX28: =ROUND(GV28*GW28*I28,2) -> 0 | HA28: 0 | HB28: 0 | IK28: 0
A29: 18 | B29: 1 | C29: 23 | E29: 3,1 | F29: 61.2.07.04-0002 | G29: Контроллер двухпроводной линии связи, марка "С2000-КДЛ" | H29: шт. | I29: =I28*J29 -> 4 | J29: 1 | O29: =ROUND(CP29,2) -> 4650.68 | P29: =ROUND(CQ29*I29,2) -> 4650.68 | Q29: =ROUND(CR29*I29,2) -> 0 | R29: =ROUND(CS29*I29,2) -> 0 | S29: =ROUND(CT29*I29,2) -> 0 | T29: =ROUND(CU29*I29,2) -> 0 | U29: =CV29*I29 -> 0 | V29: =CW29*I29 -> 0 | W29: =ROUND(CX29*I29,2) -> 0 | X29: =ROUND(CY29,2) -> 0 | Y29: =ROUND(CZ29,2) -> 0 | AA29: 39507101 | AB29: =ROUND((AC29+AD29+AF29),2) -> 175.63 | AC29: =ROUND((ES29),2) -> 175.63 | AD29: =ROUND((((ET29)-(EU29))+AE29),2) -> 0 | AE29: =ROUND((EU29),2) -> 0 | AF29: =ROUND((EV29),2) -> 0 | AG29: =ROUND((AP29),2) -> 0 | AH29: =(EW29) -> 0 | AI29: =(EX29) -> 0 | AJ29: =ROUND((AS29),2) -> 0 | AK29: 175.63 | AL29: 175.63 | AM29: 0 | AN29: 0 | AO29: 0 | AP29: 0 | AQ29: 0 | AR29: 0 | AS29: 0 | AT29: 92 | AU29: 65 | AV29: 1 | AW29: 1 | AZ29: 6.62 | BA29: 1 | BB29: 1 | BC29: 6.62 | BH29: 3 | BI29: 2 | BJ29: ФССЦ-2001, 61.2.07.04-0002, приказ Минстроя России №1039/пр от 30.12.2016г. | BM29: 110004 | BN29: 0 | BP29: 0 | BQ29: 3 | BR29: 0 | BS29: 1 | BT29: 1 | BU29: 1 | BV29: 1 | BW29: 1 | BX29: 1 | BZ29: 92 | CA29: 65 | CF29: 0 | CG29: 0 | CM29: 0 | CO29: 0 | CP29: =(P29+Q29+S29) -> 4650.68 | CQ29: =AC29*BC29 -> 1162.6706 | CR29: =AD29*BB29 -> 0 | CS29: =AE29*BS29 -> 0 | CT29: =AF29*BA29 -> 0 | CU29: =AG29 -> 0 | CV29: =AH29 -> 0 | CW29: =AI29 -> 0 | CX29: =AJ29 -> 0 | CY29: =(((S29+R29)*AT29)/100) -> 0 | CZ29: =(((S29+R29)*AU29)/100) -> 0 | DN29: 0 | DO29: 0 | DP29: 1 | DQ29: 1 | DU29: 1010 | DV29: шт. | DW29: шт. | DX29: 1 | EE29: 39174390 | EF29: 3 | EG29: Монтажные работы | EH29: 0 | EJ29: 2 | EK29: 110004 | EL29: Связь: монтаж теле- радио оборудования ( отдел 4 и 5 ) - (при устройстве средств посадки самолетов : НР=95%, СП=55% - {АВИА}=1) | EM29: мФЕР-10 | EQ29: 0 | ER29: 175.63 | ES29: 175.63 | ET29: 0 | EU29: 0 | EV29: 0 | EW29: 0 | EX29: 0 | FQ29: 0 | FR29: =ROUND(IF(AND(BH29=3,BI29=3),P29,0),2) -> 0 | FS29: 0 | FX29: 92 | FY29: 65 | GD29: 0 | GF29: -2134391166 | GG29: 1 | GH29: 1 | GI29: 4 | GJ29: 0 | GK29: =ROUND(R29*(R12)/100,2) -> 0 | GL29: =ROUND(IF(AND(BH29=3,BI29=3,FS29<>0),P29,0),2) -> 0 | GM29: =ROUND(O29+X29+Y29+GK29,2)+GX29 -> 4650.68 | GN29: =IF(OR(BI29=0,BI29=1),ROUND(O29+X29+Y29+GK29,2),0) -> 0 | GO29: =IF(BI29=2,ROUND(O29+X29+Y29+GK29,2),0) -> 4650.68 | GP29: =IF(BI29=4,ROUND(O29+X29+Y29+GK29,2)+GX29,0) -> 0 | GR29: 0 | GS29: 3 | GT29: 0 | GV29: =ROUND(GT29,2) -> 0 | GW29: 1 | GX29: =ROUND(GV29*GW29*I29,2) -> 0 | HA29: 0 | HB29: 0 | IK29: 0
A30: 17 | B30: 1 | C30: =ROW(SmtRes!A30) -> 30 | D30: =ROW(EtalonRes!A27) -> 27 | E30: 4 | F30: м10-01-003-06 | G30: Блок релейный | H30: 10 ШТ | I30: =ROUND(2/10,9) -> 0.2 | J30: 0 | O30: =ROUND(CP30,2) -> 31.26 | P30: =ROUND(CQ30*I30,2) -> 0.45 | Q30: =ROUND(CR30*I30,2) -> 8.34 | R30: =ROUND(CS30*I30,2) -> 0.93 | S30: =ROUND(CT30*I30,2) -> 22.47 | T30: =ROUND(CU30*I30,2) -> 0 | U30: =CV30*I30 -> 0.328 | V30: =CW30*I30 -> 0.014 | W30: =ROUND(CX30*I30,2) -> 0 | X30: =ROUND(CY30,2) -> 18.72 | Y30: =ROUND(CZ30,2) -> 14.04 | AA30: 39507101 | AB30: =ROUND((AC30+AD30+AF30),2) -> 23.61 | AC30: =ROUND((ES30),2) -> 0.34 | AD30: =ROUND((((ET30)-(EU30))+AE30),2) -> 6.3 | AE30: =ROUND((EU30),2) -> 0.7 | AF30: =ROUND((EV30),2) -> 16.97 | AG30: =ROUND((AP30),2) -> 0 | AH30: =(EW30) -> 1.64 | AI30: =(EX30) -> 0.07 | AJ30: =ROUND((AS30),2) -> 0 | AK30: 23.61 | AL30: 0.34 | AM30: 6.3 | AN30: 0.7 | AO30: 16.97 | AP30: 0 | AQ30: 1.64 | AR30: 0.07 | AS30: 0 | AT30: 80 | AU30: 60 | AV30: 1 | AW30: 1 | AZ30: 6.62 | BA30: 6.62 | BB30: 6.62 | BC30: 6.62 | BH30: 0 | BI30: 2 | BJ30: ФЕРм-2001, м10-01-003-06, приказ Минстроя России №1039/пр от 30.12.2016г. | BM30: 110001 | BN30: 0 | BP30: 0 | BQ30: 3 | BR30: 0 | BS30: 6.62 | BT30: 1 | BU30: 1 | BV30: 1 | BW30: 1 | BX30: 1 | BZ30: 80 | CA30: 60 | CF30: 0 | CG30: 0 | CM30: 0 | CO30: 0 | CP30: =(P30+Q30+S30) -> 31.26 | CQ30: =AC30*BC30 -> 2.2508 | CR30: =AD30*BB30 -> 41.706 | CS30: =AE30*BS30 -> 4.634 | CT30: =AF30*BA30 -> 112.3414 | CU30: =AG30 -> 0 | CV30: =AH30 -> 1.64 | CW30: =AI30 -> 0.07 | CX30: =AJ30 -> 0 | CY30: =(((S30+R30)*AT30)/100) -> 18.72 | CZ30: =(((S30+R30)*AU30)/100) -> 14.04 | DN30: 0 | DO30: 0 | DP30: 1 | DQ30: 1 | DU30: 1013 | DV30: 10 ШТ | DW30: 10 ШТ | DX30: 1 | EE30: 39174389 | EF30: 3 | EG30: Монтажные работы | EH30: 0 | EJ30: 2 | EK30: 110001 | EL30: Связь: городская, местная, междугородняя проводная телефонная связь ( отделы 1, 2, 3 ) - ( при уст-ве средств посадки самолетов: {AВИА}=1 - НР=95%, СП=55% ) | EM30: мФЕР-10 | EQ30: 0 | ER30: 23.61 | ES30: 0.34 | ET30: 6.3 | EU30: 0.7 | EV30: 16.97 | EW30: 1.64 | EX30: 0.07 | EY30: 0 | FQ30: 0 | FR30: =ROUND(IF(AND(BH30=3,BI30=3),P30,0),2) -> 0 | FS30: 0 | FX30: 80 | FY30: 60 | GD30: 0 | GF30: 1685125645 | GG30: 1 | GH30: 1 | GI30: 4 | GJ30: 0 | GK30: =ROUND(R30*(R12)/100,2) -> 0 | GL30: =ROUND(IF(AND(BH30=3,BI30=3,FS30<>0),P30,0),2) -> 0 | GM30: =ROUND(O30+X30+Y30+GK30,2)+GX30 -> 64.02 | GN30: =IF(OR(BI30=0,BI30=1),ROUND(O30+X30+Y30+GK30,2),0) -> 0 | GO30: =IF(BI30=2,ROUND(O30+X30+Y30+GK30,2),0) -> 64.02 | GP30: =IF(BI30=4,ROUND(O30+X30+Y30+GK30,2)+GX30,0) -> 0 | GR30: 0 | GS30: 3 | GT30: 0 | GV30: =ROUND(GT30,2) -> 0 | GW30: 1 | GX30: =ROUND(GV30*GW30*I30,2) -> 0 | HA30: 0 | HB30: 0 | IK30: 0
A31: 18 | B31: 1 | C31: 28 | E31: 4,1 | F31: 61.2.07.02-0080 | G31: Блок сигнально-пусковой (релейный блок), марка "С2000-СП2" | H31: шт. | I31: =I30*J31 -> 1 | J31: 5 | O31: =ROUND(CP31,2) -> 645.25 | P31: =ROUND(CQ31*I31,2) -> 645.25 | Q31: =ROUND(CR31*I31,2) -> 0 | R31: =ROUND(CS31*I31,2) -> 0 | S31: =ROUND(CT31*I31,2) -> 0 | T31: =ROUND(CU31*I31,2) -> 0 | U31: =CV31*I31 -> 0 | V31: =CW31*I31 -> 0 | W31: =ROUND(CX31*I31,2) -> 0 | X31: =ROUND(CY31,2) -> 0 | Y31: =ROUND(CZ31,2) -> 0 | AA31: 39507101 | AB31: =ROUND((AC31+AD31+AF31),2) -> 97.47 | AC31: =ROUND((ES31),2) -> 97.47 | AD31: =ROUND((((ET31)-(EU31))+AE31),2) -> 0 | AE31: =ROUND((EU31),2) -> 0 | AF31: =ROUND((EV31),2) -> 0 | AG31: =ROUND((AP31),2) -> 0 | AH31: =(EW31) -> 0 | AI31: =(EX31) -> 0 | AJ31: =ROUND((AS31),2) -> 0 | AK31: 97.47 | AL31: 97.47 | AM31: 0 | AN31: 0 | AO31: 0 | AP31: 0 | AQ31: 0 | AR31: 0 | AS31: 0 | AT31: 80 | AU31: 60 | AV31: 1 | AW31: 1 | AZ31: 6.62 | BA31: 1 | BB31: 1 | BC31: 6.62 | BH31: 3 | BI31: 2 | BJ31: ФССЦ-2001, 61.2.07.02-0080, приказ Минстроя России №1039/пр от 30.12.2016г. | BM31: 110011 | BN31: 0 | BP31: 0 | BQ31: 3 | BR31: 0 | BS31: 1 | BT31: 1 | BU31: 1 | BV31: 1 | BW31: 1 | BX31: 1 | BZ31: 80 | CA31: 60 | CF31: 0 | CG31: 0 | CM31: 0 | CO31: 0 | CP31: =(P31+Q31+S31) -> 645.25 | CQ31: =AC31*BC31 -> 645.2514 | CR31: =AD31*BB31 -> 0 | CS31: =AE31*BS31 -> 0 | CT31: =AF31*BA31 -> 0 | CU31: =AG31 -> 0 | CV31: =AH31 -> 0 | CW31: =AI31 -> 0 | CX31: =AJ31 -> 0 | CY31: =(((S31+R31)*AT31)/100) -> 0 | CZ31: =(((S31+R31)*AU31)/100) -> 0 | DN31: 0 | DO31: 0 | DP31: 1 | DQ31: 1 | DU31: 1010 | DV31: шт. | DW31: шт. | DX31: 1 | EE31: 39174433 | EF31: 3 | EG31: Монтажные работы | EH31: 0 | EJ31: 2 | EK31: 110011 | EL31: Связь: пожарно-охранная сигнализация и пром. телевиз. установки ( отделы 8 и 9 ) (при устройстве средств посадки самолетов : НР=95%, СП=55% - {АВИА}=1) | EM31: мФЕР-10 | EQ31: 0 | ER31: 97.47 | ES31: 97.47 | ET31: 0 | EU31: 0 | EV31: 0 | EW31: 0 | EX31: 0 | FQ31: 0 | FR31: =ROUND(IF(AND(BH31=3,BI31=3),P31,0),2) -> 0 | FS31: 0 | FX31: 80 | FY31: 60 | GD31: 0 | GF31: -1678312250 | GG31: 1 | GH31: 1 | GI31: 4 | GJ31: 0 | GK31: =ROUND(R31*(R12)/100,2) -> 0 | GL31: =ROUND(IF(AND(BH31=3,BI31=3,FS31<>0),P31,0),2) -> 0 | GM31: =ROUND(O31+X31+Y31+GK31,2)+GX31 -> 645.25 | GN31: =IF(OR(BI31=0,BI31=1),ROUND(O31+X31+Y31+GK31,2),0) -> 0 | GO31: =IF(BI31=2,ROUND(O31+X31+Y31+GK31,2),0) -> 645.25 | GP31: =IF(BI31=4,ROUND(O31+X31+Y31+GK31,2)+GX31,0) -> 0 | GR31: 0 | GS31: 3 | GT31: 0 | GV31: =ROUND(GT31,2) -> 0 | GW31: 1 | GX31: =ROUND(GV31*GW31*I31,2) -> 0 | HA31: 0 | HB31: 0 | IK31: 0
A32: 18 | B32: 1 | C32: 29 | E32: 4,2 | F32: 61.2.07.02-0081 | G32: Блок сигнально-пусковой, марка "С2000-СП1" исп. 01 | H32: шт. | I32: =I30*J32 -> 1 | J32: 5 | O32: =ROUND(CP32,2) -> 1164.92 | P32: =ROUND(CQ32*I32,2) -> 1164.92 | Q32: =ROUND(CR32*I32,2) -> 0 | R32: =ROUND(CS32*I32,2) -> 0 | S32: =ROUND(CT32*I32,2) -> 0 | T32: =ROUND(CU32*I32,2) -> 0 | U32: =CV32*I32 -> 0 | V32: =CW32*I32 -> 0 | W32: =ROUND(CX32*I32,2) -> 0 | X32: =ROUND(CY32,2) -> 0 | Y32: =ROUND(CZ32,2) -> 0 | AA32: 39507101 | AB32: =ROUND((AC32+AD32+AF32),2) -> 175.97 | AC32: =ROUND((ES32),2) -> 175.97 | AD32: =ROUND((((ET32)-(EU32))+AE32),2) -> 0 | AE32: =ROUND((EU32),2) -> 0 | AF32: =ROUND((EV32),2) -> 0 | AG32: =ROUND((AP32),2) -> 0 | AH32: =(EW32) -> 0 | AI32: =(EX32) -> 0 | AJ32: =ROUND((AS32),2) -> 0 | AK32: 175.97 | AL32: 175.97 | AM32: 0 | AN32: 0 | AO32: 0 | AP32: 0 | AQ32: 0 | AR32: 0 | AS32: 0 | AT32: 80 | AU32: 60 | AV32: 1 | AW32: 1 | AZ32: 6.62 | BA32: 1 | BB32: 1 | BC32: 6.62 | BH32: 3 | BI32: 2 | BJ32: ФССЦ-2001, 61.2.07.02-0081, приказ Минстроя России №1039/пр от 30.12.2016г. | BM32: 110011 | BN32: 0 | BP32: 0 | BQ32: 3 | BR32: 0 | BS32: 1 | BT32: 1 | BU32: 1 | BV32: 1 | BW32: 1 | BX32: 1 | BZ32: 80 | CA32: 60 | CF32: 0 | CG32: 0 | CM32: 0 | CO32: 0 | CP32: =(P32+Q32+S32) -> 1164.92 | CQ32: =AC32*BC32 -> 1164.9214 | CR32: =AD32*BB32 -> 0 | CS32: =AE32*BS32 -> 0 | CT32: =AF32*BA32 -> 0 | CU32: =AG32 -> 0 | CV32: =AH32 -> 0 | CW32: =AI32 -> 0 | CX32: =AJ32 -> 0 | CY32: =(((S32+R32)*AT32)/100) -> 0 | CZ32: =(((S32+R32)*AU32)/100) -> 0 | DN32: 0 | DO32: 0 | DP32: 1 | DQ32: 1 | DU32: 1010 | DV32: шт. | DW32: шт. | DX32: 1 | EE32: 39174433 | EF32: 3 | EG32: Монтажные работы | EH32: 0 | EJ32: 2 | EK32: 110011 | EL32: Связь: пожарно-охранная сигнализация и пром. телевиз. установки ( отделы 8 и 9 ) (при устройстве средств посадки самолетов : НР=95%, СП=55% - {АВИА}=1) | EM32: мФЕР-10 | EQ32: 0 | ER32: 175.97 | ES32: 175.97 | ET32: 0 | EU32: 0 | EV32: 0 | EW32: 0 | EX32: 0 | FQ32: 0 | FR32: =ROUND(IF(AND(BH32=3,BI32=3),P32,0),2) -> 0 | FS32: 0 | FX32: 80 | FY32: 60 | GD32: 0 | GF32: -1989464412 | GG32: 1 | GH32: 1 | GI32: 4 | GJ32: 0 | GK32: =ROUND(R32*(R12)/100,2) -> 0 | GL32: =ROUND(IF(AND(BH32=3,BI32=3,FS32<>0),P32,0),2) -> 0 | GM32: =ROUND(O32+X32+Y32+GK32,2)+GX32 -> 1164.92 | GN32: =IF(OR(BI32=0,BI32=1),ROUND(O32+X32+Y32+GK32,2),0) -> 0 | GO32: =IF(BI32=2,ROUND(O32+X32+Y32+GK32,2),0) -> 1164.92 | GP32: =IF(BI32=4,ROUND(O32+X32+Y32+GK32,2)+GX32,0) -> 0 | GR32: 0 | GS32: 3 | GT32: 0 | GV32: =ROUND(GT32,2) -> 0 | GW32: 1 | GX32: =ROUND(GV32*GW32*I32,2) -> 0 | HA32: 0 | HB32: 0 | IK32: 0
A33: 17 | B33: 1 | C33: =ROW(SmtRes!A37) -> 37 | D33: =ROW(EtalonRes!A33) -> 33 | E33: 5 | F33: м10-08-003-03 | G33: Устройство ультразвуковое, блок питания и контроля | H33: ШТ | I33: 1 | J33: 0 | O33: =ROUND(CP33,2) -> 272.01 | P33: =ROUND(CQ33*I33,2) -> 28.66 | Q33: =ROUND(CR33*I33,2) -> 0 | R33: =ROUND(CS33*I33,2) -> 0 | S33: =ROUND(CT33*I33,2) -> 243.35 | T33: =ROUND(CU33*I33,2) -> 0 | U33: =CV33*I33 -> 3.6 | V33: =CW33*I33 -> 0 | W33: =ROUND(CX33*I33,2) -> 0 | X33: =ROUND(CY33,2) -> 194.68 | Y33: =ROUND(CZ33,2) -> 146.01 | AA33: 39507101 | AB33: =ROUND((AC33+AD33+AF33),2) -> 41.09 | AC33: =ROUND((ES33),2) -> 4.33 | AD33: =ROUND((((ET33)-(EU33))+AE33),2) -> 0 | AE33: =ROUND((EU33),2) -> 0 | AF33: =ROUND((EV33),2) -> 36.76 | AG33: =ROUND((AP33),2) -> 0 | AH33: =(EW33) -> 3.6 | AI33: =(EX33) -> 0 | AJ33: =ROUND((AS33),2) -> 0 | AK33: 41.09 | AL33: 4.33 | AM33: 0 | AN33: 0 | AO33: 36.76 | AP33: 0 | AQ33: 3.6 | AR33: 0 | AS33: 0 | AT33: 80 | AU33: 60 | AV33: 1 | AW33: 1 | AZ33: 6.62 | BA33: 6.62 | BB33: 6.62 | BC33: 6.62 | BH33: 0 | BI33: 2 | BJ33: ФЕРм-2001, м10-08-003-03, приказ Минстроя России №1039/пр от 30.12.2016г. | BM33: 110011 | BN33: 0 | BP33: 0 | BQ33: 3 | BR33: 0 | BS33: 6.62 | BT33: 1 | BU33: 1 | BV33: 1 | BW33: 1 | BX33: 1 | BZ33: 80 | CA33: 60 | CF33: 0 | CG33: 0 | CM33: 0 | CO33: 0 | CP33: =(P33+Q33+S33) -> 272.01 | CQ33: =AC33*BC33 -> 28.6646 | CR33: =AD33*BB33 -> 0 | CS33: =AE33*BS33 -> 0 | CT33: =AF33*BA33 -> 243.3512 | CU33: =AG33 -> 0 | CV33: =AH33 -> 3.6 | CW33: =AI33 -> 0 | CX33: =AJ33 -> 0 | CY33: =(((S33+R33)*AT33)/100) -> 194.68 | CZ33: =(((S33+R33)*AU33)/100) -> 146.01 | DN33: 0 | DO33: 0 | DP33: 1 | DQ33: 1 | DU33: 1013 | DV33: ШТ | DW33: ШТ | DX33: 1 | EE33: 39174433 | EF33: 3 | EG33: Монтажные работы | EH33: 0 | EJ33: 2 | EK33: 110011 | EL33: Связь: пожарно-охранная сигнализация и пром. телевиз. установки ( отделы 8 и 9 ) (при устройстве средств посадки самолетов : НР=95%, СП=55% - {АВИА}=1) | EM33: мФЕР-10 | EQ33: 0 | ER33: 41.09 | ES33: 4.33 | ET33: 0 | EU33: 0 | EV33: 36.76 | EW33: 3.6 | EX33: 0 | EY33: 0 | FQ33: 0 | FR33: =ROUND(IF(AND(BH33=3,BI33=3),P33,0),2) -> 0 | FS33: 0 | FX33: 80 | FY33: 60 | GD33: 0 | GF33: -1645192336 | GG33: 1 | GH33: 1 | GI33: 4 | GJ33: 0 | GK33: =ROUND(R33*(R12)/100,2) -> 0 | GL33: =ROUND(IF(AND(BH33=3,BI33=3,FS33<>0),P33,0),2) -> 0 | GM33: =ROUND(O33+X33+Y33+GK33,2)+GX33 -> 612.7 | GN33: =IF(OR(BI33=0,BI33=1),ROUND(O33+X33+Y33+GK33,2),0) -> 0 | GO33: =IF(BI33=2,ROUND(O33+X33+Y33+GK33,2),0) -> 612.7 | GP33: =IF(BI33=4,ROUND(O33+X33+Y33+GK33,2)+GX33,0) -> 0 | GR33: 0 | GS33: 3 | GT33: 0 | GV33: =ROUND(GT33,2) -> 0 | GW33: 1 | GX33: =ROUND(GV33*GW33*I33,2) -> 0 | HA33: 0 | HB33: 0 | IK33: 0
A34: 18 | B34: 1 | C34: 36 | E34: 5,1 | F34: 61.2.07.02-0035 | G34: Блок контроля и индикации, марка "С2000-БКИ" | H34: шт. | I34: =I33*J34 -> 1 | J34: 1 | O34: =ROUND(CP34,2) -> 2626.42 | P34: =ROUND(CQ34*I34,2) -> 2626.42 | Q34: =ROUND(CR34*I34,2) -> 0 | R34: =ROUND(CS34*I34,2) -> 0 | S34: =ROUND(CT34*I34,2) -> 0 | T34: =ROUND(CU34*I34,2) -> 0 | U34: =CV34*I34 -> 0 | V34: =CW34*I34 -> 0 | W34: =ROUND(CX34*I34,2) -> 0 | X34: =ROUND(CY34,2) -> 0 | Y34: =ROUND(CZ34,2) -> 0 | AA34: 39507101 | AB34: =ROUND((AC34+AD34+AF34),2) -> 396.74 | AC34: =ROUND((ES34),2) -> 396.74 | AD34: =ROUND((((ET34)-(EU34))+AE34),2) -> 0 | AE34: =ROUND((EU34),2) -> 0 | AF34: =ROUND((EV34),2) -> 0 | AG34: =ROUND((AP34),2) -> 0 | AH34: =(EW34) -> 0 | AI34: =(EX34) -> 0 | AJ34: =ROUND((AS34),2) -> 0 | AK34: 396.74 | AL34: 396.74 | AM34: 0 | AN34: 0 | AO34: 0 | AP34: 0 | AQ34: 0 | AR34: 0 | AS34: 0 | AT34: 80 | AU34: 60 | AV34: 1 | AW34: 1 | AZ34: 6.62 | BA34: 1 | BB34: 1 | BC34: 6.62 | BH34: 3 | BI34: 2 | BJ34: ФССЦ-2001, 61.2.07.02-0035, приказ Минстроя России №1039/пр от 30.12.2016г. | BM34: 110001 | BN34: 0 | BP34: 0 | BQ34: 3 | BR34: 0 | BS34: 1 | BT34: 1 | BU34: 1 | BV34: 1 | BW34: 1 | BX34: 1 | BZ34: 80 | CA34: 60 | CF34: 0 | CG34: 0 | CM34: 0 | CO34: 0 | CP34: =(P34+Q34+S34) -> 2626.42 | CQ34: =AC34*BC34 -> 2626.4188 | CR34: =AD34*BB34 -> 0 | CS34: =AE34*BS34 -> 0 | CT34: =AF34*BA34 -> 0 | CU34: =AG34 -> 0 | CV34: =AH34 -> 0 | CW34: =AI34 -> 0 | CX34: =AJ34 -> 0 | CY34: =(((S34+R34)*AT34)/100) -> 0 | CZ34: =(((S34+R34)*AU34)/100) -> 0 | DN34: 0 | DO34: 0 | DP34: 1 | DQ34: 1 | DU34: 1010 | DV34: шт. | DW34: шт. | DX34: 1 | EE34: 39174389 | EF34: 3 | EG34: Монтажные работы | EH34: 0 | EJ34: 2 | EK34: 110001 | EL34: Связь: городская, местная, междугородняя проводная телефонная связь ( отделы 1, 2, 3 ) - ( при уст-ве средств посадки самолетов: {AВИА}=1 - НР=95%, СП=55% ) | EM34: мФЕР-10 | EQ34: 0 | ER34: 396.74 | ES34: 396.74 | ET34: 0 | EU34: 0 | EV34: 0 | EW34: 0 | EX34: 0 | FQ34: 0 | FR34: =ROUND(IF(AND(BH34=3,BI34=3),P34,0),2) -> 0 | FS34: 0 | FX34: 80 | FY34: 60 | GD34: 0 | GF34: 2115845550 | GG34: 1 | GH34: 1 | GI34: 4 | GJ34: 0 | GK34: =ROUND(R34*(R12)/100,2) -> 0 | GL34: =ROUND(IF(AND(BH34=3,BI34=3,FS34<>0),P34,0),2) -> 0 | GM34: =ROUND(O34+X34+Y34+GK34,2)+GX34 -> 2626.42 | GN34: =IF(OR(BI34=0,BI34=1),ROUND(O34+X34+Y34+GK34,2),0) -> 0 | GO34: =IF(BI34=2,ROUND(O34+X34+Y34+GK34,2),0) -> 2626.42 | GP34: =IF(BI34=4,ROUND(O34+X34+Y34+GK34,2)+GX34,0) -> 0 | GR34: 0 | GS34: 3 | GT34: 0 | GV34: =ROUND(GT34,2) -> 0 | GW34: 1 | GX34: =ROUND(GV34*GW34*I34,2) -> 0 | HA34: 0 | HB34: 0 | IK34: 0
A35: 17 | B35: 1 | C35: =ROW(SmtRes!A45) -> 45 | D35: =ROW(EtalonRes!A39) -> 39 | E35: 6 | F35: м10-08-002-03 | G35: Извещатель ПС автоматический тепловой, дымовой, световой во взрывозащищенном исполнении | H35: ШТ | I35: 399 | J35: 0 | O35: =ROUND(CP35,2) -> 60830.98 | P35: =ROUND(CQ35*I35,2) -> 8373.17 | Q35: =ROUND(CR35*I35,2) -> 0 | R35: =ROUND(CS35*I35,2) -> 0 | S35: =ROUND(CT35*I35,2) -> 52457.81 | T35: =ROUND(CU35*I35,2) -> 0 | U35: =CV35*I35 -> 670.32 | V35: =CW35*I35 -> 0 | W35: =ROUND(CX35*I35,2) -> 0 | X35: =ROUND(CY35,2) -> 41966.25 | Y35: =ROUND(CZ35,2) -> 31474.69 | AA35: 39507101 | AB35: =ROUND((AC35+AD35+AF35),2) -> 23.03 | AC35: =ROUND((ES35),2) -> 3.17 | AD35: =ROUND((((ET35)-(EU35))+AE35),2) -> 0 | AE35: =ROUND((EU35),2) -> 0 | AF35: =ROUND((EV35),2) -> 19.86 | AG35: =ROUND((AP35),2) -> 0 | AH35: =(EW35) -> 1.68 | AI35: =(EX35) -> 0 | AJ35: =ROUND((AS35),2) -> 0 | AK35: 23.03 | AL35: 3.17 | AM35: 0 | AN35: 0 | AO35: 19.86 | AP35: 0 | AQ35: 1.68 | AR35: 0 | AS35: 0 | AT35: 80 | AU35: 60 | AV35: 1 | AW35: 1 | AZ35: 6.62 | BA35: 6.62 | BB35: 6.62 | BC35: 6.62 | BH35: 0 | BI35: 2 | BJ35: ФЕРм-2001, м10-08-002-03, приказ Минстроя России №1039/пр от 30.12.2016г. | BM35: 110011 | BN35: 0 | BP35: 0 | BQ35: 3 | BR35: 0 | BS35: 6.62 | BT35: 1 | BU35: 1 | BV35: 1 | BW35: 1 | BX35: 1 | BZ35: 80 | CA35: 60 | CF35: 0 | CG35: 0 | CM35: 0 | CO35: 0 | CP35: =(P35+Q35+S35) -> 60830.98 | CQ35: =AC35*BC35 -> 20.9854 | CR35: =AD35*BB35 -> 0 | CS35: =AE35*BS35 -> 0 | CT35: =AF35*BA35 -> 131.4732 | CU35: =AG35 -> 0 | CV35: =AH35 -> 1.68 | CW35: =AI35 -> 0 | CX35: =AJ35 -> 0 | CY35: =(((S35+R35)*AT35)/100) -> 41966.248 | CZ35: =(((S35+R35)*AU35)/100) -> 31474.686 | DN35: 0 | DO35: 0 | DP35: 1 | DQ35: 1 | DU35: 1013 | DV35: ШТ | DW35: ШТ | DX35: 1 | EE35: 39174433 | EF35: 3 | EG35: Монтажные работы | EH35: 0 | EJ35: 2 | EK35: 110011 | EL35: Связь: пожарно-охранная сигнализация и пром. телевиз. установки ( отделы 8 и 9 ) (при устройстве средств посадки самолетов : НР=95%, СП=55% - {АВИА}=1) | EM35: мФЕР-10 | EQ35: 0 | ER35: 23.03 | ES35: 3.17 | ET35: 0 | EU35: 0 | EV35: 19.86 | EW35: 1.68 | EX35: 0 | EY35: 0 | FQ35: 0 | FR35: =ROUND(IF(AND(BH35=3,BI35=3),P35,0),2) -> 0 | FS35: 0 | FX35: 80 | FY35: 60 | GD35: 0 | GF35: 723145742 | GG35: 1 | GH35: 1 | GI35: 4 | GJ35: 0 | GK35: =ROUND(R35*(R12)/100,2) -> 0 | GL35: =ROUND(IF(AND(BH35=3,BI35=3,FS35<>0),P35,0),2) -> 0 | GM35: =ROUND(O35+X35+Y35+GK35,2)+GX35 -> 134271.92 | GN35: =IF(OR(BI35=0,BI35=1),ROUND(O35+X35+Y35+GK35,2),0) -> 0 | GO35: =IF(BI35=2,ROUND(O35+X35+Y35+GK35,2),0) -> 134271.92 | GP35: =IF(BI35=4,ROUND(O35+X35+Y35+GK35,2)+GX35,0) -> 0 | GR35: 0 | GS35: 3 | GT35: 0 | GV35: =ROUND(GT35,2) -> 0 | GW35: 1 | GX35: =ROUND(GV35*GW35*I35,2) -> 0 | HA35: 0 | HB35: 0 | IK35: 0
A36: 18 | B36: 1 | C36: 43 | E36: 6,1 | F36: 61.2.02.01-0055 | G36: Извещатель пожарный дымовой ИП-212-7М1А оптико–электронный адресно-аналоговый (ДИП-34А-03) прим | H36: 10 шт. | I36: =I35*J36 -> 36.7 | J36: 0.09197995 | O36: =ROUND(CP36,2) -> 383704.54 | P36: =ROUND(CQ36*I36,2) -> 383704.54 | Q36: =ROUND(CR36*I36,2) -> 0 | R36: =ROUND(CS36*I36,2) -> 0 | S36: =ROUND(CT36*I36,2) -> 0 | T36: =ROUND(CU36*I36,2) -> 0 | U36: =CV36*I36 -> 0 | V36: =CW36*I36 -> 0 | W36: =ROUND(CX36*I36,2) -> 0 | X36: =ROUND(CY36,2) -> 0 | Y36: =ROUND(CZ36,2) -> 0 | AA36: 39507101 | AB36: =ROUND((AC36+AD36+AF36),2) -> 1579.33 | AC36: =ROUND((ES36),2) -> 1579.33 | AD36: =ROUND((((ET36)-(EU36))+AE36),2) -> 0 | AE36: =ROUND((EU36),2) -> 0 | AF36: =ROUND((EV36),2) -> 0 | AG36: =ROUND((AP36),2) -> 0 | AH36: =(EW36) -> 0 | AI36: =(EX36) -> 0 | AJ36: =ROUND((AS36),2) -> 0 | AK36: 1579.33 | AL36: 1579.33 | AM36: 0 | AN36: 0 | AO36: 0 | AP36: 0 | AQ36: 0 | AR36: 0 | AS36: 0 | AT36: 80 | AU36: 60 | AV36: 1 | AW36: 1 | AZ36: 6.62 | BA36: 1 | BB36: 1 | BC36: 6.62 | BH36: 3 | BI36: 2 | BJ36: ФССЦ-2001, 61.2.02.01-0055, приказ Минстроя России №1039/пр от 30.12.2016г. | BM36: 110011 | BN36: 0 | BP36: 0 | BQ36: 3 | BR36: 0 | BS36: 1 | BT36: 1 | BU36: 1 | BV36: 1 | BW36: 1 | BX36: 1 | BZ36: 80 | CA36: 60 | CF36: 0 | CG36: 0 | CM36: 0 | CO36: 0 | CP36: =(P36+Q36+S36) -> 383704.54 | CQ36: =AC36*BC36 -> 10455.165 | CR36: =AD36*BB36 -> 0 | CS36: =AE36*BS36 -> 0 | CT36: =AF36*BA36 -> 0 | CU36: =AG36 -> 0 | CV36: =AH36 -> 0 | CW36: =AI36 -> 0 | CX36: =AJ36 -> 0 | CY36: =(((S36+R36)*AT36)/100) -> 0 | CZ36: =(((S36+R36)*AU36)/100) -> 0 | DN36: 0 | DO36: 0 | DP36: 1 | DQ36: 1 | DU36: 1010 | DV36: 10 шт. | DW36: 10 шт. | DX36: 10 | EE36: 39174433 | EF36: 3 | EG36: Монтажные работы | EH36: 0 | EJ36: 2 | EK36: 110011 | EL36: Связь: пожарно-охранная сигнализация и пром. телевиз. установки ( отделы 8 и 9 ) (при устройстве средств посадки самолетов : НР=95%, СП=55% - {АВИА}=1) | EM36: мФЕР-10 | EQ36: 0 | ER36: 1579.33 | ES36: 1579.33 | ET36: 0 | EU36: 0 | EV36: 0 | EW36: 0 | EX36: 0 | FQ36: 0 | FR36: =ROUND(IF(AND(BH36=3,BI36=3),P36,0),2) -> 0 | FS36: 0 | FX36: 80 | FY36: 60 | GD36: 0 | GF36: -402903967 | GG36: 1 | GH36: 1 | GI36: 4 | GJ36: 0 | GK36: =ROUND(R36*(R12)/100,2) -> 0 | GL36: =ROUND(IF(AND(BH36=3,BI36=3,FS36<>0),P36,0),2) -> 0 | GM36: =ROUND(O36+X36+Y36+GK36,2)+GX36 -> 383704.54 | GN36: =IF(OR(BI36=0,BI36=1),ROUND(O36+X36+Y36+GK36,2),0) -> 0 | GO36: =IF(BI36=2,ROUND(O36+X36+Y36+GK36,2),0) -> 383704.54 | GP36: =IF(BI36=4,ROUND(O36+X36+Y36+GK36,2)+GX36,0) -> 0 | GR36: 0 | GS36: 3 | GT36: 0 | GV36: =ROUND(GT36,2) -> 0 | GW36: 1 | GX36: =ROUND(GV36*GW36*I36,2) -> 0 | HA36: 0 | HB36: 0 | IK36: 0
A37: 18 | B37: 1 | C37: 44 | E37: 6,2 | F37: 61.2.02.02-0051 | G37: Извещатель пожарный тепловой максимально- дифференциальный адресно-аналоговый, марка "С2000-ИП" | H37: шт. | I37: =I35*J37 -> 32 | J37: 0.080200501 | O37: =ROUND(CP37,2) -> 29094.11 | P37: =ROUND(CQ37*I37,2) -> 29094.11 | Q37: =ROUND(CR37*I37,2) -> 0 | R37: =ROUND(CS37*I37,2) -> 0 | S37: =ROUND(CT37*I37,2) -> 0 | T37: =ROUND(CU37*I37,2) -> 0 | U37: =CV37*I37 -> 0 | V37: =CW37*I37 -> 0 | W37: =ROUND(CX37*I37,2) -> 0 | X37: =ROUND(CY37,2) -> 0 | Y37: =ROUND(CZ37,2) -> 0 | AA37: 39507101 | AB37: =ROUND((AC37+AD37+AF37),2) -> 137.34 | AC37: =ROUND((ES37),2) -> 137.34 | AD37: =ROUND((((ET37)-(EU37))+AE37),2) -> 0 | AE37: =ROUND((EU37),2) -> 0 | AF37: =ROUND((EV37),2) -> 0 | AG37: =ROUND((AP37),2) -> 0 | AH37: =(EW37) -> 0 | AI37: =(EX37) -> 0 | AJ37: =ROUND((AS37),2) -> 0 | AK37: 137.34 | AL37: 137.34 | AM37: 0 | AN37: 0 | AO37: 0 | AP37: 0 | AQ37: 0 | AR37: 0 | AS37: 0 | AT37: 80 | AU37: 60 | AV37: 1 | AW37: 1 | AZ37: 6.62 | BA37: 1 | BB37: 1 | BC37: 6.62 | BH37: 3 | BI37: 2 | BJ37: ФССЦ-2001, 61.2.02.02-0051, приказ Минстроя России №1039/пр от 30.12.2016г. | BM37: 110011 | BN37: 0 | BP37: 0 | BQ37: 3 | BR37: 0 | BS37: 1 | BT37: 1 | BU37: 1 | BV37: 1 | BW37: 1 | BX37: 1 | BZ37: 80 | CA37: 60 | CF37: 0 | CG37: 0 | CM37: 0 | CO37: 0 | CP37: =(P37+Q37+S37) -> 29094.11 | CQ37: =AC37*BC37 -> 909.1908 | CR37: =AD37*BB37 -> 0 | CS37: =AE37*BS37 -> 0 | CT37: =AF37*BA37 -> 0 | CU37: =AG37 -> 0 | CV37: =AH37 -> 0 | CW37: =AI37 -> 0 | CX37: =AJ37 -> 0 | CY37: =(((S37+R37)*AT37)/100) -> 0 | CZ37: =(((S37+R37)*AU37)/100) -> 0 | DN37: 0 | DO37: 0 | DP37: 1 | DQ37: 1 | DU37: 1010 | DV37: шт. | DW37: шт. | DX37: 1 | EE37: 39174433 | EF37: 3 | EG37: Монтажные работы | EH37: 0 | EJ37: 2 | EK37: 110011 | EL37: Связь: пожарно-охранная сигнализация и пром. телевиз. установки ( отделы 8 и 9 ) (при устройстве средств посадки самолетов : НР=95%, СП=55% - {АВИА}=1) | EM37: мФЕР-10 | EQ37: 0 | ER37: 137.34 | ES37: 137.34 | ET37: 0 | EU37: 0 | EV37: 0 | EW37: 0 | EX37: 0 | FQ37: 0 | FR37: =ROUND(IF(AND(BH37=3,BI37=3),P37,0),2) -> 0 | FS37: 0 | FX37: 80 | FY37: 60 | GD37: 0 | GF37: 969383451 | GG37: 1 | GH37: 1 | GI37: 4 | GJ37: 0 | GK37: =ROUND(R37*(R12)/100,2) -> 0 | GL37: =ROUND(IF(AND(BH37=3,BI37=3,FS37<>0),P37,0),2) -> 0 | GM37: =ROUND(O37+X37+Y37+GK37,2)+GX37 -> 29094.11 | GN37: =IF(OR(BI37=0,BI37=1),ROUND(O37+X37+Y37+GK37,2),0) -> 0 | GO37: =IF(BI37=2,ROUND(O37+X37+Y37+GK37,2),0) -> 29094.11 | GP37: =IF(BI37=4,ROUND(O37+X37+Y37+GK37,2)+GX37,0) -> 0 | GR37: 0 | GS37: 3 | GT37: 0 | GV37: =ROUND(GT37,2) -> 0 | GW37: 1 | GX37: =ROUND(GV37*GW37*I37,2) -> 0 | HA37: 0 | HB37: 0 | IK37: 0
A38: 17 | B38: 1 | C38: =ROW(SmtRes!A51) -> 51 | D38: =ROW(EtalonRes!A44) -> 44 | E38: 7 | F38: м10-08-001-01 прим. | G38: Приборы ПС приемно-контрольные, пусковые, концентратор блок базовый на 10 лучей | H38: ШТ | I38: 18 | J38: 0 | O38: =ROUND(CP38,2) -> 9656.73 | P38: =ROUND(CQ38*I38,2) -> 1025.97 | Q38: =ROUND(CR38*I38,2) -> 0 | R38: =ROUND(CS38*I38,2) -> 0 | S38: =ROUND(CT38*I38,2) -> 8630.76 | T38: =ROUND(CU38*I38,2) -> 0 | U38: =CV38*I38 -> 129.6 | V38: =CW38*I38 -> 0 | W38: =ROUND(CX38*I38,2) -> 0 | X38: =ROUND(CY38,2) -> 6904.61 | Y38: =ROUND(CZ38,2) -> 5178.46 | AA38: 39507101 | AB38: =ROUND((AC38+AD38+AF38),2) -> 81.04 | AC38: =ROUND((ES38),2) -> 8.61 | AD38: =ROUND((((ET38)-(EU38))+AE38),2) -> 0 | AE38: =ROUND((EU38),2) -> 0 | AF38: =ROUND((EV38),2) -> 72.43 | AG38: =ROUND((AP38),2) -> 0 | AH38: =(EW38) -> 7.2 | AI38: =(EX38) -> 0 | AJ38: =ROUND((AS38),2) -> 0 | AK38: 81.04 | AL38: 8.61 | AM38: 0 | AN38: 0 | AO38: 72.43 | AP38: 0 | AQ38: 7.2 | AR38: 0 | AS38: 0 | AT38: 80 | AU38: 60 | AV38: 1 | AW38: 1 | AZ38: 6.62 | BA38: 6.62 | BB38: 6.62 | BC38: 6.62 | BH38: 0 | BI38: 2 | BJ38: ФЕРм-2001, м10-08-001-01, приказ Минстроя России №1039/пр от 30.12.2016г. | BM38: 110011 | BN38: 0 | BP38: 0 | BQ38: 3 | BR38: 0 | BS38: 6.62 | BT38: 1 | BU38: 1 | BV38: 1 | BW38: 1 | BX38: 1 | BZ38: 80 | CA38: 60 | CF38: 0 | CG38: 0 | CM38: 0 | CO38: 0 | CP38: =(P38+Q38+S38) -> 9656.73 | CQ38: =AC38*BC38 -> 56.9982 | CR38: =AD38*BB38 -> 0 | CS38: =AE38*BS38 -> 0 | CT38: =AF38*BA38 -> 479.4866 | CU38: =AG38 -> 0 | CV38: =AH38 -> 7.2 | CW38: =AI38 -> 0 | CX38: =AJ38 -> 0 | CY38: =(((S38+R38)*AT38)/100) -> 6904.608 | CZ38: =(((S38+R38)*AU38)/100) -> 5178.456 | DN38: 0 | DO38: 0 | DP38: 1 | DQ38: 1 | DU38: 1013 | DV38: ШТ | DW38: ШТ | DX38: 1 | EE38: 39174433 | EF38: 3 | EG38: Монтажные работы | EH38: 0 | EJ38: 2 | EK38: 110011 | EL38: Связь: пожарно-охранная сигнализация и пром. телевиз. установки ( отделы 8 и 9 ) (при устройстве средств посадки самолетов : НР=95%, СП=55% - {АВИА}=1) | EM38: мФЕР-10 | EQ38: 0 | ER38: 81.04 | ES38: 8.61 | ET38: 0 | EU38: 0 | EV38: 72.43 | EW38: 7.2 | EX38: 0 | EY38: 0 | FQ38: 0 | FR38: =ROUND(IF(AND(BH38=3,BI38=3),P38,0),2) -> 0 | FS38: 0 | FX38: 80 | FY38: 60 | GD38: 0 | GF38: -1258098485 | GG38: 1 | GH38: 1 | GI38: 4 | GJ38: 0 | GK38: =ROUND(R38*(R12)/100,2) -> 0 | GL38: =ROUND(IF(AND(BH38=3,BI38=3,FS38<>0),P38,0),2) -> 0 | GM38: =ROUND(O38+X38+Y38+GK38,2)+GX38 -> 21739.8 | GN38: =IF(OR(BI38=0,BI38=1),ROUND(O38+X38+Y38+GK38,2),0) -> 0 | GO38: =IF(BI38=2,ROUND(O38+X38+Y38+GK38,2),0) -> 21739.8 | GP38: =IF(BI38=4,ROUND(O38+X38+Y38+GK38,2)+GX38,0) -> 0 | GR38: 0 | GS38: 3 | GT38: 0 | GV38: =ROUND(GT38,2) -> 0 | GW38: 1 | GX38: =ROUND(GV38*GW38*I38,2) -> 0 | HA38: 0 | HB38: 0 | IK38: 0
A39: 18 | B39: 1 | C39: 50 | E39: 7,1 | F39: 61.2.07.02-0051 | G39: Блок разветвительно-изолирующий, марка "БРИЗ", размер 50x30x25 мм | H39: 10 шт. | I39: =I38*J39 -> 1.8 | J39: 0.1 | O39: =ROUND(CP39,2) -> 8200.59 | P39: =ROUND(CQ39*I39,2) -> 8200.59 | Q39: =ROUND(CR39*I39,2) -> 0 | R39: =ROUND(CS39*I39,2) -> 0 | S39: =ROUND(CT39*I39,2) -> 0 | T39: =ROUND(CU39*I39,2) -> 0 | U39: =CV39*I39 -> 0 | V39: =CW39*I39 -> 0 | W39: =ROUND(CX39*I39,2) -> 0 | X39: =ROUND(CY39,2) -> 0 | Y39: =ROUND(CZ39,2) -> 0 | AA39: 39507101 | AB39: =ROUND((AC39+AD39+AF39),2) -> 688.2 | AC39: =ROUND((ES39),2) -> 688.2 | AD39: =ROUND((((ET39)-(EU39))+AE39),2) -> 0 | AE39: =ROUND((EU39),2) -> 0 | AF39: =ROUND((EV39),2) -> 0 | AG39: =ROUND((AP39),2) -> 0 | AH39: =(EW39) -> 0 | AI39: =(EX39) -> 0 | AJ39: =ROUND((AS39),2) -> 0 | AK39: 688.2 | AL39: 688.2 | AM39: 0 | AN39: 0 | AO39: 0 | AP39: 0 | AQ39: 0 | AR39: 0 | AS39: 0 | AT39: 80 | AU39: 60 | AV39: 1 | AW39: 1 | AZ39: 6.62 | BA39: 1 | BB39: 1 | BC39: 6.62 | BH39: 3 | BI39: 2 | BJ39: ФССЦ-2001, 61.2.07.02-0051, приказ Минстроя России №1039/пр от 30.12.2016г. | BM39: 110011 | BN39: 0 | BP39: 0 | BQ39: 3 | BR39: 0 | BS39: 1 | BT39: 1 | BU39: 1 | BV39: 1 | BW39: 1 | BX39: 1 | BZ39: 80 | CA39: 60 | CF39: 0 | CG39: 0 | CM39: 0 | CO39: 0 | CP39: =(P39+Q39+S39) -> 8200.59 | CQ39: =AC39*BC39 -> 4555.884 | CR39: =AD39*BB39 -> 0 | CS39: =AE39*BS39 -> 0 | CT39: =AF39*BA39 -> 0 | CU39: =AG39 -> 0 | CV39: =AH39 -> 0 | CW39: =AI39 -> 0 | CX39: =AJ39 -> 0 | CY39: =(((S39+R39)*AT39)/100) -> 0 | CZ39: =(((S39+R39)*AU39)/100) -> 0 | DN39: 0 | DO39: 0 | DP39: 1 | DQ39: 1 | DU39: 1010 | DV39: 10 шт. | DW39: 10 шт. | DX39: 10 | EE39: 39174433 | EF39: 3 | EG39: Монтажные работы | EH39: 0 | EJ39: 2 | EK39: 110011 | EL39: Связь: пожарно-охранная сигнализация и пром. телевиз. установки ( отделы 8 и 9 ) (при устройстве средств посадки самолетов : НР=95%, СП=55% - {АВИА}=1) | EM39: мФЕР-10 | EQ39: 0 | ER39: 688.2 | ES39: 688.2 | ET39: 0 | EU39: 0 | EV39: 0 | EW39: 0 | EX39: 0 | FQ39: 0 | FR39: =ROUND(IF(AND(BH39=3,BI39=3),P39,0),2) -> 0 | FS39: 0 | FX39: 80 | FY39: 60 | GD39: 0 | GF39: 402703790 | GG39: 1 | GH39: 1 | GI39: 4 | GJ39: 0 | GK39: =ROUND(R39*(R12)/100,2) -> 0 | GL39: =ROUND(IF(AND(BH39=3,BI39=3,FS39<>0),P39,0),2) -> 0 | GM39: =ROUND(O39+X39+Y39+GK39,2)+GX39 -> 8200.59 | GN39: =IF(OR(BI39=0,BI39=1),ROUND(O39+X39+Y39+GK39,2),0) -> 0 | GO39: =IF(BI39=2,ROUND(O39+X39+Y39+GK39,2),0) -> 8200.59 | GP39: =IF(BI39=4,ROUND(O39+X39+Y39+GK39,2)+GX39,0) -> 0 | GR39: 0 | GS39: 3 | GT39: 0 | GV39: =ROUND(GT39,2) -> 0 | GW39: 1 | GX39: =ROUND(GV39*GW39*I39,2) -> 0 | HA39: 0 | HB39: 0 | IK39: 0
A40: 17 | B40: 1 | C40: =ROW(SmtRes!A54) -> 54 | D40: =ROW(EtalonRes!A46) -> 46 | E40: 8 | F40: м10-01-039-06 прим. | G40: Реле, ключ, кнопка и др. с подготовкой места установки | H40: ШТ | I40: 11 | J40: 0 | O40: =ROUND(CP40,2) -> 1267.07 | P40: =ROUND(CQ40*I40,2) -> 24.76 | Q40: =ROUND(CR40*I40,2) -> 0 | R40: =ROUND(CS40*I40,2) -> 0 | S40: =ROUND(CT40*I40,2) -> 1242.31 | T40: =ROUND(CU40*I40,2) -> 0 | U40: =CV40*I40 -> 22 | V40: =CW40*I40 -> 0 | W40: =ROUND(CX40*I40,2) -> 0 | X40: =ROUND(CY40,2) -> 993.85 | Y40: =ROUND(CZ40,2) -> 745.39 | AA40: 39507101 | AB40: =ROUND((AC40+AD40+AF40),2) -> 17.4 | AC40: =ROUND((ES40),2) -> 0.34 | AD40: =ROUND((((ET40)-(EU40))+AE40),2) -> 0 | AE40: =ROUND((EU40),2) -> 0 | AF40: =ROUND((EV40),2) -> 17.06 | AG40: =ROUND((AP40),2) -> 0 | AH40: =(EW40) -> 2 | AI40: =(EX40) -> 0 | AJ40: =ROUND((AS40),2) -> 0 | AK40: 17.4 | AL40: 0.34 | AM40: 0 | AN40: 0 | AO40: 17.06 | AP40: 0 | AQ40: 2 | AR40: 0 | AS40: 0 | AT40: 80 | AU40: 60 | AV40: 1 | AW40: 1 | AZ40: 6.62 | BA40: 6.62 | BB40: 6.62 | BC40: 6.62 | BH40: 0 | BI40: 2 | BJ40: ФЕРм-2001, м10-01-039-06, приказ Минстроя России №1039/пр от 30.12.2016г. | BM40: 110001 | BN40: 0 | BP40: 0 | BQ40: 3 | BR40: 0 | BS40: 6.62 | BT40: 1 | BU40: 1 | BV40: 1 | BW40: 1 | BX40: 1 | BZ40: 80 | CA40: 60 | CF40: 0 | CG40: 0 | CM40: 0 | CO40: 0 | CP40: =(P40+Q40+S40) -> 1267.07 | CQ40: =AC40*BC40 -> 2.2508 | CR40: =AD40*BB40 -> 0 | CS40: =AE40*BS40 -> 0 | CT40: =AF40*BA40 -> 112.9372 | CU40: =AG40 -> 0 | CV40: =AH40 -> 2 | CW40: =AI40 -> 0 | CX40: =AJ40 -> 0 | CY40: =(((S40+R40)*AT40)/100) -> 993.848 | CZ40: =(((S40+R40)*AU40)/100) -> 745.386 | DN40: 0 | DO40: 0 | DP40: 1 | DQ40: 1 | DU40: 1013 | DV40: ШТ | DW40: ШТ | DX40: 1 | EE40: 39174389 | EF40: 3 | EG40: Монтажные работы | EH40: 0 | EJ40: 2 | EK40: 110001 | EL40: Связь: городская, местная, междугородняя проводная телефонная связь ( отделы 1, 2, 3 ) - ( при уст-ве средств посадки самолетов: {AВИА}=1 - НР=95%, СП=55% ) | EM40: мФЕР-10 | EQ40: 0 | ER40: 17.4 | ES40: 0.34 | ET40: 0 | EU40: 0 | EV40: 17.06 | EW40: 2 | EX40: 0 | EY40: 0 | FQ40: 0 | FR40: =ROUND(IF(AND(BH40=3,BI40=3),P40,0),2) -> 0 | FS40: 0 | FX40: 80 | FY40: 60 | GD40: 0 | GF40: -86702790 | GG40: 1 | GH40: 1 | GI40: 4 | GJ40: 0 | GK40: =ROUND(R40*(R12)/100,2) -> 0 | GL40: =ROUND(IF(AND(BH40=3,BI40=3,FS40<>0),P40,0),2) -> 0 | GM40: =ROUND(O40+X40+Y40+GK40,2)+GX40 -> 3006.31 | GN40: =IF(OR(BI40=0,BI40=1),ROUND(O40+X40+Y40+GK40,2),0) -> 0 | GO40: =IF(BI40=2,ROUND(O40+X40+Y40+GK40,2),0) -> 3006.31 | GP40: =IF(BI40=4,ROUND(O40+X40+Y40+GK40,2)+GX40,0) -> 0 | GR40: 0 | GS40: 3 | GT40: 0 | GV40: =ROUND(GT40,2) -> 0 | GW40: 1 | GX40: =ROUND(GV40*GW40*I40,2) -> 0 | HA40: 0 | HB40: 0 | IK40: 0
A41: 18 | B41: 1 | C41: 53 | E41: 8,1 | F41: 61.2.02.03-0026 | G41: Извещатель пожарный ручной ИПР-513-3АМ прим. | H41: 10 шт. | I41: =I40*J41 -> 1.1 | J41: 0.1 | O41: =ROUND(CP41,2) -> 10589.78 | P41: =ROUND(CQ41*I41,2) -> 10589.78 | Q41: =ROUND(CR41*I41,2) -> 0 | R41: =ROUND(CS41*I41,2) -> 0 | S41: =ROUND(CT41*I41,2) -> 0 | T41: =ROUND(CU41*I41,2) -> 0 | U41: =CV41*I41 -> 0 | V41: =CW41*I41 -> 0 | W41: =ROUND(CX41*I41,2) -> 0 | X41: =ROUND(CY41,2) -> 0 | Y41: =ROUND(CZ41,2) -> 0 | AA41: 39507101 | AB41: =ROUND((AC41+AD41+AF41),2) -> 1454.24 | AC41: =ROUND((ES41),2) -> 1454.24 | AD41: =ROUND((((ET41)-(EU41))+AE41),2) -> 0 | AE41: =ROUND((EU41),2) -> 0 | AF41: =ROUND((EV41),2) -> 0 | AG41: =ROUND((AP41),2) -> 0 | AH41: =(EW41) -> 0 | AI41: =(EX41) -> 0 | AJ41: =ROUND((AS41),2) -> 0 | AK41: 1454.24 | AL41: 1454.24 | AM41: 0 | AN41: 0 | AO41: 0 | AP41: 0 | AQ41: 0 | AR41: 0 | AS41: 0 | AT41: 80 | AU41: 60 | AV41: 1 | AW41: 1 | AZ41: 6.62 | BA41: 1 | BB41: 1 | BC41: 6.62 | BH41: 3 | BI41: 2 | BJ41: ФССЦ-2001, 61.2.02.03-0026, приказ Минстроя России №1039/пр от 30.12.2016г. | BM41: 110011 | BN41: 0 | BP41: 0 | BQ41: 3 | BR41: 0 | BS41: 1 | BT41: 1 | BU41: 1 | BV41: 1 | BW41: 1 | BX41: 1 | BZ41: 80 | CA41: 60 | CF41: 0 | CG41: 0 | CM41: 0 | CO41: 0 | CP41: =(P41+Q41+S41) -> 10589.78 | CQ41: =AC41*BC41 -> 9627.0688 | CR41: =AD41*BB41 -> 0 | CS41: =AE41*BS41 -> 0 | CT41: =AF41*BA41 -> 0 | CU41: =AG41 -> 0 | CV41: =AH41 -> 0 | CW41: =AI41 -> 0 | CX41: =AJ41 -> 0 | CY41: =(((S41+R41)*AT41)/100) -> 0 | CZ41: =(((S41+R41)*AU41)/100) -> 0 | DN41: 0 | DO41: 0 | DP41: 1 | DQ41: 1 | DU41: 1010 | DV41: 10 шт. | DW41: 10 шт. | DX41: 10 | EE41: 39174433 | EF41: 3 | EG41: Монтажные работы | EH41: 0 | EJ41: 2 | EK41: 110011 | EL41: Связь: пожарно-охранная сигнализация и пром. телевиз. установки ( отделы 8 и 9 ) (при устройстве средств посадки самолетов : НР=95%, СП=55% - {АВИА}=1) | EM41: мФЕР-10 | EQ41: 0 | ER41: 1454.24 | ES41: 1454.24 | ET41: 0 | EU41: 0 | EV41: 0 | EW41: 0 | EX41: 0 | FQ41: 0 | FR41: =ROUND(IF(AND(BH41=3,BI41=3),P41,0),2) -> 0 | FS41: 0 | FX41: 80 | FY41: 60 | GD41: 0 | GF41: 894691232 | GG41: 1 | GH41: 1 | GI41: 4 | GJ41: 0 | GK41: =ROUND(R41*(R12)/100,2) -> 0 | GL41: =ROUND(IF(AND(BH41=3,BI41=3,FS41<>0),P41,0),2) -> 0 | GM41: =ROUND(O41+X41+Y41+GK41,2)+GX41 -> 10589.78 | GN41: =IF(OR(BI41=0,BI41=1),ROUND(O41+X41+Y41+GK41,2),0) -> 0 | GO41: =IF(BI41=2,ROUND(O41+X41+Y41+GK41,2),0) -> 10589.78 | GP41: =IF(BI41=4,ROUND(O41+X41+Y41+GK41,2)+GX41,0) -> 0 | GR41: 0 | GS41: 3 | GT41: 0 | GV41: =ROUND(GT41,2) -> 0 | GW41: 1 | GX41: =ROUND(GV41*GW41*I41,2) -> 0 | HA41: 0 | HB41: 0 | IK41: 0
A42: 17 | B42: 1 | C42: =ROW(SmtRes!A72) -> 72 | D42: =ROW(EtalonRes!A63) -> 63 | E42: 9 | F42: м10-02-016-06 | G42: Отдельно устанавливаемый преобразователь или блок питания | H42: ШТ | I42: 2 | J42: 0 | O42: =ROUND(CP42,2) -> 2647.33 | P42: =ROUND(CQ42*I42,2) -> 640.02 | Q42: =ROUND(CR42*I42,2) -> 524.3 | R42: =ROUND(CS42*I42,2) -> 58.65 | S42: =ROUND(CT42*I42,2) -> 1483.01 | T42: =ROUND(CU42*I42,2) -> 0 | U42: =CV42*I42 -> 20.2 | V42: =CW42*I42 -> 0.88 | W42: =ROUND(CX42*I42,2) -> 0 | X42: =ROUND(CY42,2) -> 1233.33 | Y42: =ROUND(CZ42,2) -> 925 | AA42: 39507101 | AB42: =ROUND((AC42+AD42+AF42),2) -> 199.95 | AC42: =ROUND((ES42),2) -> 48.34 | AD42: =ROUND((((ET42)-(EU42))+AE42),2) -> 39.6 | AE42: =ROUND((EU42),2) -> 4.43 | AF42: =ROUND((EV42),2) -> 112.01 | AG42: =ROUND((AP42),2) -> 0 | AH42: =(EW42) -> 10.1 | AI42: =(EX42) -> 0.44 | AJ42: =ROUND((AS42),2) -> 0 | AK42: 199.95 | AL42: 48.34 | AM42: 39.6 | AN42: 4.43 | AO42: 112.01 | AP42: 0 | AQ42: 10.1 | AR42: 0.44 | AS42: 0 | AT42: 80 | AU42: 60 | AV42: 1 | AW42: 1 | AZ42: 6.62 | BA42: 6.62 | BB42: 6.62 | BC42: 6.62 | BH42: 0 | BI42: 2 | BJ42: ФЕРм-2001, м10-02-016-06, приказ Минстроя России №1039/пр от 30.12.2016г. | BM42: 110001 | BN42: 0 | BP42: 0 | BQ42: 3 | BR42: 0 | BS42: 6.62 | BT42: 1 | BU42: 1 | BV42: 1 | BW42: 1 | BX42: 1 | BZ42: 80 | CA42: 60 | CF42: 0 | CG42: 0 | CM42: 0 | CO42: 0 | CP42: =(P42+Q42+S42) -> 2647.33 | CQ42: =AC42*BC42 -> 320.0108 | CR42: =AD42*BB42 -> 262.152 | CS42: =AE42*BS42 -> 29.3266 | CT42: =AF42*BA42 -> 741.5062 | CU42: =AG42 -> 0 | CV42: =AH42 -> 10.1 | CW42: =AI42 -> 0.44 | CX42: =AJ42 -> 0 | CY42: =(((S42+R42)*AT42)/100) -> 1233.328 | CZ42: =(((S42+R42)*AU42)/100) -> 924.996 | DN42: 0 | DO42: 0 | DP42: 1 | DQ42: 1 | DU42: 1013 | DV42: ШТ | DW42: ШТ | DX42: 1 | EE42: 39174389 | EF42: 3 | EG42: Монтажные работы | EH42: 0 | EJ42: 2 | EK42: 110001 | EL42: Связь: городская, местная, междугородняя проводная телефонная связь ( отделы 1, 2, 3 ) - ( при уст-ве средств посадки самолетов: {AВИА}=1 - НР=95%, СП=55% ) | EM42: мФЕР-10 | EQ42: 0 | ER42: 199.95 | ES42: 48.34 | ET42: 39.6 | EU42: 4.43 | EV42: 112.01 | EW42: 10.1 | EX42: 0.44 | EY42: 0 | FQ42: 0 | FR42: =ROUND(IF(AND(BH42=3,BI42=3),P42,0),2) -> 0 | FS42: 0 | FX42: 80 | FY42: 60 | GD42: 0 | GF42: 1110635560 | GG42: 1 | GH42: 1 | GI42: 4 | GJ42: 0 | GK42: =ROUND(R42*(R12)/100,2) -> 0 | GL42: =ROUND(IF(AND(BH42=3,BI42=3,FS42<>0),P42,0),2) -> 0 | GM42: =ROUND(O42+X42+Y42+GK42,2)+GX42 -> 4805.66 | GN42: =IF(OR(BI42=0,BI42=1),ROUND(O42+X42+Y42+GK42,2),0) -> 0 | GO42: =IF(BI42=2,ROUND(O42+X42+Y42+GK42,2),0) -> 4805.66 | GP42: =IF(BI42=4,ROUND(O42+X42+Y42+GK42,2)+GX42,0) -> 0 | GR42: 0 | GS42: 3 | GT42: 0 | GV42: =ROUND(GT42,2) -> 0 | GW42: 1 | GX42: =ROUND(GV42*GW42*I42,2) -> 0 | HA42: 0 | HB42: 0 | IK42: 0
A43: 18 | B43: 1 | C43: 71 | E43: 9,1 | F43: 62.4.02.02-0038 | G43: Источник резервного питания, марка "РИП 12" исп. 15 прим. | H43: шт. | I43: =I42*J43 -> 1 | J43: 0.5 | O43: =ROUND(CP43,2) -> 1897.56 | P43: =ROUND(CQ43*I43,2) -> 1897.56 | Q43: =ROUND(CR43*I43,2) -> 0 | R43: =ROUND(CS43*I43,2) -> 0 | S43: =ROUND(CT43*I43,2) -> 0 | T43: =ROUND(CU43*I43,2) -> 0 | U43: =CV43*I43 -> 0 | V43: =CW43*I43 -> 0 | W43: =ROUND(CX43*I43,2) -> 0 | X43: =ROUND(CY43,2) -> 0 | Y43: =ROUND(CZ43,2) -> 0 | AA43: 39507101 | AB43: =ROUND((AC43+AD43+AF43),2) -> 286.64 | AC43: =ROUND((ES43),2) -> 286.64 | AD43: =ROUND((((ET43)-(EU43))+AE43),2) -> 0 | AE43: =ROUND((EU43),2) -> 0 | AF43: =ROUND((EV43),2) -> 0 | AG43: =ROUND((AP43),2) -> 0 | AH43: =(EW43) -> 0 | AI43: =(EX43) -> 0 | AJ43: =ROUND((AS43),2) -> 0 | AK43: 286.64 | AL43: 286.64 | AM43: 0 | AN43: 0 | AO43: 0 | AP43: 0 | AQ43: 0 | AR43: 0 | AS43: 0 | AT43: 80 | AU43: 60 | AV43: 1 | AW43: 1 | AZ43: 6.62 | BA43: 1 | BB43: 1 | BC43: 6.62 | BH43: 3 | BI43: 2 | BJ43: ФССЦ-2001, 62.4.02.02-0038, приказ Минстроя России №1039/пр от 30.12.2016г. | BM43: 110001 | BN43: 0 | BP43: 0 | BQ43: 3 | BR43: 0 | BS43: 1 | BT43: 1 | BU43: 1 | BV43: 1 | BW43: 1 | BX43: 1 | BZ43: 80 | CA43: 60 | CF43: 0 | CG43: 0 | CM43: 0 | CO43: 0 | CP43: =(P43+Q43+S43) -> 1897.56 | CQ43: =AC43*BC43 -> 1897.5568 | CR43: =AD43*BB43 -> 0 | CS43: =AE43*BS43 -> 0 | CT43: =AF43*BA43 -> 0 | CU43: =AG43 -> 0 | CV43: =AH43 -> 0 | CW43: =AI43 -> 0 | CX43: =AJ43 -> 0 | CY43: =(((S43+R43)*AT43)/100) -> 0 | CZ43: =(((S43+R43)*AU43)/100) -> 0 | DN43: 0 | DO43: 0 | DP43: 1 | DQ43: 1 | DU43: 1010 | DV43: шт. | DW43: шт. | DX43: 1 | EE43: 39174389 | EF43: 3 | EG43: Монтажные работы | EH43: 0 | EJ43: 2 | EK43: 110001 | EL43: Связь: городская, местная, междугородняя проводная телефонная связь ( отделы 1, 2, 3 ) - ( при уст-ве средств посадки самолетов: {AВИА}=1 - НР=95%, СП=55% ) | EM43: мФЕР-10 | EQ43: 0 | ER43: 286.64 | ES43: 286.64 | ET43: 0 | EU43: 0 | EV43: 0 | EW43: 0 | EX43: 0 | FQ43: 0 | FR43: =ROUND(IF(AND(BH43=3,BI43=3),P43,0),2) -> 0 | FS43: 0 | FX43: 80 | FY43: 60 | GD43: 0 | GF43: 1735114365 | GG43: 1 | GH43: 1 | GI43: 4 | GJ43: 0 | GK43: =ROUND(R43*(R12)/100,2) -> 0 | GL43: =ROUND(IF(AND(BH43=3,BI43=3,FS43<>0),P43,0),2) -> 0 | GM43: =ROUND(O43+X43+Y43+GK43,2)+GX43 -> 1897.56 | GN43: =IF(OR(BI43=0,BI43=1),ROUND(O43+X43+Y43+GK43,2),0) -> 0 | GO43: =IF(BI43=2,ROUND(O43+X43+Y43+GK43,2),0) -> 1897.56 | GP43: =IF(BI43=4,ROUND(O43+X43+Y43+GK43,2)+GX43,0) -> 0 | GR43: 0 | GS43: 3 | GT43: 0 | GV43: =ROUND(GT43,2) -> 0 | GW43: 1 | GX43: =ROUND(GV43*GW43*I43,2) -> 0 | HA43: 0 | HB43: 0 | IK43: 0
A44: 18 | B44: 1 | C44: 70 | E44: 9,2 | F44: 62.4.02.01-0061 | G44: Источник бесперебойного питания СКАТ- UPS1000 (24V), без аккумулятора прим. | H44: шт. | I44: =I42*J44 -> 1 | J44: 0.5 | O44: =ROUND(CP44,2) -> 3133.71 | P44: =ROUND(CQ44*I44,2) -> 3133.71 | Q44: =ROUND(CR44*I44,2) -> 0 | R44: =ROUND(CS44*I44,2) -> 0 | S44: =ROUND(CT44*I44,2) -> 0 | T44: =ROUND(CU44*I44,2) -> 0 | U44: =CV44*I44 -> 0 | V44: =CW44*I44 -> 0 | W44: =ROUND(CX44*I44,2) -> 0 | X44: =ROUND(CY44,2) -> 0 | Y44: =ROUND(CZ44,2) -> 0 | AA44: 39507101 | AB44: =ROUND((AC44+AD44+AF44),2) -> 473.37 | AC44: =ROUND((ES44),2) -> 473.37 | AD44: =ROUND((((ET44)-(EU44))+AE44),2) -> 0 | AE44: =ROUND((EU44),2) -> 0 | AF44: =ROUND((EV44),2) -> 0 | AG44: =ROUND((AP44),2) -> 0 | AH44: =(EW44) -> 0 | AI44: =(EX44) -> 0 | AJ44: =ROUND((AS44),2) -> 0 | AK44: 473.37 | AL44: 473.37 | AM44: 0 | AN44: 0 | AO44: 0 | AP44: 0 | AQ44: 0 | AR44: 0 | AS44: 0 | AT44: 80 | AU44: 60 | AV44: 1 | AW44: 1 | AZ44: 6.62 | BA44: 1 | BB44: 1 | BC44: 6.62 | BH44: 3 | BI44: 2 | BJ44: ФССЦ-2001, 62.4.02.01-0061, приказ Минстроя России №1039/пр от 30.12.2016г. | BM44: 110001 | BN44: 0 | BP44: 0 | BQ44: 3 | BR44: 0 | BS44: 1 | BT44: 1 | BU44: 1 | BV44: 1 | BW44: 1 | BX44: 1 | BZ44: 80 | CA44: 60 | CF44: 0 | CG44: 0 | CM44: 0 | CO44: 0 | CP44: =(P44+Q44+S44) -> 3133.71 | CQ44: =AC44*BC44 -> 3133.7094 | CR44: =AD44*BB44 -> 0 | CS44: =AE44*BS44 -> 0 | CT44: =AF44*BA44 -> 0 | CU44: =AG44 -> 0 | CV44: =AH44 -> 0 | CW44: =AI44 -> 0 | CX44: =AJ44 -> 0 | CY44: =(((S44+R44)*AT44)/100) -> 0 | CZ44: =(((S44+R44)*AU44)/100) -> 0 | DN44: 0 | DO44: 0 | DP44: 1 | DQ44: 1 | DU44: 1010 | DV44: шт. | DW44: шт. | DX44: 1 | EE44: 39174389 | EF44: 3 | EG44: Монтажные работы | EH44: 0 | EJ44: 2 | EK44: 110001 | EL44: Связь: городская, местная, междугородняя проводная телефонная связь ( отделы 1, 2, 3 ) - ( при уст-ве средств посадки самолетов: {AВИА}=1 - НР=95%, СП=55% ) | EM44: мФЕР-10 | EQ44: 0 | ER44: 473.37 | ES44: 473.37 | ET44: 0 | EU44: 0 | EV44: 0 | EW44: 0 | EX44: 0 | FQ44: 0 | FR44: =ROUND(IF(AND(BH44=3,BI44=3),P44,0),2) -> 0 | FS44: 0 | FX44: 80 | FY44: 60 | GD44: 0 | GF44: 1858056245 | GG44: 1 | GH44: 1 | GI44: 4 | GJ44: 0 | GK44: =ROUND(R44*(R12)/100,2) -> 0 | GL44: =ROUND(IF(AND(BH44=3,BI44=3,FS44<>0),P44,0),2) -> 0 | GM44: =ROUND(O44+X44+Y44+GK44,2)+GX44 -> 3133.71 | GN44: =IF(OR(BI44=0,BI44=1),ROUND(O44+X44+Y44+GK44,2),0) -> 0 | GO44: =IF(BI44=2,ROUND(O44+X44+Y44+GK44,2),0) -> 3133.71 | GP44: =IF(BI44=4,ROUND(O44+X44+Y44+GK44,2)+GX44,0) -> 0 | GR44: 0 | GS44: 3 | GT44: 0 | GV44: =ROUND(GT44,2) -> 0 | GW44: 1 | GX44: =ROUND(GV44*GW44*I44,2) -> 0 | HA44: 0 | HB44: 0 | IK44: 0
A45: 17 | B45: 1 | C45: =ROW(SmtRes!A88) -> 88 | D45: =ROW(EtalonRes!A78) -> 78 | E45: 10 | F45: м10-02-016-07 | G45: Отдельно устанавливаемый усилитель дуплексный или абонентский | H45: ШТ | I45: 2 | J45: 0 | O45: =ROUND(CP45,2) -> 2780.93 | P45: =ROUND(CQ45*I45,2) -> 143.39 | Q45: =ROUND(CR45*I45,2) -> 655.25 | R45: =ROUND(CS45*I45,2) -> 73.22 | S45: =ROUND(CT45*I45,2) -> 1982.29 | T45: =ROUND(CU45*I45,2) -> 0 | U45: =CV45*I45 -> 27 | V45: =CW45*I45 -> 1.1 | W45: =ROUND(CX45*I45,2) -> 0 | X45: =ROUND(CY45,2) -> 1644.41 | Y45: =ROUND(CZ45,2) -> 1233.31 | AA45: 39507101 | AB45: =ROUND((AC45+AD45+AF45),2) -> 210.04 | AC45: =ROUND((ES45),2) -> 10.83 | AD45: =ROUND((((ET45)-(EU45))+AE45),2) -> 49.49 | AE45: =ROUND((EU45),2) -> 5.53 | AF45: =ROUND((EV45),2) -> 149.72 | AG45: =ROUND((AP45),2) -> 0 | AH45: =(EW45) -> 13.5 | AI45: =(EX45) -> 0.55 | AJ45: =ROUND((AS45),2) -> 0 | AK45: 210.04 | AL45: 10.83 | AM45: 49.49 | AN45: 5.53 | AO45: 149.72 | AP45: 0 | AQ45: 13.5 | AR45: 0.55 | AS45: 0 | AT45: 80 | AU45: 60 | AV45: 1 | AW45: 1 | AZ45: 6.62 | BA45: 6.62 | BB45: 6.62 | BC45: 6.62 | BH45: 0 | BI45: 2 | BJ45: ФЕРм-2001, м10-02-016-07, приказ Минстроя России №1039/пр от 30.12.2016г. | BM45: 110001 | BN45: 0 | BP45: 0 | BQ45: 3 | BR45: 0 | BS45: 6.62 | BT45: 1 | BU45: 1 | BV45: 1 | BW45: 1 | BX45: 1 | BZ45: 80 | CA45: 60 | CF45: 0 | CG45: 0 | CM45: 0 | CO45: 0 | CP45: =(P45+Q45+S45) -> 2780.93 | CQ45: =AC45*BC45 -> 71.6946 | CR45: =AD45*BB45 -> 327.6238 | CS45: =AE45*BS45 -> 36.6086 | CT45: =AF45*BA45 -> 991.1464 | CU45: =AG45 -> 0 | CV45: =AH45 -> 13.5 | CW45: =AI45 -> 0.55 | CX45: =AJ45 -> 0 | CY45: =(((S45+R45)*AT45)/100) -> 1644.408 | CZ45: =(((S45+R45)*AU45)/100) -> 1233.306 | DN45: 0 | DO45: 0 | DP45: 1 | DQ45: 1 | DU45: 1013 | DV45: ШТ | DW45: ШТ | DX45: 1 | EE45: 39174389 | EF45: 3 | EG45: Монтажные работы | EH45: 0 | EJ45: 2 | EK45: 110001 | EL45: Связь: городская, местная, междугородняя проводная телефонная связь ( отделы 1, 2, 3 ) - ( при уст-ве средств посадки самолетов: {AВИА}=1 - НР=95%, СП=55% ) | EM45: мФЕР-10 | EQ45: 0 | ER45: 210.04 | ES45: 10.83 | ET45: 49.49 | EU45: 5.53 | EV45: 149.72 | EW45: 13.5 | EX45: 0.55 | EY45: 0 | FQ45: 0 | FR45: =ROUND(IF(AND(BH45=3,BI45=3),P45,0),2) -> 0 | FS45: 0 | FX45: 80 | FY45: 60 | GD45: 0 | GF45: -158396990 | GG45: 1 | GH45: 1 | GI45: 4 | GJ45: 0 | GK45: =ROUND(R45*(R12)/100,2) -> 0 | GL45: =ROUND(IF(AND(BH45=3,BI45=3,FS45<>0),P45,0),2) -> 0 | GM45: =ROUND(O45+X45+Y45+GK45,2)+GX45 -> 5658.65 | GN45: =IF(OR(BI45=0,BI45=1),ROUND(O45+X45+Y45+GK45,2),0) -> 0 | GO45: =IF(BI45=2,ROUND(O45+X45+Y45+GK45,2),0) -> 5658.65 | GP45: =IF(BI45=4,ROUND(O45+X45+Y45+GK45,2)+GX45,0) -> 0 | GR45: 0 | GS45: 3 | GT45: 0 | GV45: =ROUND(GT45,2) -> 0 | GW45: 1 | GX45: =ROUND(GV45*GW45*I45,2) -> 0 | HA45: 0 | HB45: 0 | IK45: 0
A46: 18 | B46: 1 | C46: 86 | E46: 10,1 | F46: 61.2.04.12-0010 | G46: Усилитель трансляционный зональный с голосовым модулем PAM-480A+VF (Усилитель оповещения 100В 120Вт ROXTON SX-240 прим. | H46: шт. | I46: =I45*J46 -> 1 | J46: 0.5 | O46: =ROUND(CP46,2) -> 55599.59 | P46: =ROUND(CQ46*I46,2) -> 55599.59 | Q46: =ROUND(CR46*I46,2) -> 0 | R46: =ROUND(CS46*I46,2) -> 0 | S46: =ROUND(CT46*I46,2) -> 0 | T46: =ROUND(CU46*I46,2) -> 0 | U46: =CV46*I46 -> 0 | V46: =CW46*I46 -> 0 | W46: =ROUND(CX46*I46,2) -> 0 | X46: =ROUND(CY46,2) -> 0 | Y46: =ROUND(CZ46,2) -> 0 | AA46: 39507101 | AB46: =ROUND((AC46+AD46+AF46),2) -> 8398.73 | AC46: =ROUND((ES46),2) -> 8398.73 | AD46: =ROUND((((ET46)-(EU46))+AE46),2) -> 0 | AE46: =ROUND((EU46),2) -> 0 | AF46: =ROUND((EV46),2) -> 0 | AG46: =ROUND((AP46),2) -> 0 | AH46: =(EW46) -> 0 | AI46: =(EX46) -> 0 | AJ46: =ROUND((AS46),2) -> 0 | AK46: 8398.73 | AL46: 8398.73 | AM46: 0 | AN46: 0 | AO46: 0 | AP46: 0 | AQ46: 0 | AR46: 0 | AS46: 0 | AT46: 80 | AU46: 60 | AV46: 1 | AW46: 1 | AZ46: 6.62 | BA46: 1 | BB46: 1 | BC46: 6.62 | BH46: 3 | BI46: 2 | BJ46: ФССЦ-2001, 61.2.04.12-0010, приказ Минстроя России №1039/пр от 30.12.2016г. | BM46: 110001 | BN46: 0 | BP46: 0 | BQ46: 3 | BR46: 0 | BS46: 1 | BT46: 1 | BU46: 1 | BV46: 1 | BW46: 1 | BX46: 1 | BZ46: 80 | CA46: 60 | CF46: 0 | CG46: 0 | CM46: 0 | CO46: 0 | CP46: =(P46+Q46+S46) -> 55599.59 | CQ46: =AC46*BC46 -> 55599.593 | CR46: =AD46*BB46 -> 0 | CS46: =AE46*BS46 -> 0 | CT46: =AF46*BA46 -> 0 | CU46: =AG46 -> 0 | CV46: =AH46 -> 0 | CW46: =AI46 -> 0 | CX46: =AJ46 -> 0 | CY46: =(((S46+R46)*AT46)/100) -> 0 | CZ46: =(((S46+R46)*AU46)/100) -> 0 | DN46: 0 | DO46: 0 | DP46: 1 | DQ46: 1 | DU46: 1010 | DV46: шт. | DW46: шт. | DX46: 1 | EE46: 39174389 | EF46: 3 | EG46: Монтажные работы | EH46: 0 | EJ46: 2 | EK46: 110001 | EL46: Связь: городская, местная, междугородняя проводная телефонная связь ( отделы 1, 2, 3 ) - ( при уст-ве средств посадки самолетов: {AВИА}=1 - НР=95%, СП=55% ) | EM46: мФЕР-10 | EQ46: 0 | ER46: 8398.73 | ES46: 8398.73 | ET46: 0 | EU46: 0 | EV46: 0 | EW46: 0 | EX46: 0 | FQ46: 0 | FR46: =ROUND(IF(AND(BH46=3,BI46=3),P46,0),2) -> 0 | FS46: 0 | FX46: 80 | FY46: 60 | GD46: 0 | GF46: 839820347 | GG46: 1 | GH46: 1 | GI46: 4 | GJ46: 0 | GK46: =ROUND(R46*(R12)/100,2) -> 0 | GL46: =ROUND(IF(AND(BH46=3,BI46=3,FS46<>0),P46,0),2) -> 0 | GM46: =ROUND(O46+X46+Y46+GK46,2)+GX46 -> 55599.59 | GN46: =IF(OR(BI46=0,BI46=1),ROUND(O46+X46+Y46+GK46,2),0) -> 0 | GO46: =IF(BI46=2,ROUND(O46+X46+Y46+GK46,2),0) -> 55599.59 | GP46: =IF(BI46=4,ROUND(O46+X46+Y46+GK46,2)+GX46,0) -> 0 | GR46: 0 | GS46: 3 | GT46: 0 | GV46: =ROUND(GT46,2) -> 0 | GW46: 1 | GX46: =ROUND(GV46*GW46*I46,2) -> 0 | HA46: 0 | HB46: 0 | IK46: 0
A47: 18 | B47: 1 | C47: 87 | E47: 10,2 | F47: 61.3.06.02-0003 | G47: Консоль микрофонная удаленная "Тромбон-УК-М", размер 55х183х132 мм (Микрофонная консоль ROXTON-SX-R31)прим. | H47: шт. | I47: =I45*J47 -> 1 | J47: 0.5 | O47: =ROUND(CP47,2) -> 19936.2 | P47: =ROUND(CQ47*I47,2) -> 19936.2 | Q47: =ROUND(CR47*I47,2) -> 0 | R47: =ROUND(CS47*I47,2) -> 0 | S47: =ROUND(CT47*I47,2) -> 0 | T47: =ROUND(CU47*I47,2) -> 0 | U47: =CV47*I47 -> 0 | V47: =CW47*I47 -> 0 | W47: =ROUND(CX47*I47,2) -> 0 | X47: =ROUND(CY47,2) -> 0 | Y47: =ROUND(CZ47,2) -> 0 | AA47: 39507101 | AB47: =ROUND((AC47+AD47+AF47),2) -> 3011.51 | AC47: =ROUND((ES47),2) -> 3011.51 | AD47: =ROUND((((ET47)-(EU47))+AE47),2) -> 0 | AE47: =ROUND((EU47),2) -> 0 | AF47: =ROUND((EV47),2) -> 0 | AG47: =ROUND((AP47),2) -> 0 | AH47: =(EW47) -> 0 | AI47: =(EX47) -> 0 | AJ47: =ROUND((AS47),2) -> 0 | AK47: 3011.51 | AL47: 3011.51 | AM47: 0 | AN47: 0 | AO47: 0 | AP47: 0 | AQ47: 0 | AR47: 0 | AS47: 0 | AT47: 80 | AU47: 60 | AV47: 1 | AW47: 1 | AZ47: 6.62 | BA47: 1 | BB47: 1 | BC47: 6.62 | BH47: 3 | BI47: 2 | BJ47: ФССЦ-2001, 61.3.06.02-0003, приказ Минстроя России №1039/пр от 30.12.2016г. | BM47: 110001 | BN47: 0 | BP47: 0 | BQ47: 3 | BR47: 0 | BS47: 1 | BT47: 1 | BU47: 1 | BV47: 1 | BW47: 1 | BX47: 1 | BZ47: 80 | CA47: 60 | CF47: 0 | CG47: 0 | CM47: 0 | CO47: 0 | CP47: =(P47+Q47+S47) -> 19936.2 | CQ47: =AC47*BC47 -> 19936.196 | CR47: =AD47*BB47 -> 0 | CS47: =AE47*BS47 -> 0 | CT47: =AF47*BA47 -> 0 | CU47: =AG47 -> 0 | CV47: =AH47 -> 0 | CW47: =AI47 -> 0 | CX47: =AJ47 -> 0 | CY47: =(((S47+R47)*AT47)/100) -> 0 | CZ47: =(((S47+R47)*AU47)/100) -> 0 | DN47: 0 | DO47: 0 | DP47: 1 | DQ47: 1 | DU47: 1010 | DV47: шт. | DW47: шт. | DX47: 1 | EE47: 39174389 | EF47: 3 | EG47: Монтажные работы | EH47: 0 | EJ47: 2 | EK47: 110001 | EL47: Связь: городская, местная, междугородняя проводная телефонная связь ( отделы 1, 2, 3 ) - ( при уст-ве средств посадки самолетов: {AВИА}=1 - НР=95%, СП=55% ) | EM47: мФЕР-10 | EQ47: 0 | ER47: 3011.51 | ES47: 3011.51 | ET47: 0 | EU47: 0 | EV47: 0 | EW47: 0 | EX47: 0 | FQ47: 0 | FR47: =ROUND(IF(AND(BH47=3,BI47=3),P47,0),2) -> 0 | FS47: 0 | FX47: 80 | FY47: 60 | GD47: 0 | GF47: -273715249 | GG47: 1 | GH47: 1 | GI47: 4 | GJ47: 0 | GK47: =ROUND(R47*(R12)/100,2) -> 0 | GL47: =ROUND(IF(AND(BH47=3,BI47=3,FS47<>0),P47,0),2) -> 0 | GM47: =ROUND(O47+X47+Y47+GK47,2)+GX47 -> 19936.2 | GN47: =IF(OR(BI47=0,BI47=1),ROUND(O47+X47+Y47+GK47,2),0) -> 0 | GO47: =IF(BI47=2,ROUND(O47+X47+Y47+GK47,2),0) -> 19936.2 | GP47: =IF(BI47=4,ROUND(O47+X47+Y47+GK47,2)+GX47,0) -> 0 | GR47: 0 | GS47: 3 | GT47: 0 | GV47: =ROUND(GT47,2) -> 0 | GW47: 1 | GX47: =ROUND(GV47*GW47*I47,2) -> 0 | HA47: 0 | HB47: 0 | IK47: 0
A48: 17 | B48: 1 | C48: =ROW(SmtRes!A94) -> 94 | D48: =ROW(EtalonRes!A83) -> 83 | E48: 11 | F48: м10-04-101-07 | G48: Громкоговоритель или звуковая колонка в помещении | H48: ШТ | I48: 133 | J48: 0 | O48: =ROUND(CP48,2) -> 27091.75 | P48: =ROUND(CQ48*I48,2) -> 11120.21 | Q48: =ROUND(CR48*I48,2) -> 0 | R48: =ROUND(CS48*I48,2) -> 0 | S48: =ROUND(CT48*I48,2) -> 15971.54 | T48: =ROUND(CU48*I48,2) -> 0 | U48: =CV48*I48 -> 266 | V48: =CW48*I48 -> 0 | W48: =ROUND(CX48*I48,2) -> 0 | X48: =ROUND(CY48,2) -> 14693.82 | Y48: =ROUND(CZ48,2) -> 10381.5 | AA48: 39507101 | AB48: =ROUND((AC48+AD48+AF48),2) -> 30.77 | AC48: =ROUND((ES48),2) -> 12.63 | AD48: =ROUND((((ET48)-(EU48))+AE48),2) -> 0 | AE48: =ROUND((EU48),2) -> 0 | AF48: =ROUND((EV48),2) -> 18.14 | AG48: =ROUND((AP48),2) -> 0 | AH48: =(EW48) -> 2 | AI48: =(EX48) -> 0 | AJ48: =ROUND((AS48),2) -> 0 | AK48: 30.77 | AL48: 12.63 | AM48: 0 | AN48: 0 | AO48: 18.14 | AP48: 0 | AQ48: 2 | AR48: 0 | AS48: 0 | AT48: 92 | AU48: 65 | AV48: 1 | AW48: 1 | AZ48: 6.62 | BA48: 6.62 | BB48: 6.62 | BC48: 6.62 | BH48: 0 | BI48: 2 | BJ48: ФЕРм-2001, м10-04-101-07, приказ Минстроя России №1039/пр от 30.12.2016г. | BM48: 110004 | BN48: 0 | BP48: 0 | BQ48: 3 | BR48: 0 | BS48: 6.62 | BT48: 1 | BU48: 1 | BV48: 1 | BW48: 1 | BX48: 1 | BZ48: 92 | CA48: 65 | CF48: 0 | CG48: 0 | CM48: 0 | CO48: 0 | CP48: =(P48+Q48+S48) -> 27091.75 | CQ48: =AC48*BC48 -> 83.6106 | CR48: =AD48*BB48 -> 0 | CS48: =AE48*BS48 -> 0 | CT48: =AF48*BA48 -> 120.0868 | CU48: =AG48 -> 0 | CV48: =AH48 -> 2 | CW48: =AI48 -> 0 | CX48: =AJ48 -> 0 | CY48: =(((S48+R48)*AT48)/100) -> 14693.817 | CZ48: =(((S48+R48)*AU48)/100) -> 10381.501 | DN48: 0 | DO48: 0 | DP48: 1 | DQ48: 1 | DU48: 1013 | DV48: ШТ | DW48: ШТ | DX48: 1 | EE48: 39174390 | EF48: 3 | EG48: Монтажные работы | EH48: 0 | EJ48: 2 | EK48: 110004 | EL48: Связь: монтаж теле- радио оборудования ( отдел 4 и 5 ) - (при устройстве средств посадки самолетов : НР=95%, СП=55% - {АВИА}=1) | EM48: мФЕР-10 | EQ48: 0 | ER48: 30.77 | ES48: 12.63 | ET48: 0 | EU48: 0 | EV48: 18.14 | EW48: 2 | EX48: 0 | EY48: 0 | FQ48: 0 | FR48: =ROUND(IF(AND(BH48=3,BI48=3),P48,0),2) -> 0 | FS48: 0 | FX48: 92 | FY48: 65 | GD48: 0 | GF48: -1929198871 | GG48: 1 | GH48: 1 | GI48: 4 | GJ48: 0 | GK48: =ROUND(R48*(R12)/100,2) -> 0 | GL48: =ROUND(IF(AND(BH48=3,BI48=3,FS48<>0),P48,0),2) -> 0 | GM48: =ROUND(O48+X48+Y48+GK48,2)+GX48 -> 52167.07 | GN48: =IF(OR(BI48=0,BI48=1),ROUND(O48+X48+Y48+GK48,2),0) -> 0 | GO48: =IF(BI48=2,ROUND(O48+X48+Y48+GK48,2),0) -> 52167.07 | GP48: =IF(BI48=4,ROUND(O48+X48+Y48+GK48,2)+GX48,0) -> 0 | GR48: 0 | GS48: 3 | GT48: 0 | GV48: =ROUND(GT48,2) -> 0 | GW48: 1 | GX48: =ROUND(GV48*GW48*I48,2) -> 0 | HA48: 0 | HB48: 0 | IK48: 0
A49: 18 | B49: 1 | C49: 93 | E49: 11,1 | F49: 61.2.07.05-0032 | G49: Модуль акустический для трансляционной сети с напряжением 100 В, для установки на стене "ОРФЕЙ" АМ исп. 3 (Модуль акустический настенный 100В или 1Вт,100-15000 Гц,220х135х70мм,0..+50С.Контроль линии СонатаТ-Л-100-3/1Вт)прим. | H49: шт. | I49: =I48*J49 -> 133 | J49: 1 | O49: =ROUND(CP49,2) -> 155630.11 | P49: =ROUND(CQ49*I49,2) -> 155630.11 | Q49: =ROUND(CR49*I49,2) -> 0 | R49: =ROUND(CS49*I49,2) -> 0 | S49: =ROUND(CT49*I49,2) -> 0 | T49: =ROUND(CU49*I49,2) -> 0 | U49: =CV49*I49 -> 0 | V49: =CW49*I49 -> 0 | W49: =ROUND(CX49*I49,2) -> 0 | X49: =ROUND(CY49,2) -> 0 | Y49: =ROUND(CZ49,2) -> 0 | AA49: 39507101 | AB49: =ROUND((AC49+AD49+AF49),2) -> 176.76 | AC49: =ROUND((ES49),2) -> 176.76 | AD49: =ROUND((((ET49)-(EU49))+AE49),2) -> 0 | AE49: =ROUND((EU49),2) -> 0 | AF49: =ROUND((EV49),2) -> 0 | AG49: =ROUND((AP49),2) -> 0 | AH49: =(EW49) -> 0 | AI49: =(EX49) -> 0 | AJ49: =ROUND((AS49),2) -> 0 | AK49: 176.76 | AL49: 176.76 | AM49: 0 | AN49: 0 | AO49: 0 | AP49: 0 | AQ49: 0 | AR49: 0 | AS49: 0 | AT49: 92 | AU49: 65 | AV49: 1 | AW49: 1 | AZ49: 6.62 | BA49: 1 | BB49: 1 | BC49: 6.62 | BH49: 3 | BI49: 2 | BJ49: ФССЦ-2001, 61.2.07.05-0032, приказ Минстроя России №1039/пр от 30.12.2016г. | BM49: 110004 | BN49: 0 | BP49: 0 | BQ49: 3 | BR49: 0 | BS49: 1 | BT49: 1 | BU49: 1 | BV49: 1 | BW49: 1 | BX49: 1 | BZ49: 92 | CA49: 65 | CF49: 0 | CG49: 0 | CM49: 0 | CO49: 0 | CP49: =(P49+Q49+S49) -> 155630.11 | CQ49: =AC49*BC49 -> 1170.1512 | CR49: =AD49*BB49 -> 0 | CS49: =AE49*BS49 -> 0 | CT49: =AF49*BA49 -> 0 | CU49: =AG49 -> 0 | CV49: =AH49 -> 0 | CW49: =AI49 -> 0 | CX49: =AJ49 -> 0 | CY49: =(((S49+R49)*AT49)/100) -> 0 | CZ49: =(((S49+R49)*AU49)/100) -> 0 | DN49: 0 | DO49: 0 | DP49: 1 | DQ49: 1 | DU49: 1010 | DV49: шт. | DW49: шт. | DX49: 1 | EE49: 39174390 | EF49: 3 | EG49: Монтажные работы | EH49: 0 | EJ49: 2 | EK49: 110004 | EL49: Связь: монтаж теле- радио оборудования ( отдел 4 и 5 ) - (при устройстве средств посадки самолетов : НР=95%, СП=55% - {АВИА}=1) | EM49: мФЕР-10 | EQ49: 0 | ER49: 176.76 | ES49: 176.76 | ET49: 0 | EU49: 0 | EV49: 0 | EW49: 0 | EX49: 0 | FQ49: 0 | FR49: =ROUND(IF(AND(BH49=3,BI49=3),P49,0),2) -> 0 | FS49: 0 | FX49: 92 | FY49: 65 | GD49: 0 | GF49: 38711838 | GG49: 1 | GH49: 1 | GI49: 4 | GJ49: 0 | GK49: =ROUND(R49*(R12)/100,2) -> 0 | GL49: =ROUND(IF(AND(BH49=3,BI49=3,FS49<>0),P49,0),2) -> 0 | GM49: =ROUND(O49+X49+Y49+GK49,2)+GX49 -> 155630.11 | GN49: =IF(OR(BI49=0,BI49=1),ROUND(O49+X49+Y49+GK49,2),0) -> 0 | GO49: =IF(BI49=2,ROUND(O49+X49+Y49+GK49,2),0) -> 155630.11 | GP49: =IF(BI49=4,ROUND(O49+X49+Y49+GK49,2)+GX49,0) -> 0 | GR49: 0 | GS49: 3 | GT49: 0 | GV49: =ROUND(GT49,2) -> 0 | GW49: 1 | GX49: =ROUND(GV49*GW49*I49,2) -> 0 | HA49: 0 | HB49: 0 | IK49: 0
A50: 17 | B50: 1 | C50: =ROW(SmtRes!A99) -> 99 | D50: =ROW(EtalonRes!A87) -> 87 | E50: 12 | F50: м10-04-101-15 | G50: Транспарант световой (табло) | H50: ШТ | I50: 32 | J50: 0 | O50: =ROUND(CP50,2) -> 4516.43 | P50: =ROUND(CQ50*I50,2) -> 440.63 | Q50: =ROUND(CR50*I50,2) -> 0 | R50: =ROUND(CS50*I50,2) -> 0 | S50: =ROUND(CT50*I50,2) -> 4075.8 | T50: =ROUND(CU50*I50,2) -> 0 | U50: =CV50*I50 -> 64 | V50: =CW50*I50 -> 0 | W50: =ROUND(CX50*I50,2) -> 0 | X50: =ROUND(CY50,2) -> 3749.74 | Y50: =ROUND(CZ50,2) -> 2649.27 | AA50: 39507101 | AB50: =ROUND((AC50+AD50+AF50),2) -> 21.32 | AC50: =ROUND((ES50),2) -> 2.08 | AD50: =ROUND((((ET50)-(EU50))+AE50),2) -> 0 | AE50: =ROUND((EU50),2) -> 0 | AF50: =ROUND((EV50),2) -> 19.24 | AG50: =ROUND((AP50),2) -> 0 | AH50: =(EW50) -> 2 | AI50: =(EX50) -> 0 | AJ50: =ROUND((AS50),2) -> 0 | AK50: 21.32 | AL50: 2.08 | AM50: 0 | AN50: 0 | AO50: 19.24 | AP50: 0 | AQ50: 2 | AR50: 0 | AS50: 0 | AT50: 92 | AU50: 65 | AV50: 1 | AW50: 1 | AZ50: 6.62 | BA50: 6.62 | BB50: 6.62 | BC50: 6.62 | BH50: 0 | BI50: 2 | BJ50: ФЕРм-2001, м10-04-101-15, приказ Минстроя России №1039/пр от 30.12.2016г. | BM50: 110004 | BN50: 0 | BP50: 0 | BQ50: 3 | BR50: 0 | BS50: 6.62 | BT50: 1 | BU50: 1 | BV50: 1 | BW50: 1 | BX50: 1 | BZ50: 92 | CA50: 65 | CF50: 0 | CG50: 0 | CM50: 0 | CO50: 0 | CP50: =(P50+Q50+S50) -> 4516.43 | CQ50: =AC50*BC50 -> 13.7696 | CR50: =AD50*BB50 -> 0 | CS50: =AE50*BS50 -> 0 | CT50: =AF50*BA50 -> 127.3688 | CU50: =AG50 -> 0 | CV50: =AH50 -> 2 | CW50: =AI50 -> 0 | CX50: =AJ50 -> 0 | CY50: =(((S50+R50)*AT50)/100) -> 3749.736 | CZ50: =(((S50+R50)*AU50)/100) -> 2649.27 | DN50: 0 | DO50: 0 | DP50: 1 | DQ50: 1 | DU50: 1013 | DV50: ШТ | DW50: ШТ | DX50: 1 | EE50: 39174390 | EF50: 3 | EG50: Монтажные работы | EH50: 0 | EJ50: 2 | EK50: 110004 | EL50: Связь: монтаж теле- радио оборудования ( отдел 4 и 5 ) - (при устройстве средств посадки самолетов : НР=95%, СП=55% - {АВИА}=1) | EM50: мФЕР-10 | EQ50: 0 | ER50: 21.32 | ES50: 2.08 | ET50: 0 | EU50: 0 | EV50: 19.24 | EW50: 2 | EX50: 0 | EY50: 0 | FQ50: 0 | FR50: =ROUND(IF(AND(BH50=3,BI50=3),P50,0),2) -> 0 | FS50: 0 | FX50: 92 | FY50: 65 | GD50: 0 | GF50: -1607130136 | GG50: 1 | GH50: 1 | GI50: 4 | GJ50: 0 | GK50: =ROUND(R50*(R12)/100,2) -> 0 | GL50: =ROUND(IF(AND(BH50=3,BI50=3,FS50<>0),P50,0),2) -> 0 | GM50: =ROUND(O50+X50+Y50+GK50,2)+GX50 -> 10915.44 | GN50: =IF(OR(BI50=0,BI50=1),ROUND(O50+X50+Y50+GK50,2),0) -> 0 | GO50: =IF(BI50=2,ROUND(O50+X50+Y50+GK50,2),0) -> 10915.44 | GP50: =IF(BI50=4,ROUND(O50+X50+Y50+GK50,2)+GX50,0) -> 0 | GR50: 0 | GS50: 3 | GT50: 0 | GV50: =ROUND(GT50,2) -> 0 | GW50: 1 | GX50: =ROUND(GV50*GW50*I50,2) -> 0 | HA50: 0 | HB50: 0 | IK50: 0
A51: 18 | B51: 1 | C51: 98 | E51: 12,1 | F51: 61.2.04.07-0010 | G51: Оповещатель световой МОЛНИЯ-220 РИП (Табло световое " ВЫХОД" адресное С2000-ОСТ исп.01) прим. | H51: шт. | I51: =I50*J51 -> 32 | J51: 1 | O51: =ROUND(CP51,2) -> 24143.4 | P51: =ROUND(CQ51*I51,2) -> 24143.4 | Q51: =ROUND(CR51*I51,2) -> 0 | R51: =ROUND(CS51*I51,2) -> 0 | S51: =ROUND(CT51*I51,2) -> 0 | T51: =ROUND(CU51*I51,2) -> 0 | U51: =CV51*I51 -> 0 | V51: =CW51*I51 -> 0 | W51: =ROUND(CX51*I51,2) -> 0 | X51: =ROUND(CY51,2) -> 0 | Y51: =ROUND(CZ51,2) -> 0 | AA51: 39507101 | AB51: =ROUND((AC51+AD51+AF51),2) -> 113.97 | AC51: =ROUND((ES51),2) -> 113.97 | AD51: =ROUND((((ET51)-(EU51))+AE51),2) -> 0 | AE51: =ROUND((EU51),2) -> 0 | AF51: =ROUND((EV51),2) -> 0 | AG51: =ROUND((AP51),2) -> 0 | AH51: =(EW51) -> 0 | AI51: =(EX51) -> 0 | AJ51: =ROUND((AS51),2) -> 0 | AK51: 113.97 | AL51: 113.97 | AM51: 0 | AN51: 0 | AO51: 0 | AP51: 0 | AQ51: 0 | AR51: 0 | AS51: 0 | AT51: 92 | AU51: 65 | AV51: 1 | AW51: 1 | AZ51: 6.62 | BA51: 1 | BB51: 1 | BC51: 6.62 | BH51: 3 | BI51: 2 | BJ51: ФССЦ-2001, 61.2.04.07-0010, приказ Минстроя России №1039/пр от 30.12.2016г. | BM51: 110004 | BN51: 0 | BP51: 0 | BQ51: 3 | BR51: 0 | BS51: 1 | BT51: 1 | BU51: 1 | BV51: 1 | BW51: 1 | BX51: 1 | BZ51: 92 | CA51: 65 | CF51: 0 | CG51: 0 | CM51: 0 | CO51: 0 | CP51: =(P51+Q51+S51) -> 24143.4 | CQ51: =AC51*BC51 -> 754.4814 | CR51: =AD51*BB51 -> 0 | CS51: =AE51*BS51 -> 0 | CT51: =AF51*BA51 -> 0 | CU51: =AG51 -> 0 | CV51: =AH51 -> 0 | CW51: =AI51 -> 0 | CX51: =AJ51 -> 0 | CY51: =(((S51+R51)*AT51)/100) -> 0 | CZ51: =(((S51+R51)*AU51)/100) -> 0 | DN51: 0 | DO51: 0 | DP51: 1 | DQ51: 1 | DU51: 1010 | DV51: шт. | DW51: шт. | DX51: 1 | EE51: 39174390 | EF51: 3 | EG51: Монтажные работы | EH51: 0 | EJ51: 2 | EK51: 110004 | EL51: Связь: монтаж теле- радио оборудования ( отдел 4 и 5 ) - (при устройстве средств посадки самолетов : НР=95%, СП=55% - {АВИА}=1) | EM51: мФЕР-10 | EQ51: 0 | ER51: 113.97 | ES51: 113.97 | ET51: 0 | EU51: 0 | EV51: 0 | EW51: 0 | EX51: 0 | FQ51: 0 | FR51: =ROUND(IF(AND(BH51=3,BI51=3),P51,0),2) -> 0 | FS51: 0 | FX51: 92 | FY51: 65 | GD51: 0 | GF51: -1867465498 | GG51: 1 | GH51: 1 | GI51: 4 | GJ51: 0 | GK51: =ROUND(R51*(R12)/100,2) -> 0 | GL51: =ROUND(IF(AND(BH51=3,BI51=3,FS51<>0),P51,0),2) -> 0 | GM51: =ROUND(O51+X51+Y51+GK51,2)+GX51 -> 24143.4 | GN51: =IF(OR(BI51=0,BI51=1),ROUND(O51+X51+Y51+GK51,2),0) -> 0 | GO51: =IF(BI51=2,ROUND(O51+X51+Y51+GK51,2),0) -> 24143.4 | GP51: =IF(BI51=4,ROUND(O51+X51+Y51+GK51,2)+GX51,0) -> 0 | GR51: 0 | GS51: 3 | GT51: 0 | GV51: =ROUND(GT51,2) -> 0 | GW51: 1 | GX51: =ROUND(GV51*GW51*I51,2) -> 0 | HA51: 0 | HB51: 0 | IK51: 0
A52: 17 | B52: 1 | C52: =ROW(SmtRes!A108) -> 108 | D52: =ROW(EtalonRes!A93) -> 93 | E52: 13 | F52: м08-01-121-01 | G52: Аккумулятор кислотный стационарный, тип С-1, СК-1 и боксов прим. | H52: ШТ | I52: 4 | J52: 0 | O52: =ROUND(CP52,2) -> 1071.64 | P52: =ROUND(CQ52*I52,2) -> 546.81 | Q52: =ROUND(CR52*I52,2) -> 0 | R52: =ROUND(CS52*I52,2) -> 0 | S52: =ROUND(CT52*I52,2) -> 524.83 | T52: =ROUND(CU52*I52,2) -> 0 | U52: =CV52*I52 -> 8.24 | V52: =CW52*I52 -> 0 | W52: =ROUND(CX52*I52,2) -> 0 | X52: =ROUND(CY52,2) -> 498.59 | Y52: =ROUND(CZ52,2) -> 341.14 | AA52: 39507101 | AB52: =ROUND((AC52+AD52+AF52),2) -> 40.47 | AC52: =ROUND((ES52),2) -> 20.65 | AD52: =ROUND((((ET52)-(EU52))+AE52),2) -> 0 | AE52: =ROUND((EU52),2) -> 0 | AF52: =ROUND((EV52),2) -> 19.82 | AG52: =ROUND((AP52),2) -> 0 | AH52: =(EW52) -> 2.06 | AI52: =(EX52) -> 0 | AJ52: =ROUND((AS52),2) -> 0 | AK52: 40.47 | AL52: 20.65 | AM52: 0 | AN52: 0 | AO52: 19.82 | AP52: 0 | AQ52: 2.06 | AR52: 0 | AS52: 0 | AT52: 95 | AU52: 65 | AV52: 1 | AW52: 1 | AZ52: 6.62 | BA52: 6.62 | BB52: 6.62 | BC52: 6.62 | BH52: 0 | BI52: 2 | BJ52: ФЕРм-2001, м08-01-121-01, приказ Минстроя России №1039/пр от 30.12.2016г. | BM52: 108001 | BN52: 0 | BP52: 0 | BQ52: 3 | BR52: 0 | BS52: 6.62 | BT52: 1 | BU52: 1 | BV52: 1 | BW52: 1 | BX52: 1 | BZ52: 95 | CA52: 65 | CF52: 0 | CG52: 0 | CM52: 0 | CO52: 0 | CP52: =(P52+Q52+S52) -> 1071.64 | CQ52: =AC52*BC52 -> 136.703 | CR52: =AD52*BB52 -> 0 | CS52: =AE52*BS52 -> 0 | CT52: =AF52*BA52 -> 131.2084 | CU52: =AG52 -> 0 | CV52: =AH52 -> 2.06 | CW52: =AI52 -> 0 | CX52: =AJ52 -> 0 | CY52: =(((S52+R52)*AT52)/100) -> 498.5885 | CZ52: =(((S52+R52)*AU52)/100) -> 341.1395 | DN52: 0 | DO52: 0 | DP52: 1 | DQ52: 1 | DU52: 1013 | DV52: ШТ | DW52: ШТ | DX52: 1 | EE52: 39174386 | EF52: 3 | EG52: Монтажные работы | EH52: 0 | EJ52: 2 | EK52: 108001 | EL52: Электромонтажные работы , отдел 01-03 : ( на АЭС НР = 110% ) - (работы по упр. авиа.- движением: СП=55% ( {АВИА}=1; обычные работы : СП=65 - {AВИА}=0), при работе на АЭС СП= 68% ) | EM52: мФЕР-08 | EQ52: 0 | ER52: 40.47 | ES52: 20.65 | ET52: 0 | EU52: 0 | EV52: 19.82 | EW52: 2.06 | EX52: 0 | EY52: 0 | FQ52: 0 | FR52: =ROUND(IF(AND(BH52=3,BI52=3),P52,0),2) -> 0 | FS52: 0 | FX52: 95 | FY52: 65 | GD52: 0 | GF52: -686006804 | GG52: 1 | GH52: 1 | GI52: 4 | GJ52: 0 | GK52: =ROUND(R52*(R12)/100,2) -> 0 | GL52: =ROUND(IF(AND(BH52=3,BI52=3,FS52<>0),P52,0),2) -> 0 | GM52: =ROUND(O52+X52+Y52+GK52,2)+GX52 -> 1911.37 | GN52: =IF(OR(BI52=0,BI52=1),ROUND(O52+X52+Y52+GK52,2),0) -> 0 | GO52: =IF(BI52=2,ROUND(O52+X52+Y52+GK52,2),0) -> 1911.37 | GP52: =IF(BI52=4,ROUND(O52+X52+Y52+GK52,2)+GX52,0) -> 0 | GR52: 0 | GS52: 3 | GT52: 0 | GV52: =ROUND(GT52,2) -> 0 | GW52: 1 | GX52: =ROUND(GV52*GW52*I52,2) -> 0 | HA52: 0 | HB52: 0 | IK52: 0
A53: 18 | B53: 1 | C53: 106 | E53: 13,1 | F53: 62.4.01.01-0006 | G53: Батарея аккумуляторная АКБ-17 12В/17 А/ч | H53: шт. | I53: =I52*J53 -> 2 | J53: 0.5 | O53: =ROUND(CP53,2) -> 3051.95 | P53: =ROUND(CQ53*I53,2) -> 3051.95 | Q53: =ROUND(CR53*I53,2) -> 0 | R53: =ROUND(CS53*I53,2) -> 0 | S53: =ROUND(CT53*I53,2) -> 0 | T53: =ROUND(CU53*I53,2) -> 0 | U53: =CV53*I53 -> 0 | V53: =CW53*I53 -> 0 | W53: =ROUND(CX53*I53,2) -> 0 | X53: =ROUND(CY53,2) -> 0 | Y53: =ROUND(CZ53,2) -> 0 | AA53: 39507101 | AB53: =ROUND((AC53+AD53+AF53),2) -> 230.51 | AC53: =ROUND((ES53),2) -> 230.51 | AD53: =ROUND((((ET53)-(EU53))+AE53),2) -> 0 | AE53: =ROUND((EU53),2) -> 0 | AF53: =ROUND((EV53),2) -> 0 | AG53: =ROUND((AP53),2) -> 0 | AH53: =(EW53) -> 0 | AI53: =(EX53) -> 0 | AJ53: =ROUND((AS53),2) -> 0 | AK53: 230.51 | AL53: 230.51 | AM53: 0 | AN53: 0 | AO53: 0 | AP53: 0 | AQ53: 0 | AR53: 0 | AS53: 0 | AT53: 95 | AU53: 65 | AV53: 1 | AW53: 1 | AZ53: 6.62 | BA53: 1 | BB53: 1 | BC53: 6.62 | BH53: 3 | BI53: 2 | BJ53: ФССЦ-2001, 62.4.01.01-0006, приказ Минстроя России №1039/пр от 30.12.2016г. | BM53: 108001 | BN53: 0 | BP53: 0 | BQ53: 3 | BR53: 0 | BS53: 1 | BT53: 1 | BU53: 1 | BV53: 1 | BW53: 1 | BX53: 1 | BZ53: 95 | CA53: 65 | CF53: 0 | CG53: 0 | CM53: 0 | CO53: 0 | CP53: =(P53+Q53+S53) -> 3051.95 | CQ53: =AC53*BC53 -> 1525.9762 | CR53: =AD53*BB53 -> 0 | CS53: =AE53*BS53 -> 0 | CT53: =AF53*BA53 -> 0 | CU53: =AG53 -> 0 | CV53: =AH53 -> 0 | CW53: =AI53 -> 0 | CX53: =AJ53 -> 0 | CY53: =(((S53+R53)*AT53)/100) -> 0 | CZ53: =(((S53+R53)*AU53)/100) -> 0 | DN53: 0 | DO53: 0 | DP53: 1 | DQ53: 1 | DU53: 1010 | DV53: шт. | DW53: шт. | DX53: 1 | EE53: 39174386 | EF53: 3 | EG53: Монтажные работы | EH53: 0 | EJ53: 2 | EK53: 108001 | EL53: Электромонтажные работы , отдел 01-03 : ( на АЭС НР = 110% ) - (работы по упр. авиа.- движением: СП=55% ( {АВИА}=1; обычные работы : СП=65 - {AВИА}=0), при работе на АЭС СП= 68% ) | EM53: мФЕР-08 | EQ53: 0 | ER53: 230.51 | ES53: 230.51 | ET53: 0 | EU53: 0 | EV53: 0 | EW53: 0 | EX53: 0 | FQ53: 0 | FR53: =ROUND(IF(AND(BH53=3,BI53=3),P53,0),2) -> 0 | FS53: 0 | FX53: 95 | FY53: 65 | GD53: 0 | GF53: -1868730208 | GG53: 1 | GH53: 1 | GI53: 4 | GJ53: 0 | GK53: =ROUND(R53*(R12)/100,2) -> 0 | GL53: =ROUND(IF(AND(BH53=3,BI53=3,FS53<>0),P53,0),2) -> 0 | GM53: =ROUND(O53+X53+Y53+GK53,2)+GX53 -> 3051.95 | GN53: =IF(OR(BI53=0,BI53=1),ROUND(O53+X53+Y53+GK53,2),0) -> 0 | GO53: =IF(BI53=2,ROUND(O53+X53+Y53+GK53,2),0) -> 3051.95 | GP53: =IF(BI53=4,ROUND(O53+X53+Y53+GK53,2)+GX53,0) -> 0 | GR53: 0 | GS53: 3 | GT53: 0 | GV53: =ROUND(GT53,2) -> 0 | GW53: 1 | GX53: =ROUND(GV53*GW53*I53,2) -> 0 | HA53: 0 | HB53: 0 | IK53: 0
A54: 18 | B54: 1 | C54: 107 | E54: 13,2 | F54: 62.4.01.01-0009 | G54: Батарея аккумуляторная АКБ-40 12В/40 А/ч | H54: шт. | I54: =I52*J54 -> 2 | J54: 0.5 | O54: =ROUND(CP54,2) -> 7347.94 | P54: =ROUND(CQ54*I54,2) -> 7347.94 | Q54: =ROUND(CR54*I54,2) -> 0 | R54: =ROUND(CS54*I54,2) -> 0 | S54: =ROUND(CT54*I54,2) -> 0 | T54: =ROUND(CU54*I54,2) -> 0 | U54: =CV54*I54 -> 0 | V54: =CW54*I54 -> 0 | W54: =ROUND(CX54*I54,2) -> 0 | X54: =ROUND(CY54,2) -> 0 | Y54: =ROUND(CZ54,2) -> 0 | AA54: 39507101 | AB54: =ROUND((AC54+AD54+AF54),2) -> 554.98 | AC54: =ROUND((ES54),2) -> 554.98 | AD54: =ROUND((((ET54)-(EU54))+AE54),2) -> 0 | AE54: =ROUND((EU54),2) -> 0 | AF54: =ROUND((EV54),2) -> 0 | AG54: =ROUND((AP54),2) -> 0 | AH54: =(EW54) -> 0 | AI54: =(EX54) -> 0 | AJ54: =ROUND((AS54),2) -> 0 | AK54: 554.98 | AL54: 554.98 | AM54: 0 | AN54: 0 | AO54: 0 | AP54: 0 | AQ54: 0 | AR54: 0 | AS54: 0 | AT54: 95 | AU54: 65 | AV54: 1 | AW54: 1 | AZ54: 6.62 | BA54: 1 | BB54: 1 | BC54: 6.62 | BH54: 3 | BI54: 2 | BJ54: ФССЦ-2001, 62.4.01.01-0009, приказ Минстроя России №1039/пр от 30.12.2016г. | BM54: 108001 | BN54: 0 | BP54: 0 | BQ54: 3 | BR54: 0 | BS54: 1 | BT54: 1 | BU54: 1 | BV54: 1 | BW54: 1 | BX54: 1 | BZ54: 95 | CA54: 65 | CF54: 0 | CG54: 0 | CM54: 0 | CO54: 0 | CP54: =(P54+Q54+S54) -> 7347.94 | CQ54: =AC54*BC54 -> 3673.9676 | CR54: =AD54*BB54 -> 0 | CS54: =AE54*BS54 -> 0 | CT54: =AF54*BA54 -> 0 | CU54: =AG54 -> 0 | CV54: =AH54 -> 0 | CW54: =AI54 -> 0 | CX54: =AJ54 -> 0 | CY54: =(((S54+R54)*AT54)/100) -> 0 | CZ54: =(((S54+R54)*AU54)/100) -> 0 | DN54: 0 | DO54: 0 | DP54: 1 | DQ54: 1 | DU54: 1010 | DV54: шт. | DW54: шт. | DX54: 1 | EE54: 39174386 | EF54: 3 | EG54: Монтажные работы | EH54: 0 | EJ54: 2 | EK54: 108001 | EL54: Электромонтажные работы , отдел 01-03 : ( на АЭС НР = 110% ) - (работы по упр. авиа.- движением: СП=55% ( {АВИА}=1; обычные работы : СП=65 - {AВИА}=0), при работе на АЭС СП= 68% ) | EM54: мФЕР-08 | EQ54: 0 | ER54: 554.98 | ES54: 554.98 | ET54: 0 | EU54: 0 | EV54: 0 | EW54: 0 | EX54: 0 | FQ54: 0 | FR54: =ROUND(IF(AND(BH54=3,BI54=3),P54,0),2) -> 0 | FS54: 0 | FX54: 95 | FY54: 65 | GD54: 0 | GF54: -522096491 | GG54: 1 | GH54: 1 | GI54: 4 | GJ54: 0 | GK54: =ROUND(R54*(R12)/100,2) -> 0 | GL54: =ROUND(IF(AND(BH54=3,BI54=3,FS54<>0),P54,0),2) -> 0 | GM54: =ROUND(O54+X54+Y54+GK54,2)+GX54 -> 7347.94 | GN54: =IF(OR(BI54=0,BI54=1),ROUND(O54+X54+Y54+GK54,2),0) -> 0 | GO54: =IF(BI54=2,ROUND(O54+X54+Y54+GK54,2),0) -> 7347.94 | GP54: =IF(BI54=4,ROUND(O54+X54+Y54+GK54,2)+GX54,0) -> 0 | GR54: 0 | GS54: 3 | GT54: 0 | GV54: =ROUND(GT54,2) -> 0 | GW54: 1 | GX54: =ROUND(GV54*GW54*I54,2) -> 0 | HA54: 0 | HB54: 0 | IK54: 0
A55: 18 | B55: 1 | C55: 105 | E55: 13,3 | F55: 20.4.04.01-0001 | G55: Бокс 12В 2х17А/ч для установки аккумуляторов и 40а4 с элементами защиты | H55: шт. | I55: =I52*J55 -> 2 | J55: 0.5 | O55: =ROUND(CP55,2) -> 2718.04 | P55: =ROUND(CQ55*I55,2) -> 2718.04 | Q55: =ROUND(CR55*I55,2) -> 0 | R55: =ROUND(CS55*I55,2) -> 0 | S55: =ROUND(CT55*I55,2) -> 0 | T55: =ROUND(CU55*I55,2) -> 0 | U55: =CV55*I55 -> 0 | V55: =CW55*I55 -> 0 | W55: =ROUND(CX55*I55,2) -> 0 | X55: =ROUND(CY55,2) -> 0 | Y55: =ROUND(CZ55,2) -> 0 | AA55: 39507101 | AB55: =ROUND((AC55+AD55+AF55),2) -> 205.29 | AC55: =ROUND((ES55),2) -> 205.29 | AD55: =ROUND((((ET55)-(EU55))+AE55),2) -> 0 | AE55: =ROUND((EU55),2) -> 0 | AF55: =ROUND((EV55),2) -> 0 | AG55: =ROUND((AP55),2) -> 0 | AH55: =(EW55) -> 0 | AI55: =(EX55) -> 0 | AJ55: =ROUND((AS55),2) -> 0 | AK55: 205.29 | AL55: 205.29 | AM55: 0 | AN55: 0 | AO55: 0 | AP55: 0 | AQ55: 0 | AR55: 0 | AS55: 0 | AT55: 95 | AU55: 65 | AV55: 1 | AW55: 1 | AZ55: 6.62 | BA55: 1 | BB55: 1 | BC55: 6.62 | BH55: 3 | BI55: 2 | BJ55: ФССЦ-2001, 20.4.04.01-0001, приказ Минстроя России №1039/пр от 30.12.2016г. | BM55: 108001 | BN55: 0 | BP55: 0 | BQ55: 3 | BR55: 0 | BS55: 1 | BT55: 1 | BU55: 1 | BV55: 1 | BW55: 1 | BX55: 1 | BZ55: 95 | CA55: 65 | CF55: 0 | CG55: 0 | CM55: 0 | CO55: 0 | CP55: =(P55+Q55+S55) -> 2718.04 | CQ55: =AC55*BC55 -> 1359.0198 | CR55: =AD55*BB55 -> 0 | CS55: =AE55*BS55 -> 0 | CT55: =AF55*BA55 -> 0 | CU55: =AG55 -> 0 | CV55: =AH55 -> 0 | CW55: =AI55 -> 0 | CX55: =AJ55 -> 0 | CY55: =(((S55+R55)*AT55)/100) -> 0 | CZ55: =(((S55+R55)*AU55)/100) -> 0 | DN55: 0 | DO55: 0 | DP55: 1 | DQ55: 1 | DU55: 1010 | DV55: шт. | DW55: шт. | DX55: 1 | EE55: 39174386 | EF55: 3 | EG55: Монтажные работы | EH55: 0 | EJ55: 2 | EK55: 108001 | EL55: Электромонтажные работы , отдел 01-03 : ( на АЭС НР = 110% ) - (работы по упр. авиа.- движением: СП=55% ( {АВИА}=1; обычные работы : СП=65 - {AВИА}=0), при работе на АЭС СП= 68% ) | EM55: мФЕР-08 | EQ55: 0 | ER55: 205.29 | ES55: 205.29 | ET55: 0 | EU55: 0 | EV55: 0 | EW55: 0 | EX55: 0 | FQ55: 0 | FR55: =ROUND(IF(AND(BH55=3,BI55=3),P55,0),2) -> 0 | FS55: 0 | FX55: 95 | FY55: 65 | GD55: 0 | GF55: 1942978742 | GG55: 1 | GH55: 1 | GI55: 4 | GJ55: 0 | GK55: =ROUND(R55*(R12)/100,2) -> 0 | GL55: =ROUND(IF(AND(BH55=3,BI55=3,FS55<>0),P55,0),2) -> 0 | GM55: =ROUND(O55+X55+Y55+GK55,2)+GX55 -> 2718.04 | GN55: =IF(OR(BI55=0,BI55=1),ROUND(O55+X55+Y55+GK55,2),0) -> 0 | GO55: =IF(BI55=2,ROUND(O55+X55+Y55+GK55,2),0) -> 2718.04 | GP55: =IF(BI55=4,ROUND(O55+X55+Y55+GK55,2)+GX55,0) -> 0 | GR55: 0 | GS55: 3 | GT55: 0 | GV55: =ROUND(GT55,2) -> 0 | GW55: 1 | GX55: =ROUND(GV55*GW55*I55,2) -> 0 | HA55: 0 | HB55: 0 | IK55: 0
A56: 17 | B56: 1 | C56: =ROW(SmtRes!A121) -> 121 | D56: =ROW(EtalonRes!A99) -> 99 | E56: 14 | F56: м08-02-390-01 | G56: Короба пластмассовые шириной до 40 мм | H56: 100 м | I56: =ROUND(2569/100,9) -> 25.69 | J56: 0 | O56: =ROUND(CP56,2) -> 35163.21 | P56: =ROUND(CQ56*I56,2) -> 8763.59 | Q56: =ROUND(CR56*I56,2) -> 52.72 | R56: =ROUND(CS56*I56,2) -> 23.81 | S56: =ROUND(CT56*I56,2) -> 26346.9 | T56: =ROUND(CU56*I56,2) -> 0 | U56: =CV56*I56 -> 418.4901 | V56: =CW56*I56 -> 0.2569 | W56: =ROUND(CX56*I56,2) -> 0 | X56: =ROUND(CY56,2) -> 25052.17 | Y56: =ROUND(CZ56,2) -> 17140.96 | AA56: 39507101 | AB56: =ROUND((AC56+AD56+AF56),2) -> 206.76 | AC56: =ROUND((ES56),2) -> 51.53 | AD56: =ROUND((((ET56)-(EU56))+AE56),2) -> 0.31 | AE56: =ROUND((EU56),2) -> 0.14 | AF56: =ROUND((EV56),2) -> 154.92 | AG56: =ROUND((AP56),2) -> 0 | AH56: =(EW56) -> 16.29 | AI56: =(EX56) -> 0.01 | AJ56: =ROUND((AS56),2) -> 0 | AK56: 206.76 | AL56: 51.53 | AM56: 0.31 | AN56: 0.14 | AO56: 154.92 | AP56: 0 | AQ56: 16.29 | AR56: 0.01 | AS56: 0 | AT56: 95 | AU56: 65 | AV56: 1 | AW56: 1 | AZ56: 6.62 | BA56: 6.62 | BB56: 6.62 | BC56: 6.62 | BH56: 0 | BI56: 2 | BJ56: ФЕРм-2001, м08-02-390-01, приказ Минстроя России №1039/пр от 30.12.2016г. | BM56: 108001 | BN56: 0 | BP56: 0 | BQ56: 3 | BR56: 0 | BS56: 6.62 | BT56: 1 | BU56: 1 | BV56: 1 | BW56: 1 | BX56: 1 | BZ56: 95 | CA56: 65 | CF56: 0 | CG56: 0 | CM56: 0 | CO56: 0 | CP56: =(P56+Q56+S56) -> 35163.21 | CQ56: =AC56*BC56 -> 341.1286 | CR56: =AD56*BB56 -> 2.0522 | CS56: =AE56*BS56 -> 0.9268 | CT56: =AF56*BA56 -> 1025.5704 | CU56: =AG56 -> 0 | CV56: =AH56 -> 16.29 | CW56: =AI56 -> 0.01 | CX56: =AJ56 -> 0 | CY56: =(((S56+R56)*AT56)/100) -> 25052.175 | CZ56: =(((S56+R56)*AU56)/100) -> 17140.962 | DN56: 0 | DO56: 0 | DP56: 1 | DQ56: 1 | DU56: 1003 | DV56: 100 м | DW56: 100 м | DX56: 100 | EE56: 39174386 | EF56: 3 | EG56: Монтажные работы | EH56: 0 | EJ56: 2 | EK56: 108001 | EL56: Электромонтажные работы , отдел 01-03 : ( на АЭС НР = 110% ) - (работы по упр. авиа.- движением: СП=55% ( {АВИА}=1; обычные работы : СП=65 - {AВИА}=0), при работе на АЭС СП= 68% ) | EM56: мФЕР-08 | EQ56: 0 | ER56: 206.76 | ES56: 51.53 | ET56: 0.31 | EU56: 0.14 | EV56: 154.92 | EW56: 16.29 | EX56: 0.01 | EY56: 0 | FQ56: 0 | FR56: =ROUND(IF(AND(BH56=3,BI56=3),P56,0),2) -> 0 | FS56: 0 | FX56: 95 | FY56: 65 | GD56: 0 | GF56: -1776686347 | GG56: 1 | GH56: 1 | GI56: 4 | GJ56: 0 | GK56: =ROUND(R56*(R12)/100,2) -> 0 | GL56: =ROUND(IF(AND(BH56=3,BI56=3,FS56<>0),P56,0),2) -> 0 | GM56: =ROUND(O56+X56+Y56+GK56,2)+GX56 -> 77356.34 | GN56: =IF(OR(BI56=0,BI56=1),ROUND(O56+X56+Y56+GK56,2),0) -> 0 | GO56: =IF(BI56=2,ROUND(O56+X56+Y56+GK56,2),0) -> 77356.34 | GP56: =IF(BI56=4,ROUND(O56+X56+Y56+GK56,2)+GX56,0) -> 0 | GR56: 0 | GS56: 3 | GT56: 0 | GV56: =ROUND(GT56,2) -> 0 | GW56: 1 | GX56: =ROUND(GV56*GW56*I56,2) -> 0 | HA56: 0 | HB56: 0 | IK56: 0
A57: 18 | B57: 1 | C57: 116 | E57: 14,1 | F57: 20.2.05.04-0025 | G57: Кабель-канал (короб) ДКС 25x17 мм прим. | H57: 100 м | I57: =I56*J57 -> 3.87 | J57: 0.15064227 | O57: =ROUND(CP57,2) -> 4380.92 | P57: =ROUND(CQ57*I57,2) -> 4380.92 | Q57: =ROUND(CR57*I57,2) -> 0 | R57: =ROUND(CS57*I57,2) -> 0 | S57: =ROUND(CT57*I57,2) -> 0 | T57: =ROUND(CU57*I57,2) -> 0 | U57: =CV57*I57 -> 0 | V57: =CW57*I57 -> 0 | W57: =ROUND(CX57*I57,2) -> 0 | X57: =ROUND(CY57,2) -> 0 | Y57: =ROUND(CZ57,2) -> 0 | AA57: 39507101 | AB57: =ROUND((AC57+AD57+AF57),2) -> 171 | AC57: =ROUND((ES57),2) -> 171 | AD57: =ROUND((((ET57)-(EU57))+AE57),2) -> 0 | AE57: =ROUND((EU57),2) -> 0 | AF57: =ROUND((EV57),2) -> 0 | AG57: =ROUND((AP57),2) -> 0 | AH57: =(EW57) -> 0 | AI57: =(EX57) -> 0 | AJ57: =ROUND((AS57),2) -> 0 | AK57: 171 | AL57: 171 | AM57: 0 | AN57: 0 | AO57: 0 | AP57: 0 | AQ57: 0 | AR57: 0 | AS57: 0 | AT57: 95 | AU57: 65 | AV57: 1 | AW57: 1 | AZ57: 6.62 | BA57: 1 | BB57: 1 | BC57: 6.62 | BH57: 3 | BI57: 2 | BJ57: ФССЦ-2001, 20.2.05.04-0025, приказ Минстроя России №1039/пр от 30.12.2016г. | BM57: 108001 | BN57: 0 | BP57: 0 | BQ57: 3 | BR57: 0 | BS57: 1 | BT57: 1 | BU57: 1 | BV57: 1 | BW57: 1 | BX57: 1 | BZ57: 95 | CA57: 65 | CF57: 0 | CG57: 0 | CM57: 0 | CO57: 0 | CP57: =(P57+Q57+S57) -> 4380.92 | CQ57: =AC57*BC57 -> 1132.02 | CR57: =AD57*BB57 -> 0 | CS57: =AE57*BS57 -> 0 | CT57: =AF57*BA57 -> 0 | CU57: =AG57 -> 0 | CV57: =AH57 -> 0 | CW57: =AI57 -> 0 | CX57: =AJ57 -> 0 | CY57: =(((S57+R57)*AT57)/100) -> 0 | CZ57: =(((S57+R57)*AU57)/100) -> 0 | DN57: 0 | DO57: 0 | DP57: 1 | DQ57: 1 | DU57: 1003 | DV57: 100 м | DW57: 100 м | DX57: 100 | EE57: 39174386 | EF57: 3 | EG57: Монтажные работы | EH57: 0 | EJ57: 2 | EK57: 108001 | EL57: Электромонтажные работы , отдел 01-03 : ( на АЭС НР = 110% ) - (работы по упр. авиа.- движением: СП=55% ( {АВИА}=1; обычные работы : СП=65 - {AВИА}=0), при работе на АЭС СП= 68% ) | EM57: мФЕР-08 | EQ57: 0 | ER57: 171 | ES57: 171 | ET57: 0 | EU57: 0 | EV57: 0 | EW57: 0 | EX57: 0 | FQ57: 0 | FR57: =ROUND(IF(AND(BH57=3,BI57=3),P57,0),2) -> 0 | FS57: 0 | FX57: 95 | FY57: 65 | GD57: 0 | GF57: -1001199785 | GG57: 1 | GH57: 1 | GI57: 4 | GJ57: 0 | GK57: =ROUND(R57*(R12)/100,2) -> 0 | GL57: =ROUND(IF(AND(BH57=3,BI57=3,FS57<>0),P57,0),2) -> 0 | GM57: =ROUND(O57+X57+Y57+GK57,2)+GX57 -> 4380.92 | GN57: =IF(OR(BI57=0,BI57=1),ROUND(O57+X57+Y57+GK57,2),0) -> 0 | GO57: =IF(BI57=2,ROUND(O57+X57+Y57+GK57,2),0) -> 4380.92 | GP57: =IF(BI57=4,ROUND(O57+X57+Y57+GK57,2)+GX57,0) -> 0 | GR57: 0 | GS57: 3 | GT57: 0 | GV57: =ROUND(GT57,2) -> 0 | GW57: 1 | GX57: =ROUND(GV57*GW57*I57,2) -> 0 | HA57: 0 | HB57: 0 | IK57: 0
A58: 18 | B58: 1 | C58: 115 | E58: 14,2 | F58: 20.2.05.04-0024 | G58: Кабель-канал (короб) ДКС 22x10 мм прим. | H58: 100 м | I58: =I56*J58 -> 21.8 | J58: 0.84857921 | O58: =ROUND(CP58,2) -> 17173.6 | P58: =ROUND(CQ58*I58,2) -> 17173.6 | Q58: =ROUND(CR58*I58,2) -> 0 | R58: =ROUND(CS58*I58,2) -> 0 | S58: =ROUND(CT58*I58,2) -> 0 | T58: =ROUND(CU58*I58,2) -> 0 | U58: =CV58*I58 -> 0 | V58: =CW58*I58 -> 0 | W58: =ROUND(CX58*I58,2) -> 0 | X58: =ROUND(CY58,2) -> 0 | Y58: =ROUND(CZ58,2) -> 0 | AA58: 39507101 | AB58: =ROUND((AC58+AD58+AF58),2) -> 119 | AC58: =ROUND((ES58),2) -> 119 | AD58: =ROUND((((ET58)-(EU58))+AE58),2) -> 0 | AE58: =ROUND((EU58),2) -> 0 | AF58: =ROUND((EV58),2) -> 0 | AG58: =ROUND((AP58),2) -> 0 | AH58: =(EW58) -> 0 | AI58: =(EX58) -> 0 | AJ58: =ROUND((AS58),2) -> 0 | AK58: 119 | AL58: 119 | AM58: 0 | AN58: 0 | AO58: 0 | AP58: 0 | AQ58: 0 | AR58: 0 | AS58: 0 | AT58: 95 | AU58: 65 | AV58: 1 | AW58: 1 | AZ58: 6.62 | BA58: 1 | BB58: 1 | BC58: 6.62 | BH58: 3 | BI58: 2 | BJ58: ФССЦ-2001, 20.2.05.04-0024, приказ Минстроя России №1039/пр от 30.12.2016г. | BM58: 108001 | BN58: 0 | BP58: 0 | BQ58: 3 | BR58: 0 | BS58: 1 | BT58: 1 | BU58: 1 | BV58: 1 | BW58: 1 | BX58: 1 | BZ58: 95 | CA58: 65 | CF58: 0 | CG58: 0 | CM58: 0 | CO58: 0 | CP58: =(P58+Q58+S58) -> 17173.6 | CQ58: =AC58*BC58 -> 787.78 | CR58: =AD58*BB58 -> 0 | CS58: =AE58*BS58 -> 0 | CT58: =AF58*BA58 -> 0 | CU58: =AG58 -> 0 | CV58: =AH58 -> 0 | CW58: =AI58 -> 0 | CX58: =AJ58 -> 0 | CY58: =(((S58+R58)*AT58)/100) -> 0 | CZ58: =(((S58+R58)*AU58)/100) -> 0 | DN58: 0 | DO58: 0 | DP58: 1 | DQ58: 1 | DU58: 1003 | DV58: 100 м | DW58: 100 м | DX58: 100 | EE58: 39174386 | EF58: 3 | EG58: Монтажные работы | EH58: 0 | EJ58: 2 | EK58: 108001 | EL58: Электромонтажные работы , отдел 01-03 : ( на АЭС НР = 110% ) - (работы по упр. авиа.- движением: СП=55% ( {АВИА}=1; обычные работы : СП=65 - {AВИА}=0), при работе на АЭС СП= 68% ) | EM58: мФЕР-08 | EQ58: 0 | ER58: 119 | ES58: 119 | ET58: 0 | EU58: 0 | EV58: 0 | EW58: 0 | EX58: 0 | FQ58: 0 | FR58: =ROUND(IF(AND(BH58=3,BI58=3),P58,0),2) -> 0 | FS58: 0 | FX58: 95 | FY58: 65 | GD58: 0 | GF58: -1939045948 | GG58: 1 | GH58: 1 | GI58: 4 | GJ58: 0 | GK58: =ROUND(R58*(R12)/100,2) -> 0 | GL58: =ROUND(IF(AND(BH58=3,BI58=3,FS58<>0),P58,0),2) -> 0 | GM58: =ROUND(O58+X58+Y58+GK58,2)+GX58 -> 17173.6 | GN58: =IF(OR(BI58=0,BI58=1),ROUND(O58+X58+Y58+GK58,2),0) -> 0 | GO58: =IF(BI58=2,ROUND(O58+X58+Y58+GK58,2),0) -> 17173.6 | GP58: =IF(BI58=4,ROUND(O58+X58+Y58+GK58,2)+GX58,0) -> 0 | GR58: 0 | GS58: 3 | GT58: 0 | GV58: =ROUND(GT58,2) -> 0 | GW58: 1 | GX58: =ROUND(GV58*GW58*I58,2) -> 0 | HA58: 0 | HB58: 0 | IK58: 0
A59: 18 | B59: 1 | C59: 117 | E59: 14,3 | F59: 20.2.05.09-0012 | G59: Угол внешний для короба ДКС 25х17 мм прим. | H59: 100 шт. | I59: =I56*J59 -> 0.2 | J59: 0.0077851304 | O59: =ROUND(CP59,2) -> 447.51 | P59: =ROUND(CQ59*I59,2) -> 447.51 | Q59: =ROUND(CR59*I59,2) -> 0 | R59: =ROUND(CS59*I59,2) -> 0 | S59: =ROUND(CT59*I59,2) -> 0 | T59: =ROUND(CU59*I59,2) -> 0 | U59: =CV59*I59 -> 0 | V59: =CW59*I59 -> 0 | W59: =ROUND(CX59*I59,2) -> 0 | X59: =ROUND(CY59,2) -> 0 | Y59: =ROUND(CZ59,2) -> 0 | AA59: 39507101 | AB59: =ROUND((AC59+AD59+AF59),2) -> 338 | AC59: =ROUND((ES59),2) -> 338 | AD59: =ROUND((((ET59)-(EU59))+AE59),2) -> 0 | AE59: =ROUND((EU59),2) -> 0 | AF59: =ROUND((EV59),2) -> 0 | AG59: =ROUND((AP59),2) -> 0 | AH59: =(EW59) -> 0 | AI59: =(EX59) -> 0 | AJ59: =ROUND((AS59),2) -> 0 | AK59: 338 | AL59: 338 | AM59: 0 | AN59: 0 | AO59: 0 | AP59: 0 | AQ59: 0 | AR59: 0 | AS59: 0 | AT59: 95 | AU59: 65 | AV59: 1 | AW59: 1 | AZ59: 6.62 | BA59: 1 | BB59: 1 | BC59: 6.62 | BH59: 3 | BI59: 2 | BJ59: ФССЦ-2001, 20.2.05.09-0012, приказ Минстроя России №1039/пр от 30.12.2016г. | BM59: 108001 | BN59: 0 | BP59: 0 | BQ59: 3 | BR59: 0 | BS59: 1 | BT59: 1 | BU59: 1 | BV59: 1 | BW59: 1 | BX59: 1 | BZ59: 95 | CA59: 65 | CF59: 0 | CG59: 0 | CM59: 0 | CO59: 0 | CP59: =(P59+Q59+S59) -> 447.51 | CQ59: =AC59*BC59 -> 2237.56 | CR59: =AD59*BB59 -> 0 | CS59: =AE59*BS59 -> 0 | CT59: =AF59*BA59 -> 0 | CU59: =AG59 -> 0 | CV59: =AH59 -> 0 | CW59: =AI59 -> 0 | CX59: =AJ59 -> 0 | CY59: =(((S59+R59)*AT59)/100) -> 0 | CZ59: =(((S59+R59)*AU59)/100) -> 0 | DN59: 0 | DO59: 0 | DP59: 1 | DQ59: 1 | DU59: 1010 | DV59: 100 шт. | DW59: 100 шт. | DX59: 100 | EE59: 39174386 | EF59: 3 | EG59: Монтажные работы | EH59: 0 | EJ59: 2 | EK59: 108001 | EL59: Электромонтажные работы , отдел 01-03 : ( на АЭС НР = 110% ) - (работы по упр. авиа.- движением: СП=55% ( {АВИА}=1; обычные работы : СП=65 - {AВИА}=0), при работе на АЭС СП= 68% ) | EM59: мФЕР-08 | EQ59: 0 | ER59: 338 | ES59: 338 | ET59: 0 | EU59: 0 | EV59: 0 | EW59: 0 | EX59: 0 | FQ59: 0 | FR59: =ROUND(IF(AND(BH59=3,BI59=3),P59,0),2) -> 0 | FS59: 0 | FX59: 95 | FY59: 65 | GD59: 0 | GF59: -1159373727 | GG59: 1 | GH59: 1 | GI59: 4 | GJ59: 0 | GK59: =ROUND(R59*(R12)/100,2) -> 0 | GL59: =ROUND(IF(AND(BH59=3,BI59=3,FS59<>0),P59,0),2) -> 0 | GM59: =ROUND(O59+X59+Y59+GK59,2)+GX59 -> 447.51 | GN59: =IF(OR(BI59=0,BI59=1),ROUND(O59+X59+Y59+GK59,2),0) -> 0 | GO59: =IF(BI59=2,ROUND(O59+X59+Y59+GK59,2),0) -> 447.51 | GP59: =IF(BI59=4,ROUND(O59+X59+Y59+GK59,2)+GX59,0) -> 0 | GR59: 0 | GS59: 3 | GT59: 0 | GV59: =ROUND(GT59,2) -> 0 | GW59: 1 | GX59: =ROUND(GV59*GW59*I59,2) -> 0 | HA59: 0 | HB59: 0 | IK59: 0
A60: 18 | B60: 1 | C60: 118 | E60: 14,4 | F60: 20.2.05.09-0032 | G60: Угол внутренний для короба ДКС 25х17 мм прим. | H60: 100 шт. | I60: =I56*J60 -> 0.4 | J60: 0.015570261 | O60: =ROUND(CP60,2) -> 895.02 | P60: =ROUND(CQ60*I60,2) -> 895.02 | Q60: =ROUND(CR60*I60,2) -> 0 | R60: =ROUND(CS60*I60,2) -> 0 | S60: =ROUND(CT60*I60,2) -> 0 | T60: =ROUND(CU60*I60,2) -> 0 | U60: =CV60*I60 -> 0 | V60: =CW60*I60 -> 0 | W60: =ROUND(CX60*I60,2) -> 0 | X60: =ROUND(CY60,2) -> 0 | Y60: =ROUND(CZ60,2) -> 0 | AA60: 39507101 | AB60: =ROUND((AC60+AD60+AF60),2) -> 338 | AC60: =ROUND((ES60),2) -> 338 | AD60: =ROUND((((ET60)-(EU60))+AE60),2) -> 0 | AE60: =ROUND((EU60),2) -> 0 | AF60: =ROUND((EV60),2) -> 0 | AG60: =ROUND((AP60),2) -> 0 | AH60: =(EW60) -> 0 | AI60: =(EX60) -> 0 | AJ60: =ROUND((AS60),2) -> 0 | AK60: 338 | AL60: 338 | AM60: 0 | AN60: 0 | AO60: 0 | AP60: 0 | AQ60: 0 | AR60: 0 | AS60: 0 | AT60: 95 | AU60: 65 | AV60: 1 | AW60: 1 | AZ60: 6.62 | BA60: 1 | BB60: 1 | BC60: 6.62 | BH60: 3 | BI60: 2 | BJ60: ФССЦ-2001, 20.2.05.09-0032, приказ Минстроя России №1039/пр от 30.12.2016г. | BM60: 108001 | BN60: 0 | BP60: 0 | BQ60: 3 | BR60: 0 | BS60: 1 | BT60: 1 | BU60: 1 | BV60: 1 | BW60: 1 | BX60: 1 | BZ60: 95 | CA60: 65 | CF60: 0 | CG60: 0 | CM60: 0 | CO60: 0 | CP60: =(P60+Q60+S60) -> 895.02 | CQ60: =AC60*BC60 -> 2237.56 | CR60: =AD60*BB60 -> 0 | CS60: =AE60*BS60 -> 0 | CT60: =AF60*BA60 -> 0 | CU60: =AG60 -> 0 | CV60: =AH60 -> 0 | CW60: =AI60 -> 0 | CX60: =AJ60 -> 0 | CY60: =(((S60+R60)*AT60)/100) -> 0 | CZ60: =(((S60+R60)*AU60)/100) -> 0 | DN60: 0 | DO60: 0 | DP60: 1 | DQ60: 1 | DU60: 1010 | DV60: 100 шт. | DW60: 100 шт. | DX60: 100 | EE60: 39174386 | EF60: 3 | EG60: Монтажные работы | EH60: 0 | EJ60: 2 | EK60: 108001 | EL60: Электромонтажные работы , отдел 01-03 : ( на АЭС НР = 110% ) - (работы по упр. авиа.- движением: СП=55% ( {АВИА}=1; обычные работы : СП=65 - {AВИА}=0), при работе на АЭС СП= 68% ) | EM60: мФЕР-08 | EQ60: 0 | ER60: 338 | ES60: 338 | ET60: 0 | EU60: 0 | EV60: 0 | EW60: 0 | EX60: 0 | FQ60: 0 | FR60: =ROUND(IF(AND(BH60=3,BI60=3),P60,0),2) -> 0 | FS60: 0 | FX60: 95 | FY60: 65 | GD60: 0 | GF60: 286693678 | GG60: 1 | GH60: 1 | GI60: 4 | GJ60: 0 | GK60: =ROUND(R60*(R12)/100,2) -> 0 | GL60: =ROUND(IF(AND(BH60=3,BI60=3,FS60<>0),P60,0),2) -> 0 | GM60: =ROUND(O60+X60+Y60+GK60,2)+GX60 -> 895.02 | GN60: =IF(OR(BI60=0,BI60=1),ROUND(O60+X60+Y60+GK60,2),0) -> 0 | GO60: =IF(BI60=2,ROUND(O60+X60+Y60+GK60,2),0) -> 895.02 | GP60: =IF(BI60=4,ROUND(O60+X60+Y60+GK60,2)+GX60,0) -> 0 | GR60: 0 | GS60: 3 | GT60: 0 | GV60: =ROUND(GT60,2) -> 0 | GW60: 1 | GX60: =ROUND(GV60*GW60*I60,2) -> 0 | HA60: 0 | HB60: 0 | IK60: 0
A61: 18 | B61: 1 | C61: 114 | E61: 14,5 | F61: 20.2.05.03-0002 | G61: Заглушка для короба ДКС 25х17 мм прим. | H61: 100 шт. | I61: =I56*J61 -> 0.4 | J61: 0.015570261 | O61: =ROUND(CP61,2) -> 354.83 | P61: =ROUND(CQ61*I61,2) -> 354.83 | Q61: =ROUND(CR61*I61,2) -> 0 | R61: =ROUND(CS61*I61,2) -> 0 | S61: =ROUND(CT61*I61,2) -> 0 | T61: =ROUND(CU61*I61,2) -> 0 | U61: =CV61*I61 -> 0 | V61: =CW61*I61 -> 0 | W61: =ROUND(CX61*I61,2) -> 0 | X61: =ROUND(CY61,2) -> 0 | Y61: =ROUND(CZ61,2) -> 0 | AA61: 39507101 | AB61: =ROUND((AC61+AD61+AF61),2) -> 134 | AC61: =ROUND((ES61),2) -> 134 | AD61: =ROUND((((ET61)-(EU61))+AE61),2) -> 0 | AE61: =ROUND((EU61),2) -> 0 | AF61: =ROUND((EV61),2) -> 0 | AG61: =ROUND((AP61),2) -> 0 | AH61: =(EW61) -> 0 | AI61: =(EX61) -> 0 | AJ61: =ROUND((AS61),2) -> 0 | AK61: 134 | AL61: 134 | AM61: 0 | AN61: 0 | AO61: 0 | AP61: 0 | AQ61: 0 | AR61: 0 | AS61: 0 | AT61: 95 | AU61: 65 | AV61: 1 | AW61: 1 | AZ61: 6.62 | BA61: 1 | BB61: 1 | BC61: 6.62 | BH61: 3 | BI61: 2 | BJ61: ФССЦ-2001, 20.2.05.03-0002, приказ Минстроя России №1039/пр от 30.12.2016г. | BM61: 108001 | BN61: 0 | BP61: 0 | BQ61: 3 | BR61: 0 | BS61: 1 | BT61: 1 | BU61: 1 | BV61: 1 | BW61: 1 | BX61: 1 | BZ61: 95 | CA61: 65 | CF61: 0 | CG61: 0 | CM61: 0 | CO61: 0 | CP61: =(P61+Q61+S61) -> 354.83 | CQ61: =AC61*BC61 -> 887.08 | CR61: =AD61*BB61 -> 0 | CS61: =AE61*BS61 -> 0 | CT61: =AF61*BA61 -> 0 | CU61: =AG61 -> 0 | CV61: =AH61 -> 0 | CW61: =AI61 -> 0 | CX61: =AJ61 -> 0 | CY61: =(((S61+R61)*AT61)/100) -> 0 | CZ61: =(((S61+R61)*AU61)/100) -> 0 | DN61: 0 | DO61: 0 | DP61: 1 | DQ61: 1 | DU61: 1010 | DV61: 100 шт. | DW61: 100 шт. | DX61: 100 | EE61: 39174386 | EF61: 3 | EG61: Монтажные работы | EH61: 0 | EJ61: 2 | EK61: 108001 | EL61: Электромонтажные работы , отдел 01-03 : ( на АЭС НР = 110% ) - (работы по упр. авиа.- движением: СП=55% ( {АВИА}=1; обычные работы : СП=65 - {AВИА}=0), при работе на АЭС СП= 68% ) | EM61: мФЕР-08 | EQ61: 0 | ER61: 134 | ES61: 134 | ET61: 0 | EU61: 0 | EV61: 0 | EW61: 0 | EX61: 0 | FQ61: 0 | FR61: =ROUND(IF(AND(BH61=3,BI61=3),P61,0),2) -> 0 | FS61: 0 | FX61: 95 | FY61: 65 | GD61: 0 | GF61: -1501030807 | GG61: 1 | GH61: 1 | GI61: 4 | GJ61: 0 | GK61: =ROUND(R61*(R12)/100,2) -> 0 | GL61: =ROUND(IF(AND(BH61=3,BI61=3,FS61<>0),P61,0),2) -> 0 | GM61: =ROUND(O61+X61+Y61+GK61,2)+GX61 -> 354.83 | GN61: =IF(OR(BI61=0,BI61=1),ROUND(O61+X61+Y61+GK61,2),0) -> 0 | GO61: =IF(BI61=2,ROUND(O61+X61+Y61+GK61,2),0) -> 354.83 | GP61: =IF(BI61=4,ROUND(O61+X61+Y61+GK61,2)+GX61,0) -> 0 | GR61: 0 | GS61: 3 | GT61: 0 | GV61: =ROUND(GT61,2) -> 0 | GW61: 1 | GX61: =ROUND(GV61*GW61*I61,2) -> 0 | HA61: 0 | HB61: 0 | IK61: 0
A62: 18 | B62: 1 | C62: 120 | E62: 14,6 | F62: 20.2.05.10-0012 | G62: Соединение на стык для короба ДКС 25х17 мм | H62: 100 шт. | I62: =I56*J62 -> 1.8 | J62: 0.070066174 | O62: =ROUND(CP62,2) -> 3467.56 | P62: =ROUND(CQ62*I62,2) -> 3467.56 | Q62: =ROUND(CR62*I62,2) -> 0 | R62: =ROUND(CS62*I62,2) -> 0 | S62: =ROUND(CT62*I62,2) -> 0 | T62: =ROUND(CU62*I62,2) -> 0 | U62: =CV62*I62 -> 0 | V62: =CW62*I62 -> 0 | W62: =ROUND(CX62*I62,2) -> 0 | X62: =ROUND(CY62,2) -> 0 | Y62: =ROUND(CZ62,2) -> 0 | AA62: 39507101 | AB62: =ROUND((AC62+AD62+AF62),2) -> 291 | AC62: =ROUND((ES62),2) -> 291 | AD62: =ROUND((((ET62)-(EU62))+AE62),2) -> 0 | AE62: =ROUND((EU62),2) -> 0 | AF62: =ROUND((EV62),2) -> 0 | AG62: =ROUND((AP62),2) -> 0 | AH62: =(EW62) -> 0 | AI62: =(EX62) -> 0 | AJ62: =ROUND((AS62),2) -> 0 | AK62: 291 | AL62: 291 | AM62: 0 | AN62: 0 | AO62: 0 | AP62: 0 | AQ62: 0 | AR62: 0 | AS62: 0 | AT62: 95 | AU62: 65 | AV62: 1 | AW62: 1 | AZ62: 6.62 | BA62: 1 | BB62: 1 | BC62: 6.62 | BH62: 3 | BI62: 2 | BJ62: ФССЦ-2001, 20.2.05.10-0012, приказ Минстроя России №1039/пр от 30.12.2016г. | BM62: 108001 | BN62: 0 | BP62: 0 | BQ62: 3 | BR62: 0 | BS62: 1 | BT62: 1 | BU62: 1 | BV62: 1 | BW62: 1 | BX62: 1 | BZ62: 95 | CA62: 65 | CF62: 0 | CG62: 0 | CM62: 0 | CO62: 0 | CP62: =(P62+Q62+S62) -> 3467.56 | CQ62: =AC62*BC62 -> 1926.42 | CR62: =AD62*BB62 -> 0 | CS62: =AE62*BS62 -> 0 | CT62: =AF62*BA62 -> 0 | CU62: =AG62 -> 0 | CV62: =AH62 -> 0 | CW62: =AI62 -> 0 | CX62: =AJ62 -> 0 | CY62: =(((S62+R62)*AT62)/100) -> 0 | CZ62: =(((S62+R62)*AU62)/100) -> 0 | DN62: 0 | DO62: 0 | DP62: 1 | DQ62: 1 | DU62: 1010 | DV62: 100 шт. | DW62: 100 шт. | DX62: 100 | EE62: 39174386 | EF62: 3 | EG62: Монтажные работы | EH62: 0 | EJ62: 2 | EK62: 108001 | EL62: Электромонтажные работы , отдел 01-03 : ( на АЭС НР = 110% ) - (работы по упр. авиа.- движением: СП=55% ( {АВИА}=1; обычные работы : СП=65 - {AВИА}=0), при работе на АЭС СП= 68% ) | EM62: мФЕР-08 | EQ62: 0 | ER62: 291 | ES62: 291 | ET62: 0 | EU62: 0 | EV62: 0 | EW62: 0 | EX62: 0 | FQ62: 0 | FR62: =ROUND(IF(AND(BH62=3,BI62=3),P62,0),2) -> 0 | FS62: 0 | FX62: 95 | FY62: 65 | GD62: 0 | GF62: 703517834 | GG62: 1 | GH62: 1 | GI62: 4 | GJ62: 0 | GK62: =ROUND(R62*(R12)/100,2) -> 0 | GL62: =ROUND(IF(AND(BH62=3,BI62=3,FS62<>0),P62,0),2) -> 0 | GM62: =ROUND(O62+X62+Y62+GK62,2)+GX62 -> 3467.56 | GN62: =IF(OR(BI62=0,BI62=1),ROUND(O62+X62+Y62+GK62,2),0) -> 0 | GO62: =IF(BI62=2,ROUND(O62+X62+Y62+GK62,2),0) -> 3467.56 | GP62: =IF(BI62=4,ROUND(O62+X62+Y62+GK62,2)+GX62,0) -> 0 | GR62: 0 | GS62: 3 | GT62: 0 | GV62: =ROUND(GT62,2) -> 0 | GW62: 1 | GX62: =ROUND(GV62*GW62*I62,2) -> 0 | HA62: 0 | HB62: 0 | IK62: 0
A63: 18 | B63: 1 | C63: 119 | E63: 14,7 | F63: 20.2.05.10-0011 | G63: Соединение на стык для короба ДКС 22х10 мм прим. | H63: 100 шт. | I63: =I56*J63 -> 11.4 | J63: 0.44375243 | O63: =ROUND(CP63,2) -> 20829.17 | P63: =ROUND(CQ63*I63,2) -> 20829.17 | Q63: =ROUND(CR63*I63,2) -> 0 | R63: =ROUND(CS63*I63,2) -> 0 | S63: =ROUND(CT63*I63,2) -> 0 | T63: =ROUND(CU63*I63,2) -> 0 | U63: =CV63*I63 -> 0 | V63: =CW63*I63 -> 0 | W63: =ROUND(CX63*I63,2) -> 0 | X63: =ROUND(CY63,2) -> 0 | Y63: =ROUND(CZ63,2) -> 0 | AA63: 39507101 | AB63: =ROUND((AC63+AD63+AF63),2) -> 276 | AC63: =ROUND((ES63),2) -> 276 | AD63: =ROUND((((ET63)-(EU63))+AE63),2) -> 0 | AE63: =ROUND((EU63),2) -> 0 | AF63: =ROUND((EV63),2) -> 0 | AG63: =ROUND((AP63),2) -> 0 | AH63: =(EW63) -> 0 | AI63: =(EX63) -> 0 | AJ63: =ROUND((AS63),2) -> 0 | AK63: 276 | AL63: 276 | AM63: 0 | AN63: 0 | AO63: 0 | AP63: 0 | AQ63: 0 | AR63: 0 | AS63: 0 | AT63: 95 | AU63: 65 | AV63: 1 | AW63: 1 | AZ63: 6.62 | BA63: 1 | BB63: 1 | BC63: 6.62 | BH63: 3 | BI63: 2 | BJ63: ФССЦ-2001, 20.2.05.10-0011, приказ Минстроя России №1039/пр от 30.12.2016г. | BM63: 108001 | BN63: 0 | BP63: 0 | BQ63: 3 | BR63: 0 | BS63: 1 | BT63: 1 | BU63: 1 | BV63: 1 | BW63: 1 | BX63: 1 | BZ63: 95 | CA63: 65 | CF63: 0 | CG63: 0 | CM63: 0 | CO63: 0 | CP63: =(P63+Q63+S63) -> 20829.17 | CQ63: =AC63*BC63 -> 1827.12 | CR63: =AD63*BB63 -> 0 | CS63: =AE63*BS63 -> 0 | CT63: =AF63*BA63 -> 0 | CU63: =AG63 -> 0 | CV63: =AH63 -> 0 | CW63: =AI63 -> 0 | CX63: =AJ63 -> 0 | CY63: =(((S63+R63)*AT63)/100) -> 0 | CZ63: =(((S63+R63)*AU63)/100) -> 0 | DN63: 0 | DO63: 0 | DP63: 1 | DQ63: 1 | DU63: 1010 | DV63: 100 шт. | DW63: 100 шт. | DX63: 100 | EE63: 39174386 | EF63: 3 | EG63: Монтажные работы | EH63: 0 | EJ63: 2 | EK63: 108001 | EL63: Электромонтажные работы , отдел 01-03 : ( на АЭС НР = 110% ) - (работы по упр. авиа.- движением: СП=55% ( {АВИА}=1; обычные работы : СП=65 - {AВИА}=0), при работе на АЭС СП= 68% ) | EM63: мФЕР-08 | EQ63: 0 | ER63: 276 | ES63: 276 | ET63: 0 | EU63: 0 | EV63: 0 | EW63: 0 | EX63: 0 | FQ63: 0 | FR63: =ROUND(IF(AND(BH63=3,BI63=3),P63,0),2) -> 0 | FS63: 0 | FX63: 95 | FY63: 65 | GD63: 0 | GF63: 1130268380 | GG63: 1 | GH63: 1 | GI63: 4 | GJ63: 0 | GK63: =ROUND(R63*(R12)/100,2) -> 0 | GL63: =ROUND(IF(AND(BH63=3,BI63=3,FS63<>0),P63,0),2) -> 0 | GM63: =ROUND(O63+X63+Y63+GK63,2)+GX63 -> 20829.17 | GN63: =IF(OR(BI63=0,BI63=1),ROUND(O63+X63+Y63+GK63,2),0) -> 0 | GO63: =IF(BI63=2,ROUND(O63+X63+Y63+GK63,2),0) -> 20829.17 | GP63: =IF(BI63=4,ROUND(O63+X63+Y63+GK63,2)+GX63,0) -> 0 | GR63: 0 | GS63: 3 | GT63: 0 | GV63: =ROUND(GT63,2) -> 0 | GW63: 1 | GX63: =ROUND(GV63*GW63*I63,2) -> 0 | HA63: 0 | HB63: 0 | IK63: 0
A64: 17 | B64: 1 | C64: =ROW(SmtRes!A133) -> 133 | D64: =ROW(EtalonRes!A107) -> 107 | E64: 15 | F64: м08-02-399-01 | G64: Провод в коробах, сечением до 6 мм2 | H64: 100 м | I64: =ROUND(3261/100,9) -> 32.61 | J64: 0 | O64: =ROUND(CP64,2) -> 8874.75 | P64: =ROUND(CQ64*I64,2) -> 2767.56 | Q64: =ROUND(CR64*I64,2) -> 384.26 | R64: =ROUND(CS64*I64,2) -> 56.13 | S64: =ROUND(CT64*I64,2) -> 5722.93 | T64: =ROUND(CU64*I64,2) -> 0 | U64: =CV64*I64 -> 91.9602 | V64: =CW64*I64 -> 0.6522 | W64: =ROUND(CX64*I64,2) -> 0 | X64: =ROUND(CY64,2) -> 5490.11 | Y64: =ROUND(CZ64,2) -> 3756.39 | AA64: 39507101 | AB64: =ROUND((AC64+AD64+AF64),2) -> 41.11 | AC64: =ROUND((ES64),2) -> 12.82 | AD64: =ROUND((((ET64)-(EU64))+AE64),2) -> 1.78 | AE64: =ROUND((EU64),2) -> 0.26 | AF64: =ROUND((EV64),2) -> 26.51 | AG64: =ROUND((AP64),2) -> 0 | AH64: =(EW64) -> 2.82 | AI64: =(EX64) -> 0.02 | AJ64: =ROUND((AS64),2) -> 0 | AK64: 41.11 | AL64: 12.82 | AM64: 1.78 | AN64: 0.26 | AO64: 26.51 | AP64: 0 | AQ64: 2.82 | AR64: 0.02 | AS64: 0 | AT64: 95 | AU64: 65 | AV64: 1 | AW64: 1 | AZ64: 6.62 | BA64: 6.62 | BB64: 6.62 | BC64: 6.62 | BH64: 0 | BI64: 2 | BJ64: ФЕРм-2001, м08-02-399-01, приказ Минстроя России №1039/пр от 30.12.2016г. | BM64: 108001 | BN64: 0 | BP64: 0 | BQ64: 3 | BR64: 0 | BS64: 6.62 | BT64: 1 | BU64: 1 | BV64: 1 | BW64: 1 | BX64: 1 | BZ64: 95 | CA64: 65 | CF64: 0 | CG64: 0 | CM64: 0 | CO64: 0 | CP64: =(P64+Q64+S64) -> 8874.75 | CQ64: =AC64*BC64 -> 84.8684 | CR64: =AD64*BB64 -> 11.7836 | CS64: =AE64*BS64 -> 1.7212 | CT64: =AF64*BA64 -> 175.4962 | CU64: =AG64 -> 0 | CV64: =AH64 -> 2.82 | CW64: =AI64 -> 0.02 | CX64: =AJ64 -> 0 | CY64: =(((S64+R64)*AT64)/100) -> 5490.107 | CZ64: =(((S64+R64)*AU64)/100) -> 3756.389 | DN64: 0 | DO64: 0 | DP64: 1 | DQ64: 1 | DU64: 1003 | DV64: 100 м | DW64: 100 м | DX64: 100 | EE64: 39174386 | EF64: 3 | EG64: Монтажные работы | EH64: 0 | EJ64: 2 | EK64: 108001 | EL64: Электромонтажные работы , отдел 01-03 : ( на АЭС НР = 110% ) - (работы по упр. авиа.- движением: СП=55% ( {АВИА}=1; обычные работы : СП=65 - {AВИА}=0), при работе на АЭС СП= 68% ) | EM64: мФЕР-08 | EQ64: 0 | ER64: 41.11 | ES64: 12.82 | ET64: 1.78 | EU64: 0.26 | EV64: 26.51 | EW64: 2.82 | EX64: 0.02 | EY64: 0 | FQ64: 0 | FR64: =ROUND(IF(AND(BH64=3,BI64=3),P64,0),2) -> 0 | FS64: 0 | FX64: 95 | FY64: 65 | GD64: 0 | GF64: -1159239760 | GG64: 1 | GH64: 1 | GI64: 4 | GJ64: 0 | GK64: =ROUND(R64*(R12)/100,2) -> 0 | GL64: =ROUND(IF(AND(BH64=3,BI64=3,FS64<>0),P64,0),2) -> 0 | GM64: =ROUND(O64+X64+Y64+GK64,2)+GX64 -> 18121.25 | GN64: =IF(OR(BI64=0,BI64=1),ROUND(O64+X64+Y64+GK64,2),0) -> 0 | GO64: =IF(BI64=2,ROUND(O64+X64+Y64+GK64,2),0) -> 18121.25 | GP64: =IF(BI64=4,ROUND(O64+X64+Y64+GK64,2)+GX64,0) -> 0 | GR64: 0 | GS64: 3 | GT64: 0 | GV64: =ROUND(GT64,2) -> 0 | GW64: 1 | GX64: =ROUND(GV64*GW64*I64,2) -> 0 | HA64: 0 | HB64: 0 | IK64: 0
A65: 18 | B65: 1 | C65: 131 | E65: 15,1 | F65: 21.1.08.01-0061 | G65: Кабели коаксиальные парной скрутки огнестойкие для систем пожарной сигнализации, марки КПКВнг-FRLS 1x2x0,5 | H65: 1000 м | I65: =I64*J65 -> 0.19 | J65: 0.0058264336 | O65: =ROUND(CP65,2) -> 6950.51 | P65: =ROUND(CQ65*I65,2) -> 6950.51 | Q65: =ROUND(CR65*I65,2) -> 0 | R65: =ROUND(CS65*I65,2) -> 0 | S65: =ROUND(CT65*I65,2) -> 0 | T65: =ROUND(CU65*I65,2) -> 0 | U65: =CV65*I65 -> 0 | V65: =CW65*I65 -> 0 | W65: =ROUND(CX65*I65,2) -> 0 | X65: =ROUND(CY65,2) -> 0 | Y65: =ROUND(CZ65,2) -> 0 | AA65: 39507101 | AB65: =ROUND((AC65+AD65+AF65),2) -> 5525.93 | AC65: =ROUND((ES65),2) -> 5525.93 | AD65: =ROUND((((ET65)-(EU65))+AE65),2) -> 0 | AE65: =ROUND((EU65),2) -> 0 | AF65: =ROUND((EV65),2) -> 0 | AG65: =ROUND((AP65),2) -> 0 | AH65: =(EW65) -> 0 | AI65: =(EX65) -> 0 | AJ65: =ROUND((AS65),2) -> 0 | AK65: 5525.93 | AL65: 5525.93 | AM65: 0 | AN65: 0 | AO65: 0 | AP65: 0 | AQ65: 0 | AR65: 0 | AS65: 0 | AT65: 95 | AU65: 65 | AV65: 1 | AW65: 1 | AZ65: 6.62 | BA65: 1 | BB65: 1 | BC65: 6.62 | BH65: 3 | BI65: 2 | BJ65: ФССЦ-2001, 21.1.08.01-0061, приказ Минстроя России №1039/пр от 30.12.2016г. | BM65: 108001 | BN65: 0 | BP65: 0 | BQ65: 3 | BR65: 0 | BS65: 1 | BT65: 1 | BU65: 1 | BV65: 1 | BW65: 1 | BX65: 1 | BZ65: 95 | CA65: 65 | CF65: 0 | CG65: 0 | CM65: 0 | CO65: 0 | CP65: =(P65+Q65+S65) -> 6950.51 | CQ65: =AC65*BC65 -> 36581.657 | CR65: =AD65*BB65 -> 0 | CS65: =AE65*BS65 -> 0 | CT65: =AF65*BA65 -> 0 | CU65: =AG65 -> 0 | CV65: =AH65 -> 0 | CW65: =AI65 -> 0 | CX65: =AJ65 -> 0 | CY65: =(((S65+R65)*AT65)/100) -> 0 | CZ65: =(((S65+R65)*AU65)/100) -> 0 | DN65: 0 | DO65: 0 | DP65: 1 | DQ65: 1 | DU65: 1013 | DV65: 1000 м | DW65: 1000 М | DX65: 1 | EE65: 39174386 | EF65: 3 | EG65: Монтажные работы | EH65: 0 | EJ65: 2 | EK65: 108001 | EL65: Электромонтажные работы , отдел 01-03 : ( на АЭС НР = 110% ) - (работы по упр. авиа.- движением: СП=55% ( {АВИА}=1; обычные работы : СП=65 - {AВИА}=0), при работе на АЭС СП= 68% ) | EM65: мФЕР-08 | EQ65: 0 | ER65: 5525.93 | ES65: 5525.93 | ET65: 0 | EU65: 0 | EV65: 0 | EW65: 0 | EX65: 0 | FQ65: 0 | FR65: =ROUND(IF(AND(BH65=3,BI65=3),P65,0),2) -> 0 | FS65: 0 | FX65: 95 | FY65: 65 | GD65: 0 | GF65: 1055300673 | GG65: 1 | GH65: 1 | GI65: 4 | GJ65: 0 | GK65: =ROUND(R65*(R12)/100,2) -> 0 | GL65: =ROUND(IF(AND(BH65=3,BI65=3,FS65<>0),P65,0),2) -> 0 | GM65: =ROUND(O65+X65+Y65+GK65,2)+GX65 -> 6950.51 | GN65: =IF(OR(BI65=0,BI65=1),ROUND(O65+X65+Y65+GK65,2),0) -> 0 | GO65: =IF(BI65=2,ROUND(O65+X65+Y65+GK65,2),0) -> 6950.51 | GP65: =IF(BI65=4,ROUND(O65+X65+Y65+GK65,2)+GX65,0) -> 0 | GR65: 0 | GS65: 3 | GT65: 0 | GV65: =ROUND(GT65,2) -> 0 | GW65: 1 | GX65: =ROUND(GV65*GW65*I65,2) -> 0 | HA65: 0 | HB65: 0 | IK65: 0
A66: 18 | B66: 1 | C66: 132 | E66: 15,2 | F66: 21.1.08.01-0062 | G66: Кабели коаксиальные парной скрутки огнестойкие для систем пожарной сигнализации, марки КПКВнг-FRLS 1x2x0,75 | H66: 1000 м | I66: =I64*J66 -> 3.02 | J66: 0.092609629 | O66: =ROUND(CP66,2) -> 142672.36 | P66: =ROUND(CQ66*I66,2) -> 142672.36 | Q66: =ROUND(CR66*I66,2) -> 0 | R66: =ROUND(CS66*I66,2) -> 0 | S66: =ROUND(CT66*I66,2) -> 0 | T66: =ROUND(CU66*I66,2) -> 0 | U66: =CV66*I66 -> 0 | V66: =CW66*I66 -> 0 | W66: =ROUND(CX66*I66,2) -> 0 | X66: =ROUND(CY66,2) -> 0 | Y66: =ROUND(CZ66,2) -> 0 | AA66: 39507101 | AB66: =ROUND((AC66+AD66+AF66),2) -> 7136.33 | AC66: =ROUND((ES66),2) -> 7136.33 | AD66: =ROUND((((ET66)-(EU66))+AE66),2) -> 0 | AE66: =ROUND((EU66),2) -> 0 | AF66: =ROUND((EV66),2) -> 0 | AG66: =ROUND((AP66),2) -> 0 | AH66: =(EW66) -> 0 | AI66: =(EX66) -> 0 | AJ66: =ROUND((AS66),2) -> 0 | AK66: 7136.33 | AL66: 7136.33 | AM66: 0 | AN66: 0 | AO66: 0 | AP66: 0 | AQ66: 0 | AR66: 0 | AS66: 0 | AT66: 95 | AU66: 65 | AV66: 1 | AW66: 1 | AZ66: 6.62 | BA66: 1 | BB66: 1 | BC66: 6.62 | BH66: 3 | BI66: 2 | BJ66: ФССЦ-2001, 21.1.08.01-0062, приказ Минстроя России №1039/пр от 30.12.2016г. | BM66: 108001 | BN66: 0 | BP66: 0 | BQ66: 3 | BR66: 0 | BS66: 1 | BT66: 1 | BU66: 1 | BV66: 1 | BW66: 1 | BX66: 1 | BZ66: 95 | CA66: 65 | CF66: 0 | CG66: 0 | CM66: 0 | CO66: 0 | CP66: =(P66+Q66+S66) -> 142672.36 | CQ66: =AC66*BC66 -> 47242.505 | CR66: =AD66*BB66 -> 0 | CS66: =AE66*BS66 -> 0 | CT66: =AF66*BA66 -> 0 | CU66: =AG66 -> 0 | CV66: =AH66 -> 0 | CW66: =AI66 -> 0 | CX66: =AJ66 -> 0 | CY66: =(((S66+R66)*AT66)/100) -> 0 | CZ66: =(((S66+R66)*AU66)/100) -> 0 | DN66: 0 | DO66: 0 | DP66: 1 | DQ66: 1 | DU66: 1013 | DV66: 1000 м | DW66: 1000 М | DX66: 1 | EE66: 39174386 | EF66: 3 | EG66: Монтажные работы | EH66: 0 | EJ66: 2 | EK66: 108001 | EL66: Электромонтажные работы , отдел 01-03 : ( на АЭС НР = 110% ) - (работы по упр. авиа.- движением: СП=55% ( {АВИА}=1; обычные работы : СП=65 - {AВИА}=0), при работе на АЭС СП= 68% ) | EM66: мФЕР-08 | EQ66: 0 | ER66: 7136.33 | ES66: 7136.33 | ET66: 0 | EU66: 0 | EV66: 0 | EW66: 0 | EX66: 0 | FQ66: 0 | FR66: =ROUND(IF(AND(BH66=3,BI66=3),P66,0),2) -> 0 | FS66: 0 | FX66: 95 | FY66: 65 | GD66: 0 | GF66: -1544923542 | GG66: 1 | GH66: 1 | GI66: 4 | GJ66: 0 | GK66: =ROUND(R66*(R12)/100,2) -> 0 | GL66: =ROUND(IF(AND(BH66=3,BI66=3,FS66<>0),P66,0),2) -> 0 | GM66: =ROUND(O66+X66+Y66+GK66,2)+GX66 -> 142672.36 | GN66: =IF(OR(BI66=0,BI66=1),ROUND(O66+X66+Y66+GK66,2),0) -> 0 | GO66: =IF(BI66=2,ROUND(O66+X66+Y66+GK66,2),0) -> 142672.36 | GP66: =IF(BI66=4,ROUND(O66+X66+Y66+GK66,2)+GX66,0) -> 0 | GR66: 0 | GS66: 3 | GT66: 0 | GV66: =ROUND(GT66,2) -> 0 | GW66: 1 | GX66: =ROUND(GV66*GW66*I66,2) -> 0 | HA66: 0 | HB66: 0 | IK66: 0
A67: 18 | B67: 1 | C67: 129 | E67: 15,3 | F67: 21.1.06.10-0155 | G67: Кабель силовой огнестойкий с медными жилами с изоляцией и оболочкой из ПВХ, не распространяющий горение, с низким дымо- и газовыделением, напряжением 1,0 кВ (ГОСТ Р 53769-2010), марки ВВГнг(A)-FRLS 2х1,5ок(N) | H67: 1000 м | I67: =I64*J67 -> 0.001 | J67: 3.066544e-05 | O67: =ROUND(CP67,2) -> 110.64 | P67: =ROUND(CQ67*I67,2) -> 110.64 | Q67: =ROUND(CR67*I67,2) -> 0 | R67: =ROUND(CS67*I67,2) -> 0 | S67: =ROUND(CT67*I67,2) -> 0 | T67: =ROUND(CU67*I67,2) -> 0 | U67: =CV67*I67 -> 0 | V67: =CW67*I67 -> 0 | W67: =ROUND(CX67*I67,2) -> 0 | X67: =ROUND(CY67,2) -> 0 | Y67: =ROUND(CZ67,2) -> 0 | AA67: 39507101 | AB67: =ROUND((AC67+AD67+AF67),2) -> 16712.36 | AC67: =ROUND((ES67),2) -> 16712.36 | AD67: =ROUND((((ET67)-(EU67))+AE67),2) -> 0 | AE67: =ROUND((EU67),2) -> 0 | AF67: =ROUND((EV67),2) -> 0 | AG67: =ROUND((AP67),2) -> 0 | AH67: =(EW67) -> 0 | AI67: =(EX67) -> 0 | AJ67: =ROUND((AS67),2) -> 0 | AK67: 16712.36 | AL67: 16712.36 | AM67: 0 | AN67: 0 | AO67: 0 | AP67: 0 | AQ67: 0 | AR67: 0 | AS67: 0 | AT67: 95 | AU67: 65 | AV67: 1 | AW67: 1 | AZ67: 6.62 | BA67: 1 | BB67: 1 | BC67: 6.62 | BH67: 3 | BI67: 2 | BJ67: ФССЦ-2001, 21.1.06.10-0155, приказ Минстроя России №1039/пр от 30.12.2016г. | BM67: 108001 | BN67: 0 | BP67: 0 | BQ67: 3 | BR67: 0 | BS67: 1 | BT67: 1 | BU67: 1 | BV67: 1 | BW67: 1 | BX67: 1 | BZ67: 95 | CA67: 65 | CF67: 0 | CG67: 0 | CM67: 0 | CO67: 0 | CP67: =(P67+Q67+S67) -> 110.64 | CQ67: =AC67*BC67 -> 110635.82 | CR67: =AD67*BB67 -> 0 | CS67: =AE67*BS67 -> 0 | CT67: =AF67*BA67 -> 0 | CU67: =AG67 -> 0 | CV67: =AH67 -> 0 | CW67: =AI67 -> 0 | CX67: =AJ67 -> 0 | CY67: =(((S67+R67)*AT67)/100) -> 0 | CZ67: =(((S67+R67)*AU67)/100) -> 0 | DN67: 0 | DO67: 0 | DP67: 1 | DQ67: 1 | DU67: 1013 | DV67: 1000 м | DW67: 1000 М | DX67: 1 | EE67: 39174386 | EF67: 3 | EG67: Монтажные работы | EH67: 0 | EJ67: 2 | EK67: 108001 | EL67: Электромонтажные работы , отдел 01-03 : ( на АЭС НР = 110% ) - (работы по упр. авиа.- движением: СП=55% ( {АВИА}=1; обычные работы : СП=65 - {AВИА}=0), при работе на АЭС СП= 68% ) | EM67: мФЕР-08 | EQ67: 0 | ER67: 16712.36 | ES67: 16712.36 | ET67: 0 | EU67: 0 | EV67: 0 | EW67: 0 | EX67: 0 | FQ67: 0 | FR67: =ROUND(IF(AND(BH67=3,BI67=3),P67,0),2) -> 0 | FS67: 0 | FX67: 95 | FY67: 65 | GD67: 0 | GF67: -1781647131 | GG67: 1 | GH67: 1 | GI67: 4 | GJ67: 0 | GK67: =ROUND(R67*(R12)/100,2) -> 0 | GL67: =ROUND(IF(AND(BH67=3,BI67=3,FS67<>0),P67,0),2) -> 0 | GM67: =ROUND(O67+X67+Y67+GK67,2)+GX67 -> 110.64 | GN67: =IF(OR(BI67=0,BI67=1),ROUND(O67+X67+Y67+GK67,2),0) -> 0 | GO67: =IF(BI67=2,ROUND(O67+X67+Y67+GK67,2),0) -> 110.64 | GP67: =IF(BI67=4,ROUND(O67+X67+Y67+GK67,2)+GX67,0) -> 0 | GR67: 0 | GS67: 3 | GT67: 0 | GV67: =ROUND(GT67,2) -> 0 | GW67: 1 | GX67: =ROUND(GV67*GW67*I67,2) -> 0 | HA67: 0 | HB67: 0 | IK67: 0
A68: 18 | B68: 1 | C68: 130 | E68: 15,4 | F68: 21.1.06.10-0168 | G68: Кабель силовой огнестойкий с медными жилами с изоляцией и оболочкой из ПВХ, не распространяющий горение, с низким дымо- и газовыделением, напряжением 1,0 кВ (ГОСТ Р 53769-2010), марки ВВГнг(A)-FRLS 3х1,5ок(N,РЕ) | H68: 1000 м | I68: =I64*J68 -> 0.05 | J68: 0.001533272 | O68: =ROUND(CP68,2) -> 6574.63 | P68: =ROUND(CQ68*I68,2) -> 6574.63 | Q68: =ROUND(CR68*I68,2) -> 0 | R68: =ROUND(CS68*I68,2) -> 0 | S68: =ROUND(CT68*I68,2) -> 0 | T68: =ROUND(CU68*I68,2) -> 0 | U68: =CV68*I68 -> 0 | V68: =CW68*I68 -> 0 | W68: =ROUND(CX68*I68,2) -> 0 | X68: =ROUND(CY68,2) -> 0 | Y68: =ROUND(CZ68,2) -> 0 | AA68: 39507101 | AB68: =ROUND((AC68+AD68+AF68),2) -> 19862.94 | AC68: =ROUND((ES68),2) -> 19862.94 | AD68: =ROUND((((ET68)-(EU68))+AE68),2) -> 0 | AE68: =ROUND((EU68),2) -> 0 | AF68: =ROUND((EV68),2) -> 0 | AG68: =ROUND((AP68),2) -> 0 | AH68: =(EW68) -> 0 | AI68: =(EX68) -> 0 | AJ68: =ROUND((AS68),2) -> 0 | AK68: 19862.94 | AL68: 19862.94 | AM68: 0 | AN68: 0 | AO68: 0 | AP68: 0 | AQ68: 0 | AR68: 0 | AS68: 0 | AT68: 95 | AU68: 65 | AV68: 1 | AW68: 1 | AZ68: 6.62 | BA68: 1 | BB68: 1 | BC68: 6.62 | BH68: 3 | BI68: 2 | BJ68: ФССЦ-2001, 21.1.06.10-0168, приказ Минстроя России №1039/пр от 30.12.2016г. | BM68: 108001 | BN68: 0 | BP68: 0 | BQ68: 3 | BR68: 0 | BS68: 1 | BT68: 1 | BU68: 1 | BV68: 1 | BW68: 1 | BX68: 1 | BZ68: 95 | CA68: 65 | CF68: 0 | CG68: 0 | CM68: 0 | CO68: 0 | CP68: =(P68+Q68+S68) -> 6574.63 | CQ68: =AC68*BC68 -> 131492.66 | CR68: =AD68*BB68 -> 0 | CS68: =AE68*BS68 -> 0 | CT68: =AF68*BA68 -> 0 | CU68: =AG68 -> 0 | CV68: =AH68 -> 0 | CW68: =AI68 -> 0 | CX68: =AJ68 -> 0 | CY68: =(((S68+R68)*AT68)/100) -> 0 | CZ68: =(((S68+R68)*AU68)/100) -> 0 | DN68: 0 | DO68: 0 | DP68: 1 | DQ68: 1 | DU68: 1013 | DV68: 1000 м | DW68: 1000 М | DX68: 1 | EE68: 39174386 | EF68: 3 | EG68: Монтажные работы | EH68: 0 | EJ68: 2 | EK68: 108001 | EL68: Электромонтажные работы , отдел 01-03 : ( на АЭС НР = 110% ) - (работы по упр. авиа.- движением: СП=55% ( {АВИА}=1; обычные работы : СП=65 - {AВИА}=0), при работе на АЭС СП= 68% ) | EM68: мФЕР-08 | EQ68: 0 | ER68: 19862.94 | ES68: 19862.94 | ET68: 0 | EU68: 0 | EV68: 0 | EW68: 0 | EX68: 0 | FQ68: 0 | FR68: =ROUND(IF(AND(BH68=3,BI68=3),P68,0),2) -> 0 | FS68: 0 | FX68: 95 | FY68: 65 | GD68: 0 | GF68: -1945804292 | GG68: 1 | GH68: 1 | GI68: 4 | GJ68: 0 | GK68: =ROUND(R68*(R12)/100,2) -> 0 | GL68: =ROUND(IF(AND(BH68=3,BI68=3,FS68<>0),P68,0),2) -> 0 | GM68: =ROUND(O68+X68+Y68+GK68,2)+GX68 -> 6574.63 | GN68: =IF(OR(BI68=0,BI68=1),ROUND(O68+X68+Y68+GK68,2),0) -> 0 | GO68: =IF(BI68=2,ROUND(O68+X68+Y68+GK68,2),0) -> 6574.63 | GP68: =IF(BI68=4,ROUND(O68+X68+Y68+GK68,2)+GX68,0) -> 0 | GR68: 0 | GS68: 3 | GT68: 0 | GV68: =ROUND(GT68,2) -> 0 | GW68: 1 | GX68: =ROUND(GV68*GW68*I68,2) -> 0 | HA68: 0 | HB68: 0 | IK68: 0
A69: 17 | B69: 1 | C69: =ROW(SmtRes!A148) -> 148 | D69: =ROW(EtalonRes!A120) -> 120 | E69: 16 | F69: м08-03-599-12 прим. | G69: Щитки осветительные, устанавливаемые на стене болтами на конструкции, масса щитка до 6 кг (щиты монтажный ЩМП-4,ЩИТ распределительный ЩРн-П-4 IP30) в комплекте с динрейкой и сальником. | H69: ШТ | I69: 2 | J69: 0 | O69: =ROUND(CP69,2) -> 1044.9 | P69: =ROUND(CQ69*I69,2) -> 620.29 | Q69: =ROUND(CR69*I69,2) -> 66.07 | R69: =ROUND(CS69*I69,2) -> 8.47 | S69: =ROUND(CT69*I69,2) -> 358.54 | T69: =ROUND(CU69*I69,2) -> 0 | U69: =CV69*I69 -> 5.46 | V69: =CW69*I69 -> 0.1 | W69: =ROUND(CX69*I69,2) -> 0 | X69: =ROUND(CY69,2) -> 348.66 | Y69: =ROUND(CZ69,2) -> 238.56 | AA69: 39507101 | AB69: =ROUND((AC69+AD69+AF69),2) -> 78.92 | AC69: =ROUND((ES69),2) -> 46.85 | AD69: =ROUND((((ET69)-(EU69))+AE69),2) -> 4.99 | AE69: =ROUND((EU69),2) -> 0.64 | AF69: =ROUND((EV69),2) -> 27.08 | AG69: =ROUND((AP69),2) -> 0 | AH69: =(EW69) -> 2.73 | AI69: =(EX69) -> 0.05 | AJ69: =ROUND((AS69),2) -> 0 | AK69: 78.92 | AL69: 46.85 | AM69: 4.99 | AN69: 0.64 | AO69: 27.08 | AP69: 0 | AQ69: 2.73 | AR69: 0.05 | AS69: 0 | AT69: 95 | AU69: 65 | AV69: 1 | AW69: 1 | AZ69: 6.62 | BA69: 6.62 | BB69: 6.62 | BC69: 6.62 | BH69: 0 | BI69: 2 | BJ69: ФЕРм-2001, м08-03-599-12, приказ Минстроя России №1039/пр от 30.12.2016г. | BM69: 108001 | BN69: 0 | BP69: 0 | BQ69: 3 | BR69: 0 | BS69: 6.62 | BT69: 1 | BU69: 1 | BV69: 1 | BW69: 1 | BX69: 1 | BZ69: 95 | CA69: 65 | CF69: 0 | CG69: 0 | CM69: 0 | CO69: 0 | CP69: =(P69+Q69+S69) -> 1044.9 | CQ69: =AC69*BC69 -> 310.147 | CR69: =AD69*BB69 -> 33.0338 | CS69: =AE69*BS69 -> 4.2368 | CT69: =AF69*BA69 -> 179.2696 | CU69: =AG69 -> 0 | CV69: =AH69 -> 2.73 | CW69: =AI69 -> 0.05 | CX69: =AJ69 -> 0 | CY69: =(((S69+R69)*AT69)/100) -> 348.6595 | CZ69: =(((S69+R69)*AU69)/100) -> 238.5565 | DN69: 0 | DO69: 0 | DP69: 1 | DQ69: 1 | DU69: 1013 | DV69: ШТ | DW69: ШТ | DX69: 1 | EE69: 39174386 | EF69: 3 | EG69: Монтажные работы | EH69: 0 | EJ69: 2 | EK69: 108001 | EL69: Электромонтажные работы , отдел 01-03 : ( на АЭС НР = 110% ) - (работы по упр. авиа.- движением: СП=55% ( {АВИА}=1; обычные работы : СП=65 - {AВИА}=0), при работе на АЭС СП= 68% ) | EM69: мФЕР-08 | EQ69: 0 | ER69: 78.92 | ES69: 46.85 | ET69: 4.99 | EU69: 0.64 | EV69: 27.08 | EW69: 2.73 | EX69: 0.05 | EY69: 0 | FQ69: 0 | FR69: =ROUND(IF(AND(BH69=3,BI69=3),P69,0),2) -> 0 | FS69: 0 | FX69: 95 | FY69: 65 | GD69: 0 | GF69: 22433498 | GG69: 1 | GH69: 1 | GI69: 4 | GJ69: 0 | GK69: =ROUND(R69*(R12)/100,2) -> 0 | GL69: =ROUND(IF(AND(BH69=3,BI69=3,FS69<>0),P69,0),2) -> 0 | GM69: =ROUND(O69+X69+Y69+GK69,2)+GX69 -> 1632.12 | GN69: =IF(OR(BI69=0,BI69=1),ROUND(O69+X69+Y69+GK69,2),0) -> 0 | GO69: =IF(BI69=2,ROUND(O69+X69+Y69+GK69,2),0) -> 1632.12 | GP69: =IF(BI69=4,ROUND(O69+X69+Y69+GK69,2)+GX69,0) -> 0 | GR69: 0 | GS69: 3 | GT69: 0 | GV69: =ROUND(GT69,2) -> 0 | GW69: 1 | GX69: =ROUND(GV69*GW69*I69,2) -> 0 | HA69: 0 | HB69: 0 | IK69: 0
A70: 18 | B70: 1 | C70: 145 | E70: 16,1 | F70: 22.1.01.01-0001 | G70: Шкаф распределительный навесной ЩРн-П-4 IP30 пластиковый белый прозрачная дверь. | H70: шт. | I70: =I69*J70 -> 1 | J70: 0.5 | O70: =ROUND(CP70,2) -> 543.7 | P70: =ROUND(CQ70*I70,2) -> 543.7 | Q70: =ROUND(CR70*I70,2) -> 0 | R70: =ROUND(CS70*I70,2) -> 0 | S70: =ROUND(CT70*I70,2) -> 0 | T70: =ROUND(CU70*I70,2) -> 0 | U70: =CV70*I70 -> 0 | V70: =CW70*I70 -> 0 | W70: =ROUND(CX70*I70,2) -> 0 | X70: =ROUND(CY70,2) -> 0 | Y70: =ROUND(CZ70,2) -> 0 | AA70: 39507101 | AB70: =ROUND((AC70+AD70+AF70),2) -> 82.13 | AC70: =ROUND((ES70),2) -> 82.13 | AD70: =ROUND((((ET70)-(EU70))+AE70),2) -> 0 | AE70: =ROUND((EU70),2) -> 0 | AF70: =ROUND((EV70),2) -> 0 | AG70: =ROUND((AP70),2) -> 0 | AH70: =(EW70) -> 0 | AI70: =(EX70) -> 0 | AJ70: =ROUND((AS70),2) -> 0 | AK70: 82.13 | AL70: 82.13 | AM70: 0 | AN70: 0 | AO70: 0 | AP70: 0 | AQ70: 0 | AR70: 0 | AS70: 0 | AT70: 95 | AU70: 65 | AV70: 1 | AW70: 1 | AZ70: 6.62 | BA70: 1 | BB70: 1 | BC70: 6.62 | BH70: 3 | BI70: 2 | BJ70: ФССЦ-2001, 22.1.01.01-0001, приказ Минстроя России №1039/пр от 30.12.2016г. | BM70: 108001 | BN70: 0 | BP70: 0 | BQ70: 3 | BR70: 0 | BS70: 1 | BT70: 1 | BU70: 1 | BV70: 1 | BW70: 1 | BX70: 1 | BZ70: 95 | CA70: 65 | CF70: 0 | CG70: 0 | CM70: 0 | CO70: 0 | CP70: =(P70+Q70+S70) -> 543.7 | CQ70: =AC70*BC70 -> 543.7006 | CR70: =AD70*BB70 -> 0 | CS70: =AE70*BS70 -> 0 | CT70: =AF70*BA70 -> 0 | CU70: =AG70 -> 0 | CV70: =AH70 -> 0 | CW70: =AI70 -> 0 | CX70: =AJ70 -> 0 | CY70: =(((S70+R70)*AT70)/100) -> 0 | CZ70: =(((S70+R70)*AU70)/100) -> 0 | DN70: 0 | DO70: 0 | DP70: 1 | DQ70: 1 | DU70: 1010 | DV70: шт. | DW70: шт. | DX70: 1 | EE70: 39174386 | EF70: 3 | EG70: Монтажные работы | EH70: 0 | EJ70: 2 | EK70: 108001 | EL70: Электромонтажные работы , отдел 01-03 : ( на АЭС НР = 110% ) - (работы по упр. авиа.- движением: СП=55% ( {АВИА}=1; обычные работы : СП=65 - {AВИА}=0), при работе на АЭС СП= 68% ) | EM70: мФЕР-08 | EQ70: 0 | ER70: 82.13 | ES70: 82.13 | ET70: 0 | EU70: 0 | EV70: 0 | EW70: 0 | EX70: 0 | FQ70: 0 | FR70: =ROUND(IF(AND(BH70=3,BI70=3),P70,0),2) -> 0 | FS70: 0 | FX70: 95 | FY70: 65 | GD70: 0 | GF70: 2101519817 | GG70: 1 | GH70: 1 | GI70: 4 | GJ70: 0 | GK70: =ROUND(R70*(R12)/100,2) -> 0 | GL70: =ROUND(IF(AND(BH70=3,BI70=3,FS70<>0),P70,0),2) -> 0 | GM70: =ROUND(O70+X70+Y70+GK70,2)+GX70 -> 543.7 | GN70: =IF(OR(BI70=0,BI70=1),ROUND(O70+X70+Y70+GK70,2),0) -> 0 | GO70: =IF(BI70=2,ROUND(O70+X70+Y70+GK70,2),0) -> 543.7 | GP70: =IF(BI70=4,ROUND(O70+X70+Y70+GK70,2)+GX70,0) -> 0 | GR70: 0 | GS70: 3 | GT70: 0 | GV70: =ROUND(GT70,2) -> 0 | GW70: 1 | GX70: =ROUND(GV70*GW70*I70,2) -> 0 | HA70: 0 | HB70: 0 | IK70: 0
A71: 18 | B71: 1 | C71: 147 | E71: 16,2 | F71: 62.1.02.22-0092 | G71: Шкаф монтажный ЩМП-800х650х250(ЩП-4)IP54У2 металлический) | H71: шт. | I71: =I69*J71 -> 1 | J71: 0.5 | O71: =ROUND(CP71,2) -> 1990.5 | P71: =ROUND(CQ71*I71,2) -> 1990.5 | Q71: =ROUND(CR71*I71,2) -> 0 | R71: =ROUND(CS71*I71,2) -> 0 | S71: =ROUND(CT71*I71,2) -> 0 | T71: =ROUND(CU71*I71,2) -> 0 | U71: =CV71*I71 -> 0 | V71: =CW71*I71 -> 0 | W71: =ROUND(CX71*I71,2) -> 0 | X71: =ROUND(CY71,2) -> 0 | Y71: =ROUND(CZ71,2) -> 0 | AA71: 39507101 | AB71: =ROUND((AC71+AD71+AF71),2) -> 300.68 | AC71: =ROUND((ES71),2) -> 300.68 | AD71: =ROUND((((ET71)-(EU71))+AE71),2) -> 0 | AE71: =ROUND((EU71),2) -> 0 | AF71: =ROUND((EV71),2) -> 0 | AG71: =ROUND((AP71),2) -> 0 | AH71: =(EW71) -> 0 | AI71: =(EX71) -> 0 | AJ71: =ROUND((AS71),2) -> 0 | AK71: 300.68 | AL71: 300.68 | AM71: 0 | AN71: 0 | AO71: 0 | AP71: 0 | AQ71: 0 | AR71: 0 | AS71: 0 | AT71: 95 | AU71: 65 | AV71: 1 | AW71: 1 | AZ71: 6.62 | BA71: 1 | BB71: 1 | BC71: 6.62 | BH71: 3 | BI71: 2 | BJ71: ФССЦ-2001, 62.1.02.22-0092, приказ Минстроя России №1039/пр от 30.12.2016г. | BM71: 108001 | BN71: 0 | BP71: 0 | BQ71: 3 | BR71: 0 | BS71: 1 | BT71: 1 | BU71: 1 | BV71: 1 | BW71: 1 | BX71: 1 | BZ71: 95 | CA71: 65 | CF71: 0 | CG71: 0 | CM71: 0 | CO71: 0 | CP71: =(P71+Q71+S71) -> 1990.5 | CQ71: =AC71*BC71 -> 1990.5016 | CR71: =AD71*BB71 -> 0 | CS71: =AE71*BS71 -> 0 | CT71: =AF71*BA71 -> 0 | CU71: =AG71 -> 0 | CV71: =AH71 -> 0 | CW71: =AI71 -> 0 | CX71: =AJ71 -> 0 | CY71: =(((S71+R71)*AT71)/100) -> 0 | CZ71: =(((S71+R71)*AU71)/100) -> 0 | DN71: 0 | DO71: 0 | DP71: 1 | DQ71: 1 | DU71: 1010 | DV71: шт. | DW71: шт. | DX71: 1 | EE71: 39174386 | EF71: 3 | EG71: Монтажные работы | EH71: 0 | EJ71: 2 | EK71: 108001 | EL71: Электромонтажные работы , отдел 01-03 : ( на АЭС НР = 110% ) - (работы по упр. авиа.- движением: СП=55% ( {АВИА}=1; обычные работы : СП=65 - {AВИА}=0), при работе на АЭС СП= 68% ) | EM71: мФЕР-08 | EQ71: 0 | ER71: 300.68 | ES71: 300.68 | ET71: 0 | EU71: 0 | EV71: 0 | EW71: 0 | EX71: 0 | FQ71: 0 | FR71: =ROUND(IF(AND(BH71=3,BI71=3),P71,0),2) -> 0 | FS71: 0 | FX71: 95 | FY71: 65 | GD71: 0 | GF71: -1025881361 | GG71: 1 | GH71: 1 | GI71: 4 | GJ71: 0 | GK71: =ROUND(R71*(R12)/100,2) -> 0 | GL71: =ROUND(IF(AND(BH71=3,BI71=3,FS71<>0),P71,0),2) -> 0 | GM71: =ROUND(O71+X71+Y71+GK71,2)+GX71 -> 1990.5 | GN71: =IF(OR(BI71=0,BI71=1),ROUND(O71+X71+Y71+GK71,2),0) -> 0 | GO71: =IF(BI71=2,ROUND(O71+X71+Y71+GK71,2),0) -> 1990.5 | GP71: =IF(BI71=4,ROUND(O71+X71+Y71+GK71,2)+GX71,0) -> 0 | GR71: 0 | GS71: 3 | GT71: 0 | GV71: =ROUND(GT71,2) -> 0 | GW71: 1 | GX71: =ROUND(GV71*GW71*I71,2) -> 0 | HA71: 0 | HB71: 0 | IK71: 0
A72: 17 | B72: 1 | C72: =ROW(SmtRes!A154) -> 154 | D72: =ROW(EtalonRes!A125) -> 125 | E72: 17 | F72: м10-08-019-01 прим. | G72: Коробка ответвительная на стене (монтажная) | H72: ШТ | I72: 445 | J72: 0 | O72: =ROUND(CP72,2) -> 15583.81 | P72: =ROUND(CQ72*I72,2) -> 1207.82 | Q72: =ROUND(CR72*I72,2) -> 0 | R72: =ROUND(CS72*I72,2) -> 0 | S72: =ROUND(CT72*I72,2) -> 14375.99 | T72: =ROUND(CU72*I72,2) -> 0 | U72: =CV72*I72 -> 222.5 | V72: =CW72*I72 -> 0 | W72: =ROUND(CX72*I72,2) -> 0 | X72: =ROUND(CY72,2) -> 11500.79 | Y72: =ROUND(CZ72,2) -> 8625.59 | AA72: 39507101 | AB72: =ROUND((AC72+AD72+AF72),2) -> 5.29 | AC72: =ROUND((ES72),2) -> 0.41 | AD72: =ROUND((((ET72)-(EU72))+AE72),2) -> 0 | AE72: =ROUND((EU72),2) -> 0 | AF72: =ROUND((EV72),2) -> 4.88 | AG72: =ROUND((AP72),2) -> 0 | AH72: =(EW72) -> 0.5 | AI72: =(EX72) -> 0 | AJ72: =ROUND((AS72),2) -> 0 | AK72: 5.29 | AL72: 0.41 | AM72: 0 | AN72: 0 | AO72: 4.88 | AP72: 0 | AQ72: 0.5 | AR72: 0 | AS72: 0 | AT72: 80 | AU72: 60 | AV72: 1 | AW72: 1 | AZ72: 6.62 | BA72: 6.62 | BB72: 6.62 | BC72: 6.62 | BH72: 0 | BI72: 2 | BJ72: ФЕРм-2001, м10-08-019-01, приказ Минстроя России №1039/пр от 30.12.2016г. | BM72: 110011 | BN72: 0 | BP72: 0 | BQ72: 3 | BR72: 0 | BS72: 6.62 | BT72: 1 | BU72: 1 | BV72: 1 | BW72: 1 | BX72: 1 | BZ72: 80 | CA72: 60 | CF72: 0 | CG72: 0 | CM72: 0 | CO72: 0 | CP72: =(P72+Q72+S72) -> 15583.81 | CQ72: =AC72*BC72 -> 2.7142 | CR72: =AD72*BB72 -> 0 | CS72: =AE72*BS72 -> 0 | CT72: =AF72*BA72 -> 32.3056 | CU72: =AG72 -> 0 | CV72: =AH72 -> 0.5 | CW72: =AI72 -> 0 | CX72: =AJ72 -> 0 | CY72: =(((S72+R72)*AT72)/100) -> 11500.792 | CZ72: =(((S72+R72)*AU72)/100) -> 8625.594 | DN72: 0 | DO72: 0 | DP72: 1 | DQ72: 1 | DU72: 1013 | DV72: ШТ | DW72: ШТ | DX72: 1 | EE72: 39174433 | EF72: 3 | EG72: Монтажные работы | EH72: 0 | EJ72: 2 | EK72: 110011 | EL72: Связь: пожарно-охранная сигнализация и пром. телевиз. установки ( отделы 8 и 9 ) (при устройстве средств посадки самолетов : НР=95%, СП=55% - {АВИА}=1) | EM72: мФЕР-10 | EQ72: 0 | ER72: 5.29 | ES72: 0.41 | ET72: 0 | EU72: 0 | EV72: 4.88 | EW72: 0.5 | EX72: 0 | EY72: 0 | FQ72: 0 | FR72: =ROUND(IF(AND(BH72=3,BI72=3),P72,0),2) -> 0 | FS72: 0 | FX72: 80 | FY72: 60 | GD72: 0 | GF72: 98238081 | GG72: 1 | GH72: 1 | GI72: 4 | GJ72: 0 | GK72: =ROUND(R72*(R12)/100,2) -> 0 | GL72: =ROUND(IF(AND(BH72=3,BI72=3,FS72<>0),P72,0),2) -> 0 | GM72: =ROUND(O72+X72+Y72+GK72,2)+GX72 -> 35710.19 | GN72: =IF(OR(BI72=0,BI72=1),ROUND(O72+X72+Y72+GK72,2),0) -> 0 | GO72: =IF(BI72=2,ROUND(O72+X72+Y72+GK72,2),0) -> 35710.19 | GP72: =IF(BI72=4,ROUND(O72+X72+Y72+GK72,2)+GX72,0) -> 0 | GR72: 0 | GS72: 3 | GT72: 0 | GV72: =ROUND(GT72,2) -> 0 | GW72: 1 | GX72: =ROUND(GV72*GW72*I72,2) -> 0 | HA72: 0 | HB72: 0 | IK72: 0
A73: 18 | B73: 1 | C73: 153 | E73: 17,1 | F73: 20.5.02.03-0003 | G73: Коробка коммутационная КС-4 (КРН 4/1Р) | H73: 10 шт. | I73: =I72*J73 -> 44.5 | J73: 0.1 | O73: =ROUND(CP73,2) -> 7102.56 | P73: =ROUND(CQ73*I73,2) -> 7102.56 | Q73: =ROUND(CR73*I73,2) -> 0 | R73: =ROUND(CS73*I73,2) -> 0 | S73: =ROUND(CT73*I73,2) -> 0 | T73: =ROUND(CU73*I73,2) -> 0 | U73: =CV73*I73 -> 0 | V73: =CW73*I73 -> 0 | W73: =ROUND(CX73*I73,2) -> 0 | X73: =ROUND(CY73,2) -> 0 | Y73: =ROUND(CZ73,2) -> 0 | AA73: 39507101 | AB73: =ROUND((AC73+AD73+AF73),2) -> 24.11 | AC73: =ROUND((ES73),2) -> 24.11 | AD73: =ROUND((((ET73)-(EU73))+AE73),2) -> 0 | AE73: =ROUND((EU73),2) -> 0 | AF73: =ROUND((EV73),2) -> 0 | AG73: =ROUND((AP73),2) -> 0 | AH73: =(EW73) -> 0 | AI73: =(EX73) -> 0 | AJ73: =ROUND((AS73),2) -> 0 | AK73: 24.11 | AL73: 24.11 | AM73: 0 | AN73: 0 | AO73: 0 | AP73: 0 | AQ73: 0 | AR73: 0 | AS73: 0 | AT73: 80 | AU73: 60 | AV73: 1 | AW73: 1 | AZ73: 6.62 | BA73: 1 | BB73: 1 | BC73: 6.62 | BH73: 3 | BI73: 2 | BJ73: ФССЦ-2001, 20.5.02.03-0003, приказ Минстроя России №1039/пр от 30.12.2016г. | BM73: 110011 | BN73: 0 | BP73: 0 | BQ73: 3 | BR73: 0 | BS73: 1 | BT73: 1 | BU73: 1 | BV73: 1 | BW73: 1 | BX73: 1 | BZ73: 80 | CA73: 60 | CF73: 0 | CG73: 0 | CM73: 0 | CO73: 0 | CP73: =(P73+Q73+S73) -> 7102.56 | CQ73: =AC73*BC73 -> 159.6082 | CR73: =AD73*BB73 -> 0 | CS73: =AE73*BS73 -> 0 | CT73: =AF73*BA73 -> 0 | CU73: =AG73 -> 0 | CV73: =AH73 -> 0 | CW73: =AI73 -> 0 | CX73: =AJ73 -> 0 | CY73: =(((S73+R73)*AT73)/100) -> 0 | CZ73: =(((S73+R73)*AU73)/100) -> 0 | DN73: 0 | DO73: 0 | DP73: 1 | DQ73: 1 | DU73: 1010 | DV73: 10 шт. | DW73: 10 шт. | DX73: 10 | EE73: 39174433 | EF73: 3 | EG73: Монтажные работы | EH73: 0 | EJ73: 2 | EK73: 110011 | EL73: Связь: пожарно-охранная сигнализация и пром. телевиз. установки ( отделы 8 и 9 ) (при устройстве средств посадки самолетов : НР=95%, СП=55% - {АВИА}=1) | EM73: мФЕР-10 | EQ73: 0 | ER73: 24.11 | ES73: 24.11 | ET73: 0 | EU73: 0 | EV73: 0 | EW73: 0 | EX73: 0 | FQ73: 0 | FR73: =ROUND(IF(AND(BH73=3,BI73=3),P73,0),2) -> 0 | FS73: 0 | FX73: 80 | FY73: 60 | GD73: 0 | GF73: 348081860 | GG73: 1 | GH73: 1 | GI73: 4 | GJ73: 0 | GK73: =ROUND(R73*(R12)/100,2) -> 0 | GL73: =ROUND(IF(AND(BH73=3,BI73=3,FS73<>0),P73,0),2) -> 0 | GM73: =ROUND(O73+X73+Y73+GK73,2)+GX73 -> 7102.56 | GN73: =IF(OR(BI73=0,BI73=1),ROUND(O73+X73+Y73+GK73,2),0) -> 0 | GO73: =IF(BI73=2,ROUND(O73+X73+Y73+GK73,2),0) -> 7102.56 | GP73: =IF(BI73=4,ROUND(O73+X73+Y73+GK73,2)+GX73,0) -> 0 | GR73: 0 | GS73: 3 | GT73: 0 | GV73: =ROUND(GT73,2) -> 0 | GW73: 1 | GX73: =ROUND(GV73*GW73*I73,2) -> 0 | HA73: 0 | HB73: 0 | IK73: 0
A74: 17 | B74: 1 | C74: =ROW(SmtRes!A169) -> 169 | D74: =ROW(EtalonRes!A140) -> 140 | E74: 18 | F74: м10-06-036-06 | G74: Труба стальная для слаботочных сетей, требующих экранирования, с креплением накладными скобами, диаметр до 40 мм | H74: 100 м | I74: =ROUND(40/100,9) -> 0.4 | J74: 0 | O74: =ROUND(CP74,2) -> 2257.57 | P74: =ROUND(CQ74*I74,2) -> 584.07 | Q74: =ROUND(CR74*I74,2) -> 261.75 | R74: =ROUND(CS74*I74,2) -> 7.68 | S74: =ROUND(CT74*I74,2) -> 1411.75 | T74: =ROUND(CU74*I74,2) -> 0 | U74: =CV74*I74 -> 24.4 | V74: =CW74*I74 -> 0.1 | W74: =ROUND(CX74*I74,2) -> 0 | X74: =ROUND(CY74,2) -> 1419.43 | Y74: =ROUND(CZ74,2) -> 922.63 | AA74: 39507101 | AB74: =ROUND((AC74+AD74+AF74),2) -> 852.56 | AC74: =ROUND((ES74),2) -> 220.57 | AD74: =ROUND((((ET74)-(EU74))+AE74),2) -> 98.85 | AE74: =ROUND((EU74),2) -> 2.9 | AF74: =ROUND((EV74),2) -> 533.14 | AG74: =ROUND((AP74),2) -> 0 | AH74: =(EW74) -> 61 | AI74: =(EX74) -> 0.25 | AJ74: =ROUND((AS74),2) -> 0 | AK74: 852.56 | AL74: 220.57 | AM74: 98.85 | AN74: 2.9 | AO74: 533.14 | AP74: 0 | AQ74: 61 | AR74: 0.25 | AS74: 0 | AT74: 100 | AU74: 65 | AV74: 1 | AW74: 1 | AZ74: 6.62 | BA74: 6.62 | BB74: 6.62 | BC74: 6.62 | BH74: 0 | BI74: 2 | BJ74: ФЕРм-2001, м10-06-036-06, приказ Минстроя России №1039/пр от 30.12.2016г. | BM74: 110006 | BN74: 0 | BP74: 0 | BQ74: 3 | BR74: 0 | BS74: 6.62 | BT74: 1 | BU74: 1 | BV74: 1 | BW74: 1 | BX74: 1 | BZ74: 100 | CA74: 65 | CF74: 0 | CG74: 0 | CM74: 0 | CO74: 0 | CP74: =(P74+Q74+S74) -> 2257.57 | CQ74: =AC74*BC74 -> 1460.1734 | CR74: =AD74*BB74 -> 654.387 | CS74: =AE74*BS74 -> 19.198 | CT74: =AF74*BA74 -> 3529.3868 | CU74: =AG74 -> 0 | CV74: =AH74 -> 61 | CW74: =AI74 -> 0.25 | CX74: =AJ74 -> 0 | CY74: =(((S74+R74)*AT74)/100) -> 1419.43 | CZ74: =(((S74+R74)*AU74)/100) -> 922.6295 | DN74: 0 | DO74: 0 | DP74: 1 | DQ74: 1 | DU74: 1003 | DV74: 100 м | DW74: 100 м | DX74: 100 | EE74: 39174430 | EF74: 3 | EG74: Монтажные работы | EH74: 0 | EJ74: 2 | EK74: 110006 | EL74: Связь: линии связи кабельные городские (отдел 6, раздел 2) | EM74: мФЕР-10 | EQ74: 0 | ER74: 852.56 | ES74: 220.57 | ET74: 98.85 | EU74: 2.9 | EV74: 533.14 | EW74: 61 | EX74: 0.25 | EY74: 0 | FQ74: 0 | FR74: =ROUND(IF(AND(BH74=3,BI74=3),P74,0),2) -> 0 | FS74: 0 | FX74: 100 | FY74: 65 | GD74: 0 | GF74: 1998550648 | GG74: 1 | GH74: 1 | GI74: 4 | GJ74: 0 | GK74: =ROUND(R74*(R12)/100,2) -> 0 | GL74: =ROUND(IF(AND(BH74=3,BI74=3,FS74<>0),P74,0),2) -> 0 | GM74: =ROUND(O74+X74+Y74+GK74,2)+GX74 -> 4599.63 | GN74: =IF(OR(BI74=0,BI74=1),ROUND(O74+X74+Y74+GK74,2),0) -> 0 | GO74: =IF(BI74=2,ROUND(O74+X74+Y74+GK74,2),0) -> 4599.63 | GP74: =IF(BI74=4,ROUND(O74+X74+Y74+GK74,2)+GX74,0) -> 0 | GR74: 0 | GS74: 3 | GT74: 0 | GV74: =ROUND(GT74,2) -> 0 | GW74: 1 | GX74: =ROUND(GV74*GW74*I74,2) -> 0 | HA74: 0 | HB74: 0 | IK74: 0
A75: 18 | B75: 1 | C75: 168 | E75: 18,1 | F75: 23.7.01.03-0003 | G75: Трубопроводы из стальных неоцинкованных труб с гильзами и креплениями диаметром 25 мм прим. | H75: м | I75: =I74*J75 -> 40 | J75: 100 | O75: =ROUND(CP75,2) -> 7202.56 | P75: =ROUND(CQ75*I75,2) -> 7202.56 | Q75: =ROUND(CR75*I75,2) -> 0 | R75: =ROUND(CS75*I75,2) -> 0 | S75: =ROUND(CT75*I75,2) -> 0 | T75: =ROUND(CU75*I75,2) -> 0 | U75: =CV75*I75 -> 0 | V75: =CW75*I75 -> 0 | W75: =ROUND(CX75*I75,2) -> 0 | X75: =ROUND(CY75,2) -> 0 | Y75: =ROUND(CZ75,2) -> 0 | AA75: 39507101 | AB75: =ROUND((AC75+AD75+AF75),2) -> 27.2 | AC75: =ROUND((ES75),2) -> 27.2 | AD75: =ROUND((((ET75)-(EU75))+AE75),2) -> 0 | AE75: =ROUND((EU75),2) -> 0 | AF75: =ROUND((EV75),2) -> 0 | AG75: =ROUND((AP75),2) -> 0 | AH75: =(EW75) -> 0 | AI75: =(EX75) -> 0 | AJ75: =ROUND((AS75),2) -> 0 | AK75: 27.2 | AL75: 27.2 | AM75: 0 | AN75: 0 | AO75: 0 | AP75: 0 | AQ75: 0 | AR75: 0 | AS75: 0 | AT75: 100 | AU75: 65 | AV75: 1 | AW75: 1 | AZ75: 6.62 | BA75: 1 | BB75: 1 | BC75: 6.62 | BH75: 3 | BI75: 2 | BJ75: ФССЦ-2001, 23.7.01.03-0003, приказ Минстроя России №1039/пр от 30.12.2016г. | BM75: 110006 | BN75: 0 | BP75: 0 | BQ75: 3 | BR75: 0 | BS75: 1 | BT75: 1 | BU75: 1 | BV75: 1 | BW75: 1 | BX75: 1 | BZ75: 100 | CA75: 65 | CF75: 0 | CG75: 0 | CM75: 0 | CO75: 0 | CP75: =(P75+Q75+S75) -> 7202.56 | CQ75: =AC75*BC75 -> 180.064 | CR75: =AD75*BB75 -> 0 | CS75: =AE75*BS75 -> 0 | CT75: =AF75*BA75 -> 0 | CU75: =AG75 -> 0 | CV75: =AH75 -> 0 | CW75: =AI75 -> 0 | CX75: =AJ75 -> 0 | CY75: =(((S75+R75)*AT75)/100) -> 0 | CZ75: =(((S75+R75)*AU75)/100) -> 0 | DN75: 0 | DO75: 0 | DP75: 1 | DQ75: 1 | DU75: 1003 | DV75: м | DW75: м | DX75: 1 | EE75: 39174430 | EF75: 3 | EG75: Монтажные работы | EH75: 0 | EJ75: 2 | EK75: 110006 | EL75: Связь: линии связи кабельные городские (отдел 6, раздел 2) | EM75: мФЕР-10 | EQ75: 0 | ER75: 27.2 | ES75: 27.2 | ET75: 0 | EU75: 0 | EV75: 0 | EW75: 0 | EX75: 0 | FQ75: 0 | FR75: =ROUND(IF(AND(BH75=3,BI75=3),P75,0),2) -> 0 | FS75: 0 | FX75: 100 | FY75: 65 | GD75: 0 | GF75: -1883072699 | GG75: 1 | GH75: 1 | GI75: 4 | GJ75: 0 | GK75: =ROUND(R75*(R12)/100,2) -> 0 | GL75: =ROUND(IF(AND(BH75=3,BI75=3,FS75<>0),P75,0),2) -> 0 | GM75: =ROUND(O75+X75+Y75+GK75,2)+GX75 -> 7202.56 | GN75: =IF(OR(BI75=0,BI75=1),ROUND(O75+X75+Y75+GK75,2),0) -> 0 | GO75: =IF(BI75=2,ROUND(O75+X75+Y75+GK75,2),0) -> 7202.56 | GP75: =IF(BI75=4,ROUND(O75+X75+Y75+GK75,2)+GX75,0) -> 0 | GR75: 0 | GS75: 3 | GT75: 0 | GV75: =ROUND(GT75,2) -> 0 | GW75: 1 | GX75: =ROUND(GV75*GW75*I75,2) -> 0 | HA75: 0 | HB75: 0 | IK75: 0
A76: 17 | B76: 1 | C76: =ROW(SmtRes!A173) -> 173 | D76: =ROW(EtalonRes!A143) -> 143 | E76: 19 | F76: м08-03-575-01 | G76: Прибор или аппарат | H76: ШТ | I76: 3 | J76: 0 | O76: =ROUND(CP76,2) -> 228.58 | P76: =ROUND(CQ76*I76,2) -> 7.94 | Q76: =ROUND(CR76*I76,2) -> 0 | R76: =ROUND(CS76*I76,2) -> 0 | S76: =ROUND(CT76*I76,2) -> 220.64 | T76: =ROUND(CU76*I76,2) -> 0 | U76: =CV76*I76 -> 3.36 | V76: =CW76*I76 -> 0 | W76: =ROUND(CX76*I76,2) -> 0 | X76: =ROUND(CY76,2) -> 209.61 | Y76: =ROUND(CZ76,2) -> 143.42 | AA76: 39507101 | AB76: =ROUND((AC76+AD76+AF76),2) -> 11.51 | AC76: =ROUND((ES76),2) -> 0.4 | AD76: =ROUND((((ET76)-(EU76))+AE76),2) -> 0 | AE76: =ROUND((EU76),2) -> 0 | AF76: =ROUND((EV76),2) -> 11.11 | AG76: =ROUND((AP76),2) -> 0 | AH76: =(EW76) -> 1.12 | AI76: =(EX76) -> 0 | AJ76: =ROUND((AS76),2) -> 0 | AK76: 11.51 | AL76: 0.4 | AM76: 0 | AN76: 0 | AO76: 11.11 | AP76: 0 | AQ76: 1.12 | AR76: 0 | AS76: 0 | AT76: 95 | AU76: 65 | AV76: 1 | AW76: 1 | AZ76: 6.62 | BA76: 6.62 | BB76: 6.62 | BC76: 6.62 | BH76: 0 | BI76: 2 | BJ76: ФЕРм-2001, м08-03-575-01, приказ Минстроя России №1039/пр от 30.12.2016г. | BM76: 108001 | BN76: 0 | BP76: 0 | BQ76: 3 | BR76: 0 | BS76: 6.62 | BT76: 1 | BU76: 1 | BV76: 1 | BW76: 1 | BX76: 1 | BZ76: 95 | CA76: 65 | CF76: 0 | CG76: 0 | CM76: 0 | CO76: 0 | CP76: =(P76+Q76+S76) -> 228.58 | CQ76: =AC76*BC76 -> 2.648 | CR76: =AD76*BB76 -> 0 | CS76: =AE76*BS76 -> 0 | CT76: =AF76*BA76 -> 73.5482 | CU76: =AG76 -> 0 | CV76: =AH76 -> 1.12 | CW76: =AI76 -> 0 | CX76: =AJ76 -> 0 | CY76: =(((S76+R76)*AT76)/100) -> 209.608 | CZ76: =(((S76+R76)*AU76)/100) -> 143.416 | DN76: 0 | DO76: 0 | DP76: 1 | DQ76: 1 | DU76: 1013 | DV76: ШТ | DW76: ШТ | DX76: 1 | EE76: 39174386 | EF76: 3 | EG76: Монтажные работы | EH76: 0 | EJ76: 2 | EK76: 108001 | EL76: Электромонтажные работы , отдел 01-03 : ( на АЭС НР = 110% ) - (работы по упр. авиа.- движением: СП=55% ( {АВИА}=1; обычные работы : СП=65 - {AВИА}=0), при работе на АЭС СП= 68% ) | EM76: мФЕР-08 | EQ76: 0 | ER76: 11.51 | ES76: 0.4 | ET76: 0 | EU76: 0 | EV76: 11.11 | EW76: 1.12 | EX76: 0 | EY76: 0 | FQ76: 0 | FR76: =ROUND(IF(AND(BH76=3,BI76=3),P76,0),2) -> 0 | FS76: 0 | FX76: 95 | FY76: 65 | GD76: 0 | GF76: 234181014 | GG76: 1 | GH76: 1 | GI76: 4 | GJ76: 0 | GK76: =ROUND(R76*(R12)/100,2) -> 0 | GL76: =ROUND(IF(AND(BH76=3,BI76=3,FS76<>0),P76,0),2) -> 0 | GM76: =ROUND(O76+X76+Y76+GK76,2)+GX76 -> 581.61 | GN76: =IF(OR(BI76=0,BI76=1),ROUND(O76+X76+Y76+GK76,2),0) -> 0 | GO76: =IF(BI76=2,ROUND(O76+X76+Y76+GK76,2),0) -> 581.61 | GP76: =IF(BI76=4,ROUND(O76+X76+Y76+GK76,2)+GX76,0) -> 0 | GR76: 0 | GS76: 3 | GT76: 0 | GV76: =ROUND(GT76,2) -> 0 | GW76: 1 | GX76: =ROUND(GV76*GW76*I76,2) -> 0 | HA76: 0 | HB76: 0 | IK76: 0
A77: 18 | B77: 1 | C77: 172 | E77: 19,1 | F77: 62.1.01.09-0004 | G77: Выключатели автоматические «IEK» ВА47-29 1Р до 10А, характеристика С прим. | H77: шт. | I77: =I76*J77 -> 3 | J77: 1 | O77: =ROUND(CP77,2) -> 260.56 | P77: =ROUND(CQ77*I77,2) -> 260.56 | Q77: =ROUND(CR77*I77,2) -> 0 | R77: =ROUND(CS77*I77,2) -> 0 | S77: =ROUND(CT77*I77,2) -> 0 | T77: =ROUND(CU77*I77,2) -> 0 | U77: =CV77*I77 -> 0 | V77: =CW77*I77 -> 0 | W77: =ROUND(CX77*I77,2) -> 0 | X77: =ROUND(CY77,2) -> 0 | Y77: =ROUND(CZ77,2) -> 0 | AA77: 39507101 | AB77: =ROUND((AC77+AD77+AF77),2) -> 13.12 | AC77: =ROUND((ES77),2) -> 13.12 | AD77: =ROUND((((ET77)-(EU77))+AE77),2) -> 0 | AE77: =ROUND((EU77),2) -> 0 | AF77: =ROUND((EV77),2) -> 0 | AG77: =ROUND((AP77),2) -> 0 | AH77: =(EW77) -> 0 | AI77: =(EX77) -> 0 | AJ77: =ROUND((AS77),2) -> 0 | AK77: 13.12 | AL77: 13.12 | AM77: 0 | AN77: 0 | AO77: 0 | AP77: 0 | AQ77: 0 | AR77: 0 | AS77: 0 | AT77: 95 | AU77: 65 | AV77: 1 | AW77: 1 | AZ77: 6.62 | BA77: 1 | BB77: 1 | BC77: 6.62 | BH77: 3 | BI77: 2 | BJ77: ФССЦ-2001, 62.1.01.09-0004, приказ Минстроя России №1039/пр от 30.12.2016г. | BM77: 108001 | BN77: 0 | BP77: 0 | BQ77: 3 | BR77: 0 | BS77: 1 | BT77: 1 | BU77: 1 | BV77: 1 | BW77: 1 | BX77: 1 | BZ77: 95 | CA77: 65 | CF77: 0 | CG77: 0 | CM77: 0 | CO77: 0 | CP77: =(P77+Q77+S77) -> 260.56 | CQ77: =AC77*BC77 -> 86.8544 | CR77: =AD77*BB77 -> 0 | CS77: =AE77*BS77 -> 0 | CT77: =AF77*BA77 -> 0 | CU77: =AG77 -> 0 | CV77: =AH77 -> 0 | CW77: =AI77 -> 0 | CX77: =AJ77 -> 0 | CY77: =(((S77+R77)*AT77)/100) -> 0 | CZ77: =(((S77+R77)*AU77)/100) -> 0 | DN77: 0 | DO77: 0 | DP77: 1 | DQ77: 1 | DU77: 1010 | DV77: шт. | DW77: шт. | DX77: 1 | EE77: 39174386 | EF77: 3 | EG77: Монтажные работы | EH77: 0 | EJ77: 2 | EK77: 108001 | EL77: Электромонтажные работы , отдел 01-03 : ( на АЭС НР = 110% ) - (работы по упр. авиа.- движением: СП=55% ( {АВИА}=1; обычные работы : СП=65 - {AВИА}=0), при работе на АЭС СП= 68% ) | EM77: мФЕР-08 | EQ77: 0 | ER77: 13.12 | ES77: 13.12 | ET77: 0 | EU77: 0 | EV77: 0 | EW77: 0 | EX77: 0 | FQ77: 0 | FR77: =ROUND(IF(AND(BH77=3,BI77=3),P77,0),2) -> 0 | FS77: 0 | FX77: 95 | FY77: 65 | GD77: 0 | GF77: -1033528634 | GG77: 1 | GH77: 1 | GI77: 4 | GJ77: 0 | GK77: =ROUND(R77*(R12)/100,2) -> 0 | GL77: =ROUND(IF(AND(BH77=3,BI77=3,FS77<>0),P77,0),2) -> 0 | GM77: =ROUND(O77+X77+Y77+GK77,2)+GX77 -> 260.56 | GN77: =IF(OR(BI77=0,BI77=1),ROUND(O77+X77+Y77+GK77,2),0) -> 0 | GO77: =IF(BI77=2,ROUND(O77+X77+Y77+GK77,2),0) -> 260.56 | GP77: =IF(BI77=4,ROUND(O77+X77+Y77+GK77,2)+GX77,0) -> 0 | GR77: 0 | GS77: 3 | GT77: 0 | GV77: =ROUND(GT77,2) -> 0 | GW77: 1 | GX77: =ROUND(GV77*GW77*I77,2) -> 0 | HA77: 0 | HB77: 0 | IK77: 0
A79: 51 | B79: =B20 -> 1 | C79: =A20 -> 3 | D79: =ROW(A20) -> 20 | F79: =IF(F20<>"",F20,"") -> Новая локальная смета | G79: =IF(G20<>"",G20,"") -> Новая локальная смета | H79: 0 | O79: =ROUND(AB79,2) -> 1126858.6 | P79: =ROUND(AC79,2) -> 978692.91 | Q79: =ROUND(AD79,2) -> 4162.84 | R79: =ROUND(AE79,2) -> 475.95 | S79: =ROUND(AF79,2) -> 144002.89 | T79: =ROUND(AG79,2) -> 0 | U79: =AH79 -> 2114.3583 | V79: =AI79 -> 6.8131 | W79: =ROUND(AJ79,2) -> 0 | X79: =ROUND(AK79,2) -> 123989.48 | Y79: =ROUND(AL79,2) -> 89726.9 | AB79: =ROUND(SUMIF(AA24:AA77,"=39507101",O24:O77),2) -> 1126858.6 | AC79: =ROUND(SUMIF(AA24:AA77,"=39507101",P24:P77),2) -> 978692.91 | AD79: =ROUND(SUMIF(AA24:AA77,"=39507101",Q24:Q77),2) -> 4162.84 | AE79: =ROUND(SUMIF(AA24:AA77,"=39507101",R24:R77),2) -> 475.95 | AF79: =ROUND(SUMIF(AA24:AA77,"=39507101",S24:S77),2) -> 144002.89 | AG79: =ROUND(SUMIF(AA24:AA77,"=39507101",T24:T77),2) -> 0 | AH79: =SUMIF(AA24:AA77,"=39507101",U24:U77) -> 2114.3583 | AI79: =SUMIF(AA24:AA77,"=39507101",V24:V77) -> 6.8131 | AJ79: =ROUND(SUMIF(AA24:AA77,"=39507101",W24:W77),2) -> 0 | AK79: =ROUND(SUMIF(AA24:AA77,"=39507101",X24:X77),2) -> 123989.48 | AL79: =ROUND(SUMIF(AA24:AA77,"=39507101",Y24:Y77),2) -> 89726.9 | AO79: =ROUND(BX79,2) -> 0 | AP79: =ROUND(BY79,2) -> 0 | AQ79: =ROUND(BZ79,2) -> 0 | AR79: =ROUND(CA79,2) -> 1340575 | AS79: =ROUND(CB79,2) -> 0 | AT79: =ROUND(CC79,2) -> 1340575 | AU79: =ROUND(CD79,2) -> 0 | AV79: =ROUND(CE79,2) -> 978692.91 | ... BC79: =ROUND(CL79,2) -> 0 | BX79: =ROUND(SUMIF(AA24:AA77,"=39507101",FQ24:FQ77),2) -> 0 | BY79: =ROUND(SUMIF(AA24:AA77,"=39507101",FR24:FR77),2) -> 0 | BZ79: =ROUND(SUMIF(AA24:AA77,"=39507101",GL24:GL77),2) -> 0 | CA79: =ROUND(SUMIF(AA24:AA77,"=39507101",GM24:GM77),2) -> 1340575 | CB79: =ROUND(SUMIF(AA24:AA77,"=39507101",GN24:GN77),2) -> 0 | CC79: =ROUND(SUMIF(AA24:AA77,"=39507101",GO24:GO77),2) -> 1340575 | CD79: =ROUND(SUMIF(AA24:AA77,"=39507101",GP24:GP77),2) -> 0 | CE79: =AC79-BX79 -> 978692.91 | CF79: =AC79-BY79 -> 978692.91 | CG79: =BX79-BZ79 -> 0 | CH79: =AC79-BX79-BY79+BZ79 -> 978692.91 | CI79: =BY79-BZ79 -> 0 | CJ79: =ROUND(SUMIF(AA24:AA77,"=39507101",GX24:GX77),2) -> 0 | CK79: =ROUND(SUMIF(AA24:AA77,"=39507101",GY24:GY77),2) -> 0 | CL79: =ROUND(SUMIF(AA24:AA77,"=39507101",GZ24:GZ77),2) -> 0 | GX79: 0
A81: 50 | B81: 0 | C81: 0 | D81: 1 | E81: 201 | F81: =ROUND(Source!O79,O81) -> 1126858.6 | G81: ПЗ | H81: Прямые затраты | K81: 201 | L81: 1 | M81: 3 | O81: 2
A82: 50 | B82: 0 | C82: 0 | D82: 1 | E82: 202 | F82: =ROUND(Source!P79,O82) -> 978692.91 | G82: СтМатОб | H82: Стоимость материальных ресурсов (всего) | K82: 202 | L82: 2 | M82: 3 | O82: 2
A83: 50 | B83: 0 | C83: 0 | D83: 1 | E83: 222 | F83: =ROUND(Source!AO79,O83) -> 0 | G83: СтМатОбЗак | H83: Стоимость материалов и оборудования заказчика | K83: 222 | L83: 3 | M83: 3 | O83: 2
A84: 50 | B84: 0 | C84: 0 | D84: 1 | E84: 225 | F84: =ROUND(Source!AV79,O84) -> 978692.91 | G84: СтМатОбПод | H84: Стоимость материалов и оборудования подрядчика | K84: 225 | L84: 4 | M84: 3 | O84: 2
A85: 50 | B85: 0 | C85: 0 | D85: 1 | E85: 226 | F85: =ROUND(Source!AW79,O85) -> 978692.91 | G85: СтМат | H85: Стоимость материалов (всего) | K85: 226 | L85: 5 | M85: 3 | O85: 2
A86: 50 | B86: 0 | C86: 0 | D86: 1 | E86: 227 | F86: =ROUND(Source!AX79,O86) -> 0 | G86: СтМатЗак | H86: Стоимость материалов заказчика | K86: 227 | L86: 6 | M86: 3 | O86: 2
A87: 50 | B87: 0 | C87: 0 | D87: 1 | E87: 228 | F87: =ROUND(Source!AY79,O87) -> 978692.91 | G87: СтМатПод | H87: Стоимость материалов подрядчика | K87: 228 | L87: 7 | M87: 3 | O87: 2
A88: 50 | B88: 0 | C88: 0 | D88: 1 | E88: 216 | F88: =ROUND(Source!AP79,O88) -> 0 | G88: Оборуд | H88: Стоимость оборудования (всего) | K88: 216 | L88: 8 | M88: 3 | O88: 2
A89: 50 | B89: 0 | C89: 0 | D89: 1 | E89: 223 | F89: =ROUND(Source!AQ79,O89) -> 0 | G89: ОборудЗак | H89: Стоимость оборудования заказчика | K89: 223 | L89: 9 | M89: 3 | O89: 2
A90: 50 | B90: 0 | C90: 0 | D90: 1 | E90: 229 | F90: =ROUND(Source!AZ79,O90) -> 0 | G90: ОборудПод | H90: Стоимость оборудования подрядчика | K90: 229 | L90: 10 | M90: 3 | O90: 2
A91: 50 | B91: 0 | C91: 0 | D91: 1 | E91: 203 | F91: =ROUND(Source!Q79,O91) -> 4162.84 | G91: ЭММ | H91: Эксплуатация машин | K91: 203 | L91: 11 | M91: 3 | O91: 2
A92: 50 | B92: 0 | C92: 0 | D92: 1 | E92: 231 | F92: =ROUND(Source!BB79,O92) -> 0 | G92: ЭММсНРиСП | H92: Эксплуатация машин по ТСН-2001.16 | K92: 231 | L92: 12 | M92: 3 | O92: 2
A93: 50 | B93: 0 | C93: 0 | D93: 1 | E93: 204 | F93: =ROUND(Source!R79,O93) -> 475.95 | G93: ЗПМ | H93: ЗП машинистов | K93: 204 | L93: 13 | M93: 3 | O93: 2
A94: 50 | B94: 0 | C94: 0 | D94: 1 | E94: 205 | F94: =ROUND(Source!S79,O94) -> 144002.89 | G94: ОЗП | H94: Основная ЗП рабочих | K94: 205 | L94: 14 | M94: 3 | O94: 2
A95: 50 | B95: 0 | C95: 0 | D95: 1 | E95: 232 | F95: =ROUND(Source!BC79,O95) -> 0 | G95: ОЗПсНРиСП | H95: Основная ЗП рабочих по ТСН-2001.16 | K95: 232 | L95: 15 | M95: 3 | O95: 2
A96: 50 | B96: 0 | C96: 0 | D96: 1 | E96: 214 | F96: =ROUND(Source!AS79,O96) -> 0 | G96: Строит | H96: Строительные работы с НР и СП | K96: 214 | L96: 16 | M96: 3 | O96: 2
A97: 50 | B97: 0 | C97: 0 | D97: 1 | E97: 215 | F97: =ROUND(Source!AT79,O97) -> 1340575 | G97: Монтаж | H97: Монтажные работы с НР и СП | K97: 215 | L97: 17 | M97: 3 | O97: 2
A98: 50 | B98: 0 | C98: 0 | D98: 1 | E98: 217 | F98: =ROUND(Source!AU79,O98) -> 0 | G98: Прочие | H98: Прочие работы с НР и СП | K98: 217 | L98: 18 | M98: 3 | O98: 2
A99: 50 | B99: 0 | C99: 0 | D99: 1 | E99: 230 | F99: =ROUND(Source!BA79,O99) -> 0 | G99: ПрочиеЗатр | H99: Прочие затраты по ТСН-2001.16 | K99: 230 | L99: 19 | M99: 3 | O99: 2
A100: 50 | B100: 0 | C100: 0 | D100: 1 | E100: 206 | F100: =ROUND(Source!T79,O100) -> 0 | G100: ВозврМат | H100: Возврат материалов | K100: 206 | L100: 20 | M100: 3 | O100: 2
A101: 50 | B101: 0 | C101: 0 | D101: 1 | E101: 207 | F101: =Source!U79 -> 2114.3583 | G101: ТрудСтр | H101: Трудозатраты строителей | K101: 207 | L101: 21 | M101: 3 | O101: -1
A102: 50 | B102: 0 | C102: 0 | D102: 1 | E102: 208 | F102: =Source!V79 -> 6.8131 | G102: ТрудМаш | H102: Трудозатраты машинистов | K102: 208 | L102: 22 | M102: 3 | O102: -1
A103: 50 | B103: 0 | C103: 0 | D103: 1 | E103: 209 | F103: =ROUND(Source!W79,O103) -> 0 | G103: ТранспМат | H103: Транспорт материалов | K103: 209 | L103: 23 | M103: 3 | O103: 2
A104: 50 | B104: 0 | C104: 0 | D104: 1 | E104: 210 | F104: =ROUND(Source!X79,O104) -> 123989.48 | G104: НР | H104: Накладные расходы | K104: 210 | L104: 24 | M104: 3 | O104: 2
A105: 50 | B105: 0 | C105: 0 | D105: 1 | E105: 211 | F105: =ROUND(Source!Y79,O105) -> 89726.9 | G105: СмПриб | H105: Сметная прибыль | K105: 211 | L105: 25 | M105: 3 | O105: 2
A106: 50 | B106: 0 | C106: 0 | D106: 1 | E106: 224 | F106: =ROUND(Source!AR79,O106) -> 1340575 | G106: Всего | H106: Всего с НР и СП | K106: 224 | L106: 26 | M106: 3 | O106: 2
A107: 50 | B107: 1 | C107: 0 | D107: 2 | E107: 0 | F107: =ROUND(F106,O107) -> 1340575 | G107: и1 | H107: Итого | K107: 212 | L107: 27 | M107: 0 | O107: 2
A108: 50 | B108: 1 | C108: 0 | D108: 2 | E108: 0 | F108: =ROUND(F107*0.18,O108) -> 241303.5 | G108: и2 | H108: НДС 18% | K108: 212 | L108: 28 | M108: 0 | O108: 2
A109: 50 | B109: 1 | C109: 0 | D109: 2 | E109: 213 | F109: =ROUND(F107+F108,O109) -> 1581878.5 | G109: и3 | H109: Всего | K109: 212 | L109: 29 | M109: 0 | O109: 2
A111: 51 | B111: =B12 -> 169 | C111: =A12 -> 1 | D111: =ROW(A12) -> 12 | F111: =IF(F12<>"",F12,"") -> Новый объект | G111: =IF(G12<>"",G12,"") -> Монтаж комплекса систем пожарной безопасности согласно рабочей документации № 001/05-2018-ПС в здании общежития Димитровградского инженерно-технологического института - филиала НИЯУ МИФИ (ДИТИ НИЯУ МИФИ) по адресу: Ульяновская обл., г. Димитровград, ул. Куйбышева, д. 302 | H111: 0 | O111: =ROUND(O79,2) -> 1126858.6 | P111: =ROUND(P79,2) -> 978692.91 | Q111: =ROUND(Q79,2) -> 4162.84 | R111: =ROUND(R79,2) -> 475.95 | S111: =ROUND(S79,2) -> 144002.89 | T111: =ROUND(T79,2) -> 0 | U111: =U79 -> 2114.3583 | V111: =V79 -> 6.8131 | W111: =ROUND(W79,2) -> 0 | X111: =ROUND(X79,2) -> 123989.48 | Y111: =ROUND(Y79,2) -> 89726.9 | AO111: =ROUND(AO79,2) -> 0 | AP111: =ROUND(AP79,2) -> 0 | AQ111: =ROUND(AQ79,2) -> 0 | AR111: =ROUND(AR79,2) -> 1340575 | AS111: =ROUND(AS79,2) -> 0 | AT111: =ROUND(AT79,2) -> 1340575 | AU111: =ROUND(AU79,2) -> 0 | AV111: =ROUND(AV79,2) -> 978692.91 | ... BC111: =ROUND(BC79,2) -> 0 | GX111: 0
A113: 50 | B113: 0 | C113: 0 | D113: 1 | E113: 201 | F113: =ROUND(Source!O111,O113) -> 1126858.6 | G113: ПЗ | H113: Прямые затраты | K113: 201 | L113: 1 | M113: 3 | O113: 2
A114: 50 | B114: 0 | C114: 0 | D114: 1 | E114: 202 | F114: =ROUND(Source!P111,O114) -> 978692.91 | G114: СтМатОб | H114: Стоимость материальных ресурсов (всего) | K114: 202 | L114: 2 | M114: 3 | O114: 2
A115: 50 | B115: 0 | C115: 0 | D115: 1 | E115: 222 | F115: =ROUND(Source!AO111,O115) -> 0 | G115: СтМатОбЗак | H115: Стоимость материалов и оборудования заказчика | K115: 222 | L115: 3 | M115: 3 | O115: 2
A116: 50 | B116: 0 | C116: 0 | D116: 1 | E116: 225 | F116: =ROUND(Source!AV111,O116) -> 978692.91 | G116: СтМатОбПод | H116: Стоимость материалов и оборудования подрядчика | K116: 225 | L116: 4 | M116: 3 | O116: 2
A117: 50 | B117: 0 | C117: 0 | D117: 1 | E117: 226 | F117: =ROUND(Source!AW111,O117) -> 978692.91 | G117: СтМат | H117: Стоимость материалов (всего) | K117: 226 | L117: 5 | M117: 3 | O117: 2
A118: 50 | B118: 0 | C118: 0 | D118: 1 | E118: 227 | F118: =ROUND(Source!AX111,O118) -> 0 | G118: СтМатЗак | H118: Стоимость материалов заказчика | K118: 227 | L118: 6 | M118: 3 | O118: 2
A119: 50 | B119: 0 | C119: 0 | D119: 1 | E119: 228 | F119: =ROUND(Source!AY111,O119) -> 978692.91 | G119: СтМатПод | H119: Стоимость материалов подрядчика | K119: 228 | L119: 7 | M119: 3 | O119: 2
A120: 50 | B120: 0 | C120: 0 | D120: 1 | E120: 216 | F120: =ROUND(Source!AP111,O120) -> 0 | G120: Оборуд | H120: Стоимость оборудования (всего) | K120: 216 | L120: 8 | M120: 3 | O120: 2
A121: 50 | B121: 0 | C121: 0 | D121: 1 | E121: 223 | F121: =ROUND(Source!AQ111,O121) -> 0 | G121: ОборудЗак | H121: Стоимость оборудования заказчика | K121: 223 | L121: 9 | M121: 3 | O121: 2
...

Sheet SourceObSm
A1: 0 | B1: Smeta.RU (495) 974-1589 | D1: _OBSM_ | F1: 0 | G1: 0 | H1: 0 | I1: Smeta.RU | K1: 0 | L1: 13277 | M1: 10
A12: 1 | B12: 50 | C12: 0 | E12: 0 | F12: Новый объект | G12: Пожарная сигнализация 2018 год | I12: 0 | K12: 0 | O12: 0 | P12: 0 | Q12: 0 | R12: 0 | V12: 0 | BH12: Сметные нормы списания | BI12: Коды ценников | BJ12: 1 | BK12: 1 | BL12: 0 | BM12: 0 | BN12: 1 | BO12: 0 | BP12: 2 | BQ12: 2 | BR12: 1 | BS12: 1 | BT12: 0 | BU12: 0 | BV12: 0 | BW12: 0 | BX12: 0 | BY12: ФЕР-2017 | BZ12: ТР для Версии 10: Центральные регионы (с учетом п-ма 2536-ИП/12/ГС от 22.03.2017 г | CA12: ФЕР-2017 | CB12: ФЕР-2017 | CC12: ФЕР-2017 | CD12: ФЕР-2017 | CE12: Поправки для ГСН 2017 от 31.03.2017 г | CF12: 0 | CG12: 0 | CH12: 524296 | CK12: 4 | EC12: 0
A14: 22 | B14: 0 | C14: 0 | D14: 39507101 | E14: 0 | F14: 3
A16: 3 | B16: 1 | C16: Новая локальная смета | D16: Новая локальная смета | E16: =(Source!F96)/1000 -> 0 | F16: =(Source!F97)/1000 -> 1340.575 | G16: =(Source!F88)/1000 -> 0 | H16: =(Source!F98)/1000+(Source!F99)/1000 -> 0 | I16: =E16+F16+G16+H16 -> 1340.575 | J16: =(Source!F94)/1000 -> 144.00289 | AI16: 0 | AJ16: 0 | AN16: 0 | AT16: 1126858.6 | AU16: 978692.91 | AV16: 0 | AW16: 0 | AX16: 0 | AY16: 4162.84 | AZ16: 475.95 | BA16: 144002.89 | BB16: 0 | BC16: 1340575 | BD16: 0 | BE16: 0 | BF16: 2114.3583 | BG16: 6.8131 | BH16: 0 | BI16: 123989.48 | BJ16: 89726.9 | BK16: 1340575
A18: 51 | E18: =SUMIF(A16:A17,3,E16:E17) -> 0 | F18: =SUMIF(A16:A17,3,F16:F17) -> 1340.575 | G18: =SUMIF(A16:A17,3,G16:G17) -> 0 | H18: =SUMIF(A16:A17,3,H16:H17) -> 0 | I18: =SUMIF(A16:A17,3,I16:I17) -> 1340.575 | J18: =SUMIF(A16:A17,3,J16:J17) -> 144.00289
A20: 50 | B20: 0 | C20: 0 | D20: 1 | E20: 201 | F20: 1126858.6 | G20: ПЗ | H20: Прямые затраты | K20: 201 | L20: 1 | M20: 3 | O20: 2
A21: 50 | B21: 0 | C21: 0 | D21: 1 | E21: 202 | F21: 978692.91 | G21: СтМатОб | H21: Стоимость материальных ресурсов (всего) | K21: 202 | L21: 2 | M21: 3 | O21: 2
A22: 50 | B22: 0 | C22: 0 | D22: 1 | E22: 222 | F22: 0 | G22: СтМатОбЗак | H22: Стоимость материалов и оборудования заказчика | K22: 222 | L22: 3 | M22: 3 | O22: 2
A23: 50 | B23: 0 | C23: 0 | D23: 1 | E23: 225 | F23: 978692.91 | G23: СтМатОбПод | H23: Стоимость материалов и оборудования подрядчика | K23: 225 | L23: 4 | M23: 3 | O23: 2
A24: 50 | B24: 0 | C24: 0 | D24: 1 | E24: 226 | F24: 978692.91 | G24: СтМат | H24: Стоимость материалов (всего) | K24: 226 | L24: 5 | M24: 3 | O24: 2
A25: 50 | B25: 0 | C25: 0 | D25: 1 | E25: 227 | F25: 0 | G25: СтМатЗак | H25: Стоимость материалов заказчика | K25: 227 | L25: 6 | M25: 3 | O25: 2
A26: 50 | B26: 0 | C26: 0 | D26: 1 | E26: 228 | F26: 978692.91 | G26: СтМатПод | H26: Стоимость материалов подрядчика | K26: 228 | L26: 7 | M26: 3 | O26: 2
A27: 50 | B27: 0 | C27: 0 | D27: 1 | E27: 216 | F27: 0 | G27: Оборуд | H27: Стоимость оборудования (всего) | K27: 216 | L27: 8 | M27: 3 | O27: 2
A28: 50 | B28: 0 | C28: 0 | D28: 1 | E28: 223 | F28: 0 | G28: ОборудЗак | H28: Стоимость оборудования заказчика | K28: 223 | L28: 9 | M28: 3 | O28: 2
A29: 50 | B29: 0 | C29: 0 | D29: 1 | E29: 229 | F29: 0 | G29: ОборудПод | H29: Стоимость оборудования подрядчика | K29: 229 | L29: 10 | M29: 3 | O29: 2
A30: 50 | B30: 0 | C30: 0 | D30: 1 | E30: 203 | F30: 4162.84 | G30: ЭММ | H30: Эксплуатация машин | K30: 203 | L30: 11 | M30: 3 | O30: 2
A31: 50 | B31: 0 | C31: 0 | D31: 1 | E31: 231 | F31: 0 | G31: ЭММсНРиСП | H31: Эксплуатация машин по ТСН-2001.16 | K31: 231 | L31: 12 | M31: 3 | O31: 2
... A45: 50 | B45: 0 | C45: 0 | D45: 1 | E45: 224 | F45: 1340575 | G45: Всего | H45: Всего с НР и СП | K45: 224 | L45: 26 | M45: 3 | O45: 2
A47: -1
A50: 75 | B50: Уровень цен | C50: 2018 | D50: 1 | E50: 0 | F50: 0 | G50: 0 | H50: 1 | I50: 0 | J50: 1 | K50: 0 | L50: 0 | M50: 0 | N50: 39507101 | O50: 1
A51: 3 | B51: Индексы за итогом | C51: 6.62 | D51: 1 | E51: 1 | F51: 1 | G51: 1 | H51: 1 | I51: 1 | J51: 1 | K51: 1 | L51: 1 | M51: 6.62 | N51: 1 | O51: 1 | P51: 1 | Q51: 1 | R51: 1

Sheet SmtRes
A1: =ROW(Source!A24) -> 24 | B1: 39507101 | C1: 39508465 | D1: 37071037 | E1: 1 | F1: 1 | G1: 1 | H1: 1 | I1: 1-100-40 | K1: Рабочий среднего разряда 4 | L1: 1191 | N1: 1013 | O1: чел.-ч. | P1: чел.-ч. | Q1: 1 | W1: 0 | X1: 1069510174 | Y1: 74.1 | AA1: 0 | AB1: 0 | AC1: 0 | AD1: 63.68 | AE1: 0 | AF1: 0 | AG1: 0 | AH1: 9.62 | AI1: 1 | AJ1: 1 | AK1: 1 | AL1: 6.62 | AN1: 0 | AO1: 1 | AP1: 0 | AQ1: 0 | AR1: 0 | AT1: 74.1 | AV1: 1 | AW1: 2 | AX1: 39508466 | AY1: 1 | AZ1: 0 | BA1: 1 | BB1: 0 | BC1: 0 | BD1: 0 | BE1: 0 | BF1: 0 | BG1: 0 | BH1: 0 | BI1: 0 | BJ1: 0 | BK1: 0 | BL1: 0 | BM1: 0 | BN1: 0 | BO1: 0 | BP1: 0 | BQ1: 0 | BR1: 0 | BS1: 0 | BT1: 0 | BU1: 0 | BV1: 0 | BW1: 0 | CX1: =Y1*Source!I24 -> 74.1 | CY1: =AD1 -> 63.68 | CZ1: =AH1 -> 9.62 | DA1: =AL1 -> 6.62 | DB1: 0
A2: =ROW(Source!A24) -> 24 | B2: 39507101 | C2: 39508465 | D2: 37064876 | E2: 1 | F2: 1 | G2: 1 | H2: 1 | I2: 4-100-00 | K2: Затраты труда машинистов | L2: 1191 | N2: 1013 | O2: чел.-ч. | P2: чел.-ч. | Q2: 1 | W2: 0 | X2: -1417349443 | Y2: 3.71 | AA2: 0 | AB2: 0 | AC2: 0 | AD2: 0 | AE2: 0 | AF2: 0 | AG2: 0 | AH2: 0 | AI2: 1 | AJ2: 1 | AK2: 6.62 | AL2: 1 | AN2: 0 | AO2: 1 | AP2: 0 | AQ2: 0 | AR2: 0 | AT2: 3.71 | AV2: 2 | AW2: 2 | AX2: 39508467 | AY2: 1 | AZ2: 0 | BA2: 2 | BB2: 0 | BC2: 0 | BD2: 0 | BE2: 0 | BF2: 0 | BG2: 0 | BH2: 0 | BI2: 0 | BJ2: 0 | BK2: 0 | BL2: 0 | BM2: 0 | BN2: 0 | BO2: 0 | BP2: 0 | BQ2: 0 | BR2: 0 | BS2: 0 | BT2: 0 | BU2: 0 | BV2: 0 | BW2: 0 | CX2: =Y2*Source!I24 -> 3.71 | CY2: =AD2 -> 0 | CZ2: =AH2 -> 0 | DA2: =AL2 -> 1 | DB2: 0
A3: =ROW(Source!A24) -> 24 | B3: 39507101 | C3: 39508465 | D3: 36882383 | E3: 1 | F3: 1 | G3: 1 | H3: 2 | I3: 91.06.05-011 | J3: ФСЭМ-2001, 91.06.05-011, приказ Минстроя России №1039/пр от 30.12.2016г. | K3: Погрузчик, грузоподъемность 5 т | L3: 1368 | N3: 1011 | O3: маш.-ч | P3: маш.-ч | Q3: 1 | W3: 0 | X3: 1225731627 | Y3: 3.71 | AA3: 0 | AB3: 595.73 | AC3: 10.06 | AD3: 0 | AE3: 0 | AF3: 89.99 | AG3: 10.06 | AH3: 0 | AI3: 1 | AJ3: 6.62 | AK3: 1 | AL3: 1 | AN3: 0 | AO3: 1 | AP3: 0 | AQ3: 0 | AR3: 0 | AT3: 3.71 | AV3: 0 | AW3: 2 | AX3: 39508468 | AY3: 1 | AZ3: 0 | BA3: 3 | BB3: 0 | BC3: 0 | BD3: 0 | BE3: 0 | BF3: 0 | BG3: 0 | BH3: 0 | BI3: 0 | BJ3: 0 | BK3: 0 | BL3: 0 | BM3: 0 | BN3: 0 | BO3: 0 | BP3: 0 | BQ3: 0 | BR3: 0 | BS3: 0 | BT3: 0 | BU3: 0 | BV3: 0 | BW3: 0 | CX3: =Y3*Source!I24 -> 3.71 | CY3: =AB3 -> 595.73 | CZ3: =AF3 -> 89.99 | DA3: =AJ3 -> 6.62 | DB3: 0
A4: =ROW(Source!A24) -> 24 | B4: 39507101 | C4: 39508465 | D4: 36805396 | E4: 1 | F4: 1 | G4: 1 | H4: 3 | I4: 01.7.19.11-0012 | J4: ФССЦ-2001, 01.7.19.11-0012, приказ Минстроя России №1039/пр от 30.12.2016г. | K4: Трубки резиновые технические для автомобилей АвтоВАЗа и других заводов | L4: 1348 | N4: 1009 | O4: т | P4: т | Q4: 1000 | W4: 0 | X4: 1165150829 | Y4: 2e-05 | AA4: 340142.88 | AB4: 0 | AC4: 0 | AD4: 0 | AE4: 51381.1 | AF4: 0 | AG4: 0 | AH4: 0 | AI4: 6.62 | AJ4: 1 | AK4: 1 | AL4: 1 | AN4: 0 | AO4: 1 | AP4: 0 | AQ4: 0 | AR4: 0 | AT4: 2e-05 | AV4: 0 | AW4: 2 | AX4: 39508469 | AY4: 1 | AZ4: 0 | BA4: 4 | BB4: 0 | BC4: 0 | BD4: 0 | BE4: 0 | BF4: 0 | BG4: 0 | BH4: 0 | BI4: 0 | BJ4: 0 | BK4: 0 | BL4: 0 | BM4: 0 | BN4: 0 | BO4: 0 | BP4: 0 | BQ4: 0 | BR4: 0 | BS4: 0 | BT4: 0 | BU4: 0 | BV4: 0 | BW4: 0 | CX4: =Y4*Source!I24 -> 2e-05 | CY4: =AA4 -> 340142.88 | CZ4: =AE4 -> 51381.1 | DA4: =AI4 -> 6.62 | DB4: 0
A5: =ROW(Source!A24) -> 24 | B5: 39507101 | C5: 39508465 | D5: 36805498 | E5: 1 | F5: 1 | G5: 1 | H5: 3 | I5: 01.7.20.04-0003 | J5: ФССЦ-2001, 01.7.20.04-0003, приказ Минстроя России №1039/пр от 30.12.2016г. | K5: Нитки суровые | L5: 1346 | N5: 1009 | O5: кг | P5: кг | Q5: 1 | W5: 0 | X5: -1012196365 | Y5: 0.001 | AA5: 1026.1 | AB5: 0 | AC5: 0 | AD5: 0 | AE5: 155 | AF5: 0 | AG5: 0 | AH5: 0 | AI5: 6.62 | AJ5: 1 | AK5: 1 | AL5: 1 | AN5: 0 | AO5: 1 | AP5: 0 | AQ5: 0 | AR5: 0 | AT5: 0.001 | AV5: 0 | AW5: 2 | AX5: 39508470 | AY5: 1 | AZ5: 0 | BA5: 5 | BB5: 0 | BC5: 0 | BD5: 0 | BE5: 0 | BF5: 0 | BG5: 0 | BH5: 0 | BI5: 0 | BJ5: 0 | BK5: 0 | BL5: 0 | BM5: 0 | BN5: 0 | BO5: 0 | BP5: 0 | BQ5: 0 | BR5: 0 | BS5: 0 | BT5: 0 | BU5: 0 | BV5: 0 | BW5: 0 | CX5: =Y5*Source!I24 -> 0.001 | CY5: =AA5 -> 1026.1 | CZ5: =AE5 -> 155 | DA5: =AI5 -> 6.62 | DB5: 0
A6: =ROW(Source!A24) -> 24 | B6: 39507101 | C6: 39508465 | D6: 36829535 | E6: 1 | F6: 1 | G6: 1 | H6: 3 | I6: 10.3.02.03-0011 | J6: ФССЦ-2001, 10.3.02.03-0011, приказ Минстроя России №1039/пр от 30.12.2016г. | K6: Припои оловянно-свинцовые бессурьмянистые марки ПОС30 | L6: 1346 | N6: 1009 | O6: кг | P6: кг | Q6: 1 | W6: 0 | X6: 1391681712 | Y6: 0.159 | AA6: 450.49 | AB6: 0 | AC6: 0 | AD6: 0 | AE6: 68.05 | AF6: 0 | AG6: 0 | AH6: 0 | AI6: 6.62 | AJ6: 1 | AK6: 1 | AL6: 1 | AN6: 0 | AO6: 1 | AP6: 0 | AQ6: 0 | AR6: 0 | AT6: 0.159 | AV6: 0 | AW6: 2 | AX6: 39508471 | AY6: 1 | AZ6: 0 | BA6: 6 | BB6: 0 | BC6: 0 | BD6: 0 | BE6: 0 | BF6: 0 | BG6: 0 | BH6: 0 | BI6: 0 | BJ6: 0 | BK6: 0 | BL6: 0 | BM6: 0 | BN6: 0 | BO6: 0 | BP6: 0 | BQ6: 0 | BR6: 0 | BS6: 0 | BT6: 0 | BU6: 0 | BV6: 0 | BW6: 0 | CX6: =Y6*Source!I24 -> 0.159 | CY6: =AA6 -> 450.49 | CZ6: =AE6 -> 68.05 | DA6: =AI6 -> 6.62 | DB6: 0
A7: =ROW(Source!A24) -> 24 | B7: 39507101 | C7: 39508465 | D7: 36853819 | E7: 1 | F7: 1 | G7: 1 | H7: 3 | I7: 20.2.10.03-0021 | J7: ФССЦ-2001, 20.2.10.03-0021, приказ Минстроя России №1039/пр от 30.12.2016г. | K7: Наконечники кабельные П6-4Д-МУЗ | L7: 1355 | N7: 1010 | O7: 100 шт. | P7: 100 шт. | Q7: 100 | W7: 0 | X7: -790444072 | Y7: 0.16 | AA7: 3839.6 | AB7: 0 | AC7: 0 | AD7: 0 | AE7: 580 | AF7: 0 | AG7: 0 | AH7: 0 | AI7: 6.62 | AJ7: 1 | AK7: 1 | AL7: 1 | AN7: 0 | AO7: 1 | AP7: 0 | AQ7: 0 | AR7: 0 | AT7: 0.16 | AV7: 0 | AW7: 2 | AX7: 39508472 | AY7: 1 | AZ7: 0 | BA7: 7 | BB7: 0 | BC7: 0 | BD7: 0 | BE7: 0 | BF7: 0 | BG7: 0 | BH7: 0 | BI7: 0 | BJ7: 0 | BK7: 0 | BL7: 0 | BM7: 0 | BN7: 0 | BO7: 0 | BP7: 0 | BQ7: 0 | BR7: 0 | BS7: 0 | BT7: 0 | BU7: 0 | BV7: 0 | BW7: 0 | CX7: =Y7*Source!I24 -> 0.16 | CY7: =AA7 -> 3839.6 | CZ7: =AE7 -> 580 | DA7: =AI7 -> 6.62 | DB7: 0
A8: =ROW(Source!A24) -> 24 | B8: 39507101 | C8: 39508465 | D8: 36870820 | E8: 1 | F8: 1 | G8: 1 | H8: 3 | I8: 25.2.01.01-0017 | J8: ФССЦ-2001, 25.2.01.01-0017, приказ Минстроя России №1039/пр от 30.12.2016г. | K8: Бирки маркировочные пластмассовые | L8: 1355 | N8: 1010 | O8: 100 шт. | P8: 100 шт. | Q8: 100 | W8: 0 | X8: 1924823676 | Y8: 0.16 | AA8: 203.5 | AB8: 0 | AC8: 0 | AD8: 0 | AE8: 30.74 | AF8: 0 | AG8: 0 | AH8: 0 | AI8: 6.62 | AJ8: 1 | AK8: 1 | AL8: 1 | AN8: 0 | AO8: 1 | AP8: 0 | AQ8: 0 | AR8: 0 | AT8: 0.16 | AV8: 0 | AW8: 2 | AX8: 39508473 | AY8: 1 | AZ8: 0 | BA8: 8 | BB8: 0 | BC8: 0 | BD8: 0 | BE8: 0 | BF8: 0 | BG8: 0 | BH8: 0 | BI8: 0 | BJ8: 0 | BK8: 0 | BL8: 0 | BM8: 0 | BN8: 0 | BO8: 0 | BP8: 0 | BQ8: 0 | BR8: 0 | BS8: 0 | BT8: 0 | BU8: 0 | BV8: 0 | BW8: 0 | CX8: =Y8*Source!I24 -> 0.16 | CY8: =AA8 -> 203.5 | CZ8: =AE8 -> 30.74 | DA8: =AI8 -> 6.62 | DB8: 0
